Workbook
Name _: #REF!
Name ___________NEW2: {"'RATEIO RECEITA BRUTA'!$B$77:$C$106"}
Name ___________NEW2: {"'RATEIO RECEITA BRUTA'!$B$77:$C$106"}
Name ___________NEW2: {"'RATEIO RECEITA BRUTA'!$B$77:$C$106"}
Name ______REC3: #REF!
Name ______REC35: #REF!
Name ______REC4: #REF!
Name ______REP1: #REF!
Name ______REP15: #REF!
Name ______REP2: #REF!
Name ______SE2: #REF!
Name _____REC3: #REF!
Name _____REC35: #REF!
Name _____REC4: #REF!
Name _____REP1: #REF!
Name _____REP15: #REF!
Name _____REP2: #REF!
Name ____adm1: {"'Índice'!$A$1:$K$49"}
Name ____adm1: {"'Índice'!$A$1:$K$49"}
Name ____adm1: {"'Índice'!$A$1:$K$49"}
Name ____PU1: #REF!
Name ____REC3: #REF!
Name ____REC35: #REF!
Name ____REC4: #REF!
Name ____REP1: #REF!
Name ____REP15: #REF!
Name ____REP2: #REF!
Name ____SE2: #REF!
Name ____TA1: #REF!
Name ____TA2: #REF!
Name ___ACC2: '[1]DIF FAT FEV 01'!$X$13:$Y$40
Name ___ACC2: #REF!
Name ___adm1: {"'Índice'!$A$1:$K$49"}
Name ___adm1: {"'Índice'!$A$1:$K$49"}
Name ___adm1: {"'Índice'!$A$1:$K$49"}
Name ___PU1: #REF!
Name ___REC3: #REF!
Name ___REC35: #REF!
Name ___REC4: #REF!
Name ___REP1: #REF!
Name ___REP15: #REF!
Name ___REP2: #REF!
Name ___SE2: #REF!
Name ___TA1: #REF!
Name ___TA2: #REF!
Name ___thinkcellPDLM4DZHWAPEPH5A6BCJ66VLSE: #REF!
Name ___thinkcellPDLM4DZHWAPEPH5A6BCJ66VLSE: #REF!
Name ___thinkcellPDLM4DZHWAPEPH5A6BCJ66VLSE: #REF!
Name ___tq200: #REF!
Name ___tq300: #REF!
Name ___xlfn.IFERROR: #NAME?
Name ___xlfn.RTD: #NAME?
Name __123Graph_A: [2]Assum!$B$12:$B$19
Name __123Graph_A: #REF!
Name __123Graph_ACurrent: '[3]2- Varrição Man.- Imp. de Cesto'!$BD$1:$BN$1
Name __123Graph_ACurrent: #REF!
Name __123Graph_AGraph10: [4]aux!$I$24:$M$24
Name __123Graph_AGraph10: #REF!
Name __123Graph_AGraph11: [4]aux!$I$26:$M$26
Name __123Graph_AGraph11: #REF!

Sheet Base
B3: CONSERVAÇÃO, LIMPEZA, CAPINAÇÃO, DESASSOREAMENTO E REMOÇÃO DE RESÍDUOS SÓLIDOS DEPOSITADOS NO LEITO DO RIO IPOJUCA E NOS CANAIS QUE NELE DESÁGUAM AO LONGO DE SEU PERCURSO
B4: ITEM | C4: SERVIÇOS | D4: UNIDADE | E4: REFERÊNCIA | F4: CÓDIGO | G4: QUANT. MENSAL | H4: QUANT. ANUAL | I4: PREÇO UNIT. COM BDI | K4: VALOR MENSAL | L4: VALOR ANUAL | N4: % do Orçamento | O4: 50% do quantitativo mensal | P4: 50% do quantitativo anual
B5: 1 | C5: Execução de serviço com escavadeira hidráulica sob esteira convencional para retirada de resíduos sólidos e regularização de taludes em margens de rio. | D5: m³ | E5: SINAPI | F5: 102287 | G5: ='1. Escavadeira'!J35 -> 37260 | H5: =G5*12 -> 447120 | I5: ='1. Escavadeira'!J39 -> 15.88 | K5: =TRUNC(I5*G5,2) -> 591688.8 | L5: =TRUNC(K5*12,2) -> 7100265.6 | N5: =L5/$L$19 -> 0.31014554 | O5: =ROUND(G5/2,2) -> 18630 | P5: =ROUND(H5/2,2) -> 223560
B6: 2 | C6: Execução de serviço com retroescavadeira para retirada de resíduos sólidos e regularização de taludes em margens de córregos ou canais. | D6: m³ | E6: SINAPI | F6: 90100 | G6: ='2. Retro '!J43 -> 15002 | H6: =G6*12 -> 180024 | I6: ='2. Retro '!J47 -> 17.27 | K6: =TRUNC(I6*G6,2) -> 259084.54 | L6: =TRUNC(K6*12,2) -> 3109014.5 | N6: =L6/$L$19 -> 0.13580435 | O6: =ROUND(G6/2,2) -> 7501 | P6: =ROUND(H6/2,2) -> 90012
B7: 3 | C7: Execução de serviço com minicarregadeira sobre rodas para retirada de resíduos sólidos em córregos e canais edificados. | D7: m³ | E7: Composição | F7: 1 | G7: ='3. Comp 1. Minicarregadeira'!J124 -> 7353 | H7: =G7*12 -> 88236 | I7: ='3. Comp 1. Minicarregadeira'!J128 -> 5.49 | K7: =TRUNC(I7*G7,2) -> 40367.97 | L7: =TRUNC(K7*12,2) -> 484415.64 | N7: =L7/$L$19 -> 0.021159681 | O7: =ROUND(G7/2,2) -> 3676.5 | P7: =ROUND(H7/2,2) -> 44118
B8: 4 | C8: Execução de serviço de escavação com o uso de trator de esteiras. | D8: Hora | E8: Composição | F8: 2 | G8: ='4. Comp 2. Trator de Esteiras'!J86 -> 200 | H8: =G8*12 -> 2400 | I8: ='4. Comp 2. Trator de Esteiras'!J90 -> 344.07 | K8: =TRUNC(I8*G8,2) -> 68814 | L8: =TRUNC(K8*12,2) -> 825768 | N8: =L8/$L$19 -> 0.036070237 | O8: =ROUND(G8/2,2) -> 100 | P8: =ROUND(H8/2,2) -> 1200
B9: 5 | C9: Execução de dragagem de rio com uso de draga. | D9: Hora | E9: Composição | F9: 3 | G9: ='5. Comp 3. Draga'!J85 -> 180 | H9: =G9*12 -> 2160 | I9: ='5. Comp 3. Draga'!J89 -> 1265.57 | K9: =TRUNC(I9*G9,2) -> 227802.6 | L9: =TRUNC(K9*12,2) -> 2733631.2 | N9: =L9/$L$19 -> 0.1194073 | O9: =ROUND(G9/2,2) -> 90 | P9: =ROUND(H9/2,2) -> 1080
B10: 6 | C10: Mobilização e desmobilização de equipamentos em cavalo mecânico com semirreboque. | D10: Hora | E10: Composição | F10: 4 | G10: =Produtividade!E55 -> 50 | H10: =G10*12 -> 600 | I10: ='6. Comp 4. Cavalo Mecânico'!J74 -> 526.74 | K10: =TRUNC(I10*G10,2) -> 26337 | L10: =TRUNC(K10*12,2) -> 316044 | N10: =L10/$L$19 -> 0.013805066 | O10: =ROUND(G10/2,2) -> 25 | P10: =ROUND(H10/2,2) -> 300
B11: 7 | C11: Execução de serviço de limpeza e capinação de margem do rio. | D11: m² | E11: Composição | F11: 5 | G11: ='7. Comp 5. Limpeza do Rio'!J248 -> 15000 | H11: =G11*12 -> 180000 | I11: =TRUNC('7. Comp 5. Limpeza do Rio'!J252,2) -> 7.69 | K11: =TRUNC(I11*G11,2) -> 115350 | L11: =TRUNC(K11*12,2) -> 1384200 | N11: =L11/$L$19 -> 0.060463015 | O11: =ROUND(G11/2,2) -> 7500 | P11: =ROUND(H11/2,2) -> 90000
B12: 8 | C12: Execução de serviço de remoção de plantas aquáticas. | D12: m² | E12: Composição | F12: 6 | G12: ='8. Comp 6. Remoção de Plantas A'!J145 -> 42666.667 | H12: =G12*12 -> 512000 | I12: =TRUNC('8. Comp 6. Remoção de Plantas A'!J149,2) -> 1.72 | K12: =TRUNC(I12*G12,2) -> 73386.66 | L12: =TRUNC(K12*12,2) -> 880639.92 | N12: =L12/$L$19 -> 0.038467089 | O12: =ROUND(G12/2,2) -> 21333.33 | P12: =ROUND(H12/2,2) -> 256000
B13: 9 | C13: Execução de serviço de escavação mecânica em canal (não edificado) com o uso de escavadeira hidráulica anfíbia. | D13: m³ | E13: Composição | F13: 7 | G13: ='9. Comp 7. Hidráulica Anfíbia'!J120 -> 2100.36 | H13: =G13*12 -> 25204.32 | I13: ='9. Comp 7. Hidráulica Anfíbia'!J124 -> 70.36 | K13: =TRUNC(I13*G13,2) -> 147781.32 | L13: =TRUNC(K13*12,2) -> 1773375.8 | N13: =L13/$L$19 -> 0.077462541 | O13: =ROUND(G13/2,2) -> 1050.18 | P13: =ROUND(H13/2,2) -> 12602.16
B14: 10 | C14: Execução de serviço de escavação mecânica em canal (não edificado) com o uso de escavadeira hidráulica de braço longo. | D14: m³ | E14: Composição | F14: 8 | G14: ='10. Comp 8. Escavadeira Hidrául'!J120 -> 4802.4 | H14: =G14*12 -> 57628.8 | I14: ='10. Comp 8. Escavadeira Hidrául'!J124 -> 17.08 | K14: =TRUNC(I14*G14,2) -> 82024.99 | L14: =TRUNC(K14*12,2) -> 984299.88 | N14: =L14/$L$19 -> 0.042995043 | O14: =ROUND(G14/2,2) -> 2401.2 | P14: =ROUND(H14/2,2) -> 28814.4
B15: 11 | C15: Demolição e tratamento de resíduos de entulho com espalhamento em vias de vicinais (exclusive transporte). | D15: m³ | E15: Composição | F15: 9 | G15: ='11. Comp 9. Demolição e tratam'!J70 -> 999.99981 | H15: =G15*12 -> 11999.998 | I15: ='11. Comp 9. Demolição e tratam'!J74 -> 116.8 | K15: =TRUNC(I15*G15,2) -> 116799.97 | L15: =TRUNC(K15*12,2) -> 1401599.6 | N15: =L15/$L$19 -> 0.061223045 | P15: =ROUND(H15/2,2) -> 6000
B16: 12 | C16: Transporte de resíduos e assoreamento em caminhão basculante (Até 30 km). | D16: m³ x Km | E16: SINAPI | F16: 95875 | G16: ='12 e 13. Transporte de Resíduos'!C53 -> 42000 | H16: =G16*12 -> 504000 | I16: ='12 e 13. Transporte de Resíduos'!J74 -> 3.39 | K16: =TRUNC(I16*G16,2) -> 142380 | L16: =TRUNC(K16*12,2) -> 1708560 | N16: =L16/$L$19 -> 0.074631331 | P16: =ROUND(H16/2,2) -> 252000
B17: 13 | C17: Transporte de resíduos e assoreamento em caminhão basculante (Acima de 30 km). | D17: m³ x Km | E17: SINAPI | F17: 93590 | G17: ='12 e 13. Transporte de Resíduos'!C59 -> 12000 | H17: =G17*12 -> 144000 | I17: ='12 e 13. Transporte de Resíduos'!J87 -> 1.33 | K17: =TRUNC(I17*G17,2) -> 15960 | L17: =TRUNC(K17*12,2) -> 191520 | N17: =L17/$L$19 -> 0.0083657539 | P17: =ROUND(H17/2,2) -> 72000
K18: =SUM(K5:K17) -> 1907777.9 | L18: =SUM(L5:L17) -> 22893334 | N18: =SUM(N5:N17) -> 1
B19: VALOR TOTAL DO CONTRATO (12 meses) | L19: =L18*1 -> 22893334
J21: TAXA Selic (Dezembro/25) | L21: 0.15
J22: TAXA DE ADM | L22: =+'ADM - LOCAL'!J75 -> 0.046434248
J23: BDI DESONERADO | L23: ='BDI - Desonerado'!D25 -> 0.299

Sheet 1. Escavadeira
B3: =UPPER(Base!C5) -> EXECUÇÃO DE SERVIÇO COM ESCAVADEIRA HIDRÁULICA SOB ESTEIRA CONVENCIONAL PARA RETIRADA DE RESÍDUOS SÓLIDOS E REGULARIZAÇÃO DE TALUDES EM MARGENS DE RIO.
B4: COMPOSIÇÃO DE CUSTOS
B6: DADOS OPERACIONAIS
B7: Dias Efetivos Mensais: | C7: ='ADM - LOCAL'!C10 -> 25 | D7: dias
B8: Horas diárias | C8: 8 | D8: horas
B9: Minutos diários | C9: =C8*60 -> 480 | D9: minutos
B11: Dias Efetivos Mensais¹
B12: ¹ Os 25 dias correspondem a serviços realizados de segunda a sábado (365 dias – 52 domingos – 10 feriados, dividido por 12 meses).
B14: DIMENSIONAMENTO
B15: Produção da Equipe | C15: =Produtividade!D20 -> 168.15 | D15: m³/h
B16: Comprimento do Rio | C16: =Produtividade!D$26 -> 69800 | D16: m
B17: Largura do Rio | C17: =Produtividade!E$26 -> 20 | D17: m
B18: Altura do Rio | C18: =Produtividade!F$26 -> 0.1 | D18: m
B19: Área do Rio | C19: =Produtividade!G$26 -> 1396000 | D19: m²
B20: Volume | C20: =Produtividade!H$26 -> 139600 | D20: m³
B21: Frequência de Limpeza | C21: =Produtividade!I$26 -> 3.203 | D21: und
B22: Horas ano | C22: =Produtividade!L$26 -> 2659 | D22: H/ano
B23: Horas mês em função do Cálculo | C23: =Produtividade!M$26 -> 221.58333 | D23: H/mês
B24: Quant de Escavadeiras | C24: =Produtividade!N26 -> 2 | D24: unid.
B25: Quantidade de Serviço | C25: =ROUNDUP(Produtividade!D20*C23,0) -> 37260 | D25: m³
B26: SINAPI - 102287 | C26: ='Insumos, Materiais e Equipament'!D75 -> 11.69 | D26: R$
B29: COMPOSIÇÃO DO CUSTO UNITÁRIO
B31: Composição do Custo Unitário | J31: Subtotal
B32: Custo Direto | J32: =C26*C25 -> 435569.4
B33: Custo com Administração | I33: ='ADM - LOCAL'!J75 -> 0.046434248 | J33: =TRUNC(J32*I33,2) -> 20225.33
B34: Total dos Custos | J34: =J32+J33 -> 455794.73
B35: Quantidade de Serviço | I35: m³ | J35: =ROUNDUP(Produtividade!D20*C23,0) -> 37260
B37: CUSTO UNITÁRIO DO SERVIÇO | I37: R$/m³ | J37: =TRUNC(J34/J35,2) -> 12.23
B38: BDI | I38: ='BDI - Desonerado'!D25 -> 0.299 | J38: =TRUNC(J37*I38,2) -> 3.65
B39: PREÇO UNITÁRIO | I39: R$/m³ | J39: =J37+J38 -> 15.88

Sheet 2. Retro 
B3: =UPPER(Base!C6) -> EXECUÇÃO DE SERVIÇO COM RETROESCAVADEIRA PARA RETIRADA DE RESÍDUOS SÓLIDOS E REGULARIZAÇÃO DE TALUDES EM MARGENS DE CÓRREGOS OU CANAIS.
B4: COMPOSIÇÃO DE CUSTOS
B6: DADOS OPERACIONAIS
B7: Dias Efetivos Mensais: | C7: ='ADM - LOCAL'!C10 -> 25 | D7: dias
B8: Horas diárias | C8: 8 | D8: horas
B9: Minutos diários | C9: =C8*60 -> 480 | D9: minutos
B11: Dias Efetivos Mensais¹
B12: ¹ Os 25 dias correspondem a serviços realizados de segunda a sábado (365 dias – 52 domingos – 10 feriados, dividido por 12 meses).
B14: PRODUTIVIDADE
B15: Item | C15: Origem | E15: Comprimento (m) | F15: Largura (m) | G15: Altura (m) | H15: Área (m²) | I15: Taxa de Resíduo | J15: Volume de Resíduos Anual (m³)
B16: 1 | C16: Minicarregadeira | E16: =Produtividade!D28 -> 22952 | F16: =Produtividade!E28 -> 4.5 | G16: 0.01 | H16: =TRUNC(E16*F16,2) -> 103284 | I16: 1 | J16: =TRUNC(G16*H16*I16,2) -> 1032.84
B17: 2 | C17: Limpeza de rios | E17: =Produtividade!D26 -> 69800 | F17: =Produtividade!E26 -> 20 | G17: 0.01 | H17: =TRUNC(E17*F17,2) -> 1396000 | I17: 0.3 | J17: =TRUNC(G17*H17*I17,2) -> 4188
B18: 3 | C18: Limpeza baronesa | E18: =TRUNC('8. Comp 6. Remoção de Plantas A'!C24*'8. Comp 6. Remoção de Plantas A'!C26,2) -> 25600 | F18: ='8. Comp 6. Remoção de Plantas A'!C25 -> 20 | G18: 0.01 | H18: =TRUNC(E18*F18,2) -> 512000 | I18: 0.3 | J18: =TRUNC(G18*H18*I18,2) -> 1536
B19: 4 | C19: Limpeza canais | E19: =Produtividade!D27 -> 69000 | F19: =Produtividade!E27 -> 8 | G19: 0.01 | H19: =TRUNC(E19*F19,2) -> 552000 | I19: 0.3 | J19: =TRUNC(G19*H19*I19,2) -> 1656
B20: Total | J20: =TRUNC(SUM(J16:J19),2) -> 8412.84
J21: =(J20/12)/Produtividade!J20 -> 199.73504
B22: DIMENSIONAMENTO
B23: Produção da Equipe | C23: =Produtividade!F20 -> 53.77 | D23: m³/h
B24: Comprimento do Rio | C24: =Produtividade!D$27 -> 69000 | D24: m
B25: Largura do Rio | C25: =Produtividade!E$27 -> 8 | D25: m
B26: Altura do Rio | C26: =Produtividade!F$27 -> 0.1 | D26: m
B27: Área do Rio | C27: =Produtividade!G$27 -> 552000 | D27: m²
B28: Volume | C28: =Produtividade!H$27 -> 55200 | D28: m³
B29: Frequência de Limpeza | C29: =Produtividade!I27 -> 3.260699 | D29: und
B30: Horas ano | C30: =Produtividade!L$27 -> 3347 | D30: H/ano
B31: Horas mês em função do Cálculo | C31: =Produtividade!M$27 -> 279 | D31: H/mês
B32: Quant de Escavadeiras | C32: =Produtividade!N$27 -> 2 | D32: unid.
B33: Quantidade de Serviço | C33: =ROUNDUP(Produtividade!F20*C31,0) -> 15002 | D33: m³
B34: SINAPI - 90100 | C34: ='Insumos, Materiais e Equipament'!D76 -> 12.71 | D34: R$
B37: COMPOSIÇÃO DO CUSTO UNITÁRIO
B39: Composição do Custo Unitário | J39: Subtotal
B40: Custo Direto | J40: =C33*C34 -> 190675.42
B41: Custo com Administração | I41: ='ADM - LOCAL'!J75 -> 0.046434248 | J41: =TRUNC(J40*I41,2) -> 8853.86
B42: Total dos Custos | J42: =J40+J41 -> 199529.28
B43: Quantidade de serviço | I43: m³ | J43: =ROUND((Produtividade!F20*C31),0) -> 15002
B45: CUSTO UNITÁRIO DO SERVIÇO | I45: R$/m³ | J45: =TRUNC(J42/J43,2) -> 13.3
B46: BDI | I46: ='BDI - Desonerado'!D25 -> 0.299 | J46: =TRUNC(J45*I46,2) -> 3.97
B47: PREÇO UNITÁRIO | I47: R$/m³ | J47: =J45+J46 -> 17.27

Sheet 3. Comp 1. Minicarregadeira
B3: =UPPER(Base!C7) -> EXECUÇÃO DE SERVIÇO COM MINICARREGADEIRA SOBRE RODAS PARA RETIRADA DE RESÍDUOS SÓLIDOS EM CÓRREGOS E CANAIS EDIFICADOS.
B4: COMPOSIÇÃO DE CUSTOS
B6: DADOS OPERACIONAIS
B7: Dias Efetivos Mensais: | C7: ='ADM - LOCAL'!C10 -> 25 | D7: dias
B8: Horas diárias | C8: 8 | D8: horas
B9: Minutos diários | C9: =C8*60 -> 480 | D9: minutos
B11: Dias Efetivos Mensais¹
B12: ¹ Os 25 dias correspondem a serviços realizados de segunda a sábado (365 dias – 52 domingos – 10 feriados, dividido por 12 meses).
B14: PRODUTIVIDADE
B15: Item | C15: Origem | E15: Comprimento (m) | F15: Largura (m) | G15: Altura (m) | H15: Área (m²) | I15: Taxa de Resíduo | J15: Volume de Resíduos Anual (m³)
B16: 1 | C16: Minicarregadeira | E16: =Produtividade!D28 -> 22952 | F16: =Produtividade!E28 -> 4.5 | G16: 0.01 | H16: =TRUNC(E16*F16,2) -> 103284 | I16: 1 | J16: =TRUNC(G16*H16*I16,2) -> 1032.84
B17: 2 | C17: Limpeza de rios | E17: =Produtividade!D26 -> 69800 | F17: =Produtividade!E26 -> 20 | G17: 0.01 | H17: =TRUNC(E17*F17,2) -> 1396000 | I17: 0.3 | J17: =TRUNC(G17*H17*I17,2) -> 4188
B18: 3 | C18: Limpeza baronesa | E18: =TRUNC('8. Comp 6. Remoção de Plantas A'!C24*'8. Comp 6. Remoção de Plantas A'!C26,2) -> 25600 | F18: ='8. Comp 6. Remoção de Plantas A'!C25 -> 20 | G18: 0.01 | H18: =TRUNC(E18*F18,2) -> 512000 | I18: 0.3 | J18: =TRUNC(G18*H18*I18,2) -> 1536
B19: 4 | C19: Limpeza canais | E19: =Produtividade!D27 -> 69000 | F19: =Produtividade!E27 -> 8 | G19: 0.01 | H19: =TRUNC(E19*F19,2) -> 552000 | I19: 0.3 | J19: =TRUNC(G19*H19*I19,2) -> 1656
B20: Total | J20: =TRUNC(SUM(J16:J19),2) -> 8412.84
J21: =(J20/12)/Produtividade!J20 -> 199.73504
B22: DIMENSIONAMENTO
B23: Produção da Equipe | C23: =Produtividade!H20 -> 36.765 | D23: m³/h
B24: Comprimento do Rio | C24: =Produtividade!D28 -> 22952 | D24: m
B25: Altura do Rio | C25: =Produtividade!F28 -> 0.1 | D25: m
B26: Largura do Rio | C26: =Produtividade!E28 -> 4.5 | D26: m
B27: Área do Rio | C27: =Produtividade!G28 -> 103284 | D27: m²
B28: Volume | C28: =Produtividade!H28 -> 10328.4 | D28: m³
B29: Frequência de Limpeza | C29: =Produtividade!I28 -> 4.5 | D29: und
B30: Horas ano | C30: =Produtividade!L28 -> 1264 | D30: H/ano
B31: Horas mês | C31: =Produtividade!M28 -> 105.33333 | D31: H/mês
B32: Horas mês em função da Produtividade* | C32: =CEILING(C31,200) -> 200 | D32: H/mês
B33: Quant de Escavadeiras | C33: =Produtividade!N28 -> 1 | D33: unid.
B35: MÃO DE OBRA DIRETA
B36: Mão de Obra Direta | C36: Quantidade | D36: Reserva | E36: Total
B37: Operador de Máquinas Pesadas | C37: =C42 -> 1 | D37: 0 | E37: =C37+D37 -> 1
B38: Total de Funcionários | C38: - | D38: - | E38: =E37 -> 1
B40: VEÍCULOS
B41: Mão de Obra Direta | C41: Quantidade | D41: Reserva | E41: Total
B42: Minicarregadeira | C42: =C33 -> 1 | D42: 0 | E42: =C42+D42 -> 1
B43: Total de Funcionários | C43: - | D43: - | E43: =E42 -> 1
B45: Operador | E45: Quant | G45: Valor Mensal | I45: Subtotal
B46: Salário Base | E46: 1 | F46: x R$ | G46: ='Insumos, Materiais e Equipament'!D7 -> 4628.72 | H46: = R$ | I46: =G46*E46 -> 4628.72
B47: Hora Extra | E47: 0 | F47: x R$ | G47: =G46/220*1.5 -> 31.559455 | H47: = R$ | I47: =E47*G47 -> 0
B48: Insalubridade (% Sal. Mín.) | D48: 0 | E48: 1 | F48: x R$ | G48: =G46*D48 -> 0 | H48: = R$ | I48: =G48*D48 -> 0
B49: Domingo/Feriados | F49: x R$ | G49: =G46/220*2*8 -> 336.63418 | H49: = R$ | I49: -
B50: Adicional Noturno | E50: 0 | F50: x R$ | G50: =G46*14.48% -> 670.23866 | H50: = R$ | I50: =G50*E50 -> 0
B51: Encargos Sociais | D51: ='Encargos Sociais'!C44 -> 0.8435 | H51: = R$ | I51: =D51*G46 -> 3904.3253
B52: Benefício Social | E52: 1 | F52: x R$ | G52: - | H52: = R$ | I52: -
B53: PPR | D53: 0 | E53: 1 | G53: - | H53: = R$ | I53: -
B54: Total Motorista | F54: x R$ | G54: =SUM(I46:I53) -> 8533.0453 | J54: =G54 -> 8533.0453
B56: Operador | E56: Quant | G56: Valor Unit | I56: Subtotal
C57: Bota botina Segurança Ocupacional EPI | E57: 2 | F57: par/ano x R$ | G57: ='Banco de Preços'!$I$10 -> 88.73 | H57: /par ÷ 12 | I57: =E57*G57/12 -> 14.788333
C58: Boné | E58: 2 | F58: un./ano x R$ | G58: ='Banco de Preços'!$I$11 -> 19.56 | H58: /un. ÷ 12 | I58: =E58*G58/12 -> 3.26
C59: Calça de brim com fita reflexiva | E59: 2 | F59: un/ano x R$ | G59: ='Insumos, Materiais e Equipament'!$D$23 -> 70.1 | H59: /un. ÷ 12 | I59: =E59*G59/12 -> 11.683333
C60: Protetor Auricular | E60: 2 | F60: un/ano x R$ | G60: ='Insumos, Materiais e Equipament'!$D$51 -> 49.11 | H60: /un. ÷ 12 | I60: =E60*G60/12 -> 8.185
C61: Camisa de manga longa com fita reflexiva com UV | E61: 2 | F61: un/ano x R$ | G61: ='Banco de Preços'!$I$8 -> 49.5 | H61: /un. ÷ 12 | I61: =E61*G61/12 -> 8.25
C62: Protetor solar | E62: 2 | F62: un./ano x R$ | G62: ='Banco de Preços'!$I$37 -> 26.16 | H62: /un. ÷ 12 | I62: =E62*G62/12 -> 4.36
B63: Custo Uniformes Operador | F63: Motorista | G63: 1 | H63: x R$ | I63: =SUM(I57:I62) -> 50.526667 | J63: =I63*G63 -> 50.526667
B65: Motorista de caminhão basculante | E65: Quant | G65: Valor Mensal | I65: Subtotal
B66: Vale Alimentação/Refeição | E66: 1 | F66: x R$ | G66: ='Insumos, Materiais e Equipament'!$D$16 -> 375 | H66: = R$ | I66: =E66*G66 -> 375
B67: Vale Transporte | E67: =E66 -> 1 | F67: x R$ | G67: =$C$7*'Insumos, Materiais e Equipament'!$D$17*2-0.06*G46 -> -37.7232 | H67: = R$ | I67: 0
B68: Total Motorista | F68: x R$ | G68: =TRUNC(SUM(I66:I67),2) -> 375 | I68: = R$ | J68: =G68 -> 375
B70: A – Equipamento | D70: Quantidade (hora) | E70: Utilização | G70: Custo Operacional | I70: Custo Total Mês
B71: Minicarregadeira | D71: =C7*C8 -> 200 | E71: Operativa | F71: Improdutiva | G71: Operativa | H71: Improdutiva | I71: =(D71*E72)*G72+(D71*F72)*H72 -> 20779.04
E72: 0.7 | F72: =1-E72 -> 0.3 | G72: =I115 -> 138.655 | H72: =I116 -> 22.789
B73: Quantidade de Máquinas | I73: =C33 -> 1
B74: Custo Mensal do Equipamento | I74: =I71 -> 20779.04
B76: B – Mão de Obra | F76: Quantidade | G76: Custo da Mão de Obra | I76: Custo Total Mês
B77: Operador | F77: =C42 -> 1 | G77: =SUM(J68,J63,J54) -> 8958.572 | I77: =G77*F77 -> 8958.572
B78: Custo Mensal da Mão de Obra | I78: =SUM(I77) -> 8958.572
B79: Custo Direto | I79: =ROUND(I74+I78,2) -> 29737.61
B81: Composição de custos unitários
B82: =B42 -> Minicarregadeira
C83: Equipamento | D83: Implemento
B84: Valor de Aquisição (VA) | C84: ='Insumos, Materiais e Equipament'!D57 -> 466463.38
B85: Valor Residual (VR) | C85: =C84*E85 -> 139939.01 | E85: 0.3
B86: Vida Útil (VU) | C86: 5 | E86: anos
B87: Vida Útil (horas) | C87: =190*5*12 -> 11400 | E87: horas
B88: Horas de Trabalho Anual (HT) | C88: =D71*12 -> 2400 | E88: horas
B89: Juros (JU) | C89: =Base!L21 -> 0.15
B90: Fator de Manutenção (FM) | C90: 0.7 | E90: Sicro 2 - E9096
B91: Potência (kw) | C91: 45.45 | E91: Sicro 2 - E9096
B92: Fator de Consumo (FC) | C92: =11.4/C91 -> 0.25082508 | E92: Sicro 2 - E9096
B93: Preço do Combustível (CO) | C93: ='Insumos, Materiais e Equipament'!D35 -> 5.39 | E93: cotação
B94: Reserva Técnica (RT) | C94: 0.05 | E94: -
B96: DETALHAMENTO DOS CÁLCULOS
B98: Equipamento | C98: Implemento | D98: SubTotal | F98: Equipamento | G98: Implemento | H98: SubTotal
B99: Depreciação e Custo de Aquisição | F99: Manutenção
B100: =(C84-C85)/(C86*C88) -> 27.210364 | C100: =(D84-D85)/(C86*C88) -> 0 | D100: =C100+B100 -> 27.210364 | F100: =(C84*C90)/(C86*C88) -> 27.210364 | G100: =(D84*C90)/(C86*C88) -> 0 | H100: =G100+F100 -> 27.210364
B101: =(VA-VR)/(VU*HT) | F101: =(VA*FM)/(VU*HT)
B103: Investimento Médio (IM) | F103: Operação
B104: =(((C86)+1)*C84)/(2*C86) -> 279878.03 | C104: =(((D86)+1)*D84)/(2*C86) -> 0 | F104: =C91*C92*C93 -> 61.446 | G104: =D91*D92*C93 -> 0 | H104: =G104+F104 -> 61.446
B105: =(((VU)+1)*VA)/(2*VU) | F105: =kw*FC*CO
B107: Juros (JR) | F107: Reserva Técnica
B108: =(B104*C89)/C88 -> 17.492377 | C108: =(C104*C89)/C88 -> 0 | D108: =C108+B108 -> 17.492377 | F108: =(B108+B112+B100)*C94 -> 2.3809068 | G108: =(C108+C112+C100)*C94 -> 0 | H108: =G108+F108 -> 2.3809068
B109: =(IM*JU)/HT | F109: =(DEP+JR+IS)*RT
B111: Impostos e Seguros (IS)
B112: =((C86+1)*C84*0.025)/(2*(C86*C88)) -> 2.9153961 | C112: =((C86+1)*D84*0.025)/(2*(C86*C88)) -> 0 | D112: =C112+B112 -> 2.9153961
B113: =((VU+1)*VA*0,025)/(2*(HT*B13))
B115: Custo Horário Produtivo | I115: =ROUND(B100+C100+B108+C108+B112+C112+F100+G100+F104+G104+F108+G108,3) -> 138.655
B116: Custo Horário Improdutivo | I116: =ROUND(B108+C108+B112+C112+F108+G108,3) -> 22.789
B118: COMPOSIÇÃO DO CUSTO UNITÁRIO
B120: Composição do Custo Unitário | J120: Subtotal
B121: Custo Direto | J121: =I79 -> 29737.61
...

Sheet 4. Comp 2.  Trator de Esteiras
B3: =UPPER(Base!C8) -> EXECUÇÃO DE SERVIÇO DE ESCAVAÇÃO COM O USO DE TRATOR DE ESTEIRAS.
B4: COMPOSIÇÃO DE CUSTOS
B6: DADOS OPERACIONAIS
B7: Dias Efetivos Mensais: | C7: ='ADM - LOCAL'!C10 -> 25 | D7: dias
B8: Horas diárias | C8: 8 | D8: horas
B9: Minutos diários | C9: =C8*60 -> 480 | D9: minutos
B11: Dias Efetivos Mensais¹
B12: ¹ Os 25 dias correspondem a serviços realizados de segunda a sábado (365 dias – 52 domingos – 10 feriados, dividido por 12 meses).
B14: PRODUTIVIDADE
B15: Item | C15: Origem | E15: Comprimento (m) | F15: Largura (m) | G15: Altura (m) | H15: Área (m²) | I15: Taxa de Resíduo | J15: Volume de Resíduos Anual (m³)
B16: 1 | C16: Minicarregadeira | E16: =Produtividade!D28 -> 22952 | F16: =Produtividade!E28 -> 4.5 | G16: 0.01 | H16: =TRUNC(E16*F16,2) -> 103284 | I16: 1 | J16: =TRUNC(G16*H16*I16,2) -> 1032.84
B17: 2 | C17: Limpeza de rios | E17: =Produtividade!D26 -> 69800 | F17: =Produtividade!E26 -> 20 | G17: 0.01 | H17: =TRUNC(E17*F17,2) -> 1396000 | I17: 0.3 | J17: =TRUNC(G17*H17*I17,2) -> 4188
B18: 3 | C18: Limpeza baronesa | E18: =TRUNC('8. Comp 6. Remoção de Plantas A'!C24*'8. Comp 6. Remoção de Plantas A'!C26,2) -> 25600 | F18: ='8. Comp 6. Remoção de Plantas A'!C25 -> 20 | G18: 0.01 | H18: =TRUNC(E18*F18,2) -> 512000 | I18: 0.3 | J18: =TRUNC(G18*H18*I18,2) -> 1536
B19: 4 | C19: Limpeza canais | E19: =Produtividade!D27 -> 69000 | F19: =Produtividade!E27 -> 8 | G19: 0.01 | H19: =TRUNC(E19*F19,2) -> 552000 | I19: 0.3 | J19: =TRUNC(G19*H19*I19,2) -> 1656
B20: Total | J20: =TRUNC(SUM(J16:J19),2) -> 8412.84
J21: =(J20/12)/Produtividade!J20 -> 199.73504
B22: DIMENSIONAMENTO
B23: Produção da Equipe | C23: =Produtividade!F20 -> 53.77 | D23: m³/h
B24: Comprimento do Rio | C24: =Produtividade!D$31 -> 13960 | D24: m
B25: Largura do Rio | C25: =Produtividade!E$31 -> 20 | D25: m
B26: Altura do Rio | C26: =Produtividade!F$31 -> 0.1 | D26: m
B27: Área do Rio | C27: =Produtividade!G$31 -> 279200 | D27: m²
B28: Volume | C28: =Produtividade!H$31 -> 27920 | D28: m³
B29: Frequência de Limpeza | C29: =Produtividade!I31 -> 4.5 | D29: und
B30: Horas ano | C30: =Produtividade!L$31 -> 2337 | D30: H/ano
B31: Horas mês | C31: =Produtividade!M$31 -> 194.75 | D31: H/mês
B32: Horas mês em função da Produtividade* | C32: =CEILING(C31,200) -> 200 | D32: H/mês
B33: Quant de Escavadeiras | C33: =Produtividade!N31 -> 1 | D33: unid.
B35: MÃO DE OBRA DIRETA
B36: Mão de Obra Direta | C36: Quantidade | D36: Reserva | E36: Total
B37: Operador de Máquinas Pesadas | C37: =C42 -> 1 | D37: 0 | E37: =C37+D37 -> 1
B38: Total de Funcionários | C38: - | D38: - | E38: =E37 -> 1
B40: VEÍCULOS
B41: Mão de Obra Direta | C41: Quantidade | D41: Reserva | E41: Total
B42: Trator de Esteiras | C42: =C33 -> 1 | D42: 0 | E42: =C42+D42 -> 1
B43: Total de Funcionários | C43: - | D43: - | E43: =E42 -> 1
B45: Operador | E45: Quant | G45: Valor Mensal | I45: Subtotal
B46: Salário Base | E46: 1 | F46: x R$ | G46: ='Insumos, Materiais e Equipament'!D7 -> 4628.72 | H46: = R$ | I46: =G46*E46 -> 4628.72
B47: Hora Extra | E47: 0 | F47: x R$ | G47: =G46/220*1.5 -> 31.559455 | H47: = R$ | I47: =E47*G47 -> 0
B48: Insalubridade (% Sal. Mín.) | D48: 0 | E48: 1 | F48: x R$ | G48: =G46*D48 -> 0 | H48: = R$ | I48: =G48*D48 -> 0
B49: Domingo/Feriados | F49: x R$ | G49: =G46/220*2*8 -> 336.63418 | H49: = R$ | I49: -
B50: Adicional Noturno | E50: 0 | F50: x R$ | G50: =G46*14.48% -> 670.23866 | H50: = R$ | I50: =G50*E50 -> 0
B51: Encargos Sociais | D51: ='Encargos Sociais'!C44 -> 0.8435 | H51: = R$ | I51: =D51*G46 -> 3904.3253
B52: Benefício Social | E52: 1 | F52: x R$ | G52: - | H52: = R$ | I52: -
B53: PPR | D53: 0 | E53: 1 | G53: - | H53: = R$ | I53: -
B54: Total Motorista | F54: x R$ | G54: =SUM(I46:I53) -> 8533.0453 | J54: =G54 -> 8533.0453
B56: Operador | E56: Quant | G56: Valor Unit | I56: Subtotal
C57: Bota botina Segurança Ocupacional EPI | E57: 2 | F57: par/ano x R$ | G57: ='Banco de Preços'!$I$10 -> 88.73 | H57: /par ÷ 12 | I57: =E57*G57/12 -> 14.788333
C58: Boné | E58: 2 | F58: un./ano x R$ | G58: ='Banco de Preços'!$I$11 -> 19.56 | H58: /un. ÷ 12 | I58: =E58*G58/12 -> 3.26
C59: Calça de brim com fita refletiva | E59: 2 | F59: un/ano x R$ | G59: ='Insumos, Materiais e Equipament'!$D$23 -> 70.1 | H59: /un. ÷ 12 | I59: =E59*G59/12 -> 11.683333
C60: Protetor Auricular | E60: 2 | F60: un/ano x R$ | G60: ='Insumos, Materiais e Equipament'!$D$51 -> 49.11 | H60: /un. ÷ 12 | I60: =E60*G60/12 -> 8.185
C61: Camisa de manga longa com fita refletiva com UV | E61: 2 | F61: un/ano x R$ | G61: ='Banco de Preços'!$I$8 -> 49.5 | H61: /un. ÷ 12 | I61: =E61*G61/12 -> 8.25
C62: Protetor solar | E62: 2 | F62: un./ano x R$ | G62: ='Banco de Preços'!$I$37 -> 26.16 | H62: /un. ÷ 12 | I62: =E62*G62/12 -> 4.36
B63: Custo Uniformes Operador | F63: Motorista | G63: 1 | H63: x R$ | I63: =SUM(I57:I62) -> 50.526667 | J63: =I63*G63 -> 50.526667
B65: Motorista de caminhão basculante | E65: Quant | G65: Valor Mensal | I65: Subtotal
B66: Vale Alimentação/Refeição | E66: 1 | F66: x R$ | G66: ='Insumos, Materiais e Equipament'!$D$16 -> 375 | H66: = R$ | I66: =E66*G66 -> 375
B67: Vale Transporte | E67: =E66 -> 1 | F67: x R$ | G67: =$C$7*'Insumos, Materiais e Equipament'!$D$17*2-0.06*G46 -> -37.7232 | H67: = R$ | I67: 0
B68: Total Motorista | F68: x R$ | G68: =TRUNC(SUM(I66:I67),2) -> 375 | I68: = R$ | J68: =G68 -> 375
B70: A – Equipamento | D70: Quantidade (hora) | E70: Utilização | G70: Custo Operacional | I70: Custo Total Mês
B71: Trator de Esteiras 150HP 16,7T, com roda motriz elevada. | D71: 200 | E71: Operativa | F71: Improdutiva | G71: Operativa | H71: Improdutiva | I71: =(D71*E72)*G72+(D71*F72)*H72 -> 41667.2
E72: 0.7 | F72: =1-E72 -> 0.3 | G72: ='Insumos, Materiais e Equipament'!D78 -> 259.75 | H72: ='Insumos, Materiais e Equipament'!D77 -> 88.37
B73: Quantidade de Máquinas | I73: =C33 -> 1
B74: Custo Mensal do Equipamento | I74: =I71*I73 -> 41667.2
B76: B – Mão de Obra | F76: Quantidade | G76: Custo da Mão de Obra | I76: Custo Total Mês
B77: Operador | F77: =C37 -> 1 | G77: =SUM(J68,J63,J54) -> 8958.572 | I77: =G77*F77 -> 8958.572
B78: Custo Mensal da Mão de Obra | I78: =SUM(I77) -> 8958.572
B80: COMPOSIÇÃO DO CUSTO UNITÁRIO
B82: Composição do Custo Unitário | J82: Subtotal
B83: Custo Direto | J83: =I78+I74 -> 50625.772
B84: Custo com Administração | I84: ='ADM - LOCAL'!J75 -> 0.046434248 | J84: =TRUNC(J83*I84,2) -> 2350.76
B85: Total dos Custos | J85: =J83+J84 -> 52976.532
B86: Quantidade de Serviço | I86: horas | J86: =C32 -> 200
B88: CUSTO UNITÁRIO DO SERVIÇO | I88: R$/hr | J88: =TRUNC(J85/J86,2) -> 264.88
B89: BDI | I89: ='BDI - Desonerado'!D25 -> 0.299 | J89: =TRUNC(J88*I89,2) -> 79.19
B90: PREÇO UNITÁRIO | I90: R$/hr | J90: =J88+J89 -> 344.07

Sheet 5. Comp 3.  Draga
B3: =UPPER(Base!C9) -> EXECUÇÃO DE DRAGAGEM DE RIO COM USO DE DRAGA.
B4: COMPOSIÇÃO DE CUSTOS
B6: DADOS OPERACIONAIS
B7: Dias Efetivos Mensais: | C7: ='ADM - LOCAL'!C10 -> 25 | D7: dias
B8: Horas diárias | C8: 8 | D8: horas
B9: Minutos diários | C9: =C8*60 -> 480 | D9: minutos
B11: Dias Efetivos Mensais¹
B12: ¹ Os 25 dias correspondem a serviços realizados de segunda a sábado (365 dias – 52 domingos – 10 feriados, dividido por 12 meses).
B14: PRODUTIVIDADE
B15: Item | C15: Origem | E15: Comprimento (m) | F15: Largura (m) | G15: Altura (m) | H15: Área (m²) | I15: Taxa de Resíduo | J15: Volume de Resíduos Anual (m³)
B16: 1 | C16: Minicarregadeira | E16: =Produtividade!D28 -> 22952 | F16: =Produtividade!E28 -> 4.5 | G16: 0.01 | H16: =TRUNC(E16*F16,2) -> 103284 | I16: 1 | J16: =TRUNC(G16*H16*I16,2) -> 1032.84
B17: 2 | C17: Limpeza de rios | E17: =Produtividade!D26 -> 69800 | F17: =Produtividade!E26 -> 20 | G17: 0.01 | H17: =TRUNC(E17*F17,2) -> 1396000 | I17: 0.3 | J17: =TRUNC(G17*H17*I17,2) -> 4188
B18: 3 | C18: Limpeza baronesa | E18: =TRUNC('8. Comp 6. Remoção de Plantas A'!C24*'8. Comp 6. Remoção de Plantas A'!C26,2) -> 25600 | F18: ='8. Comp 6. Remoção de Plantas A'!C25 -> 20 | G18: 0.01 | H18: =TRUNC(E18*F18,2) -> 512000 | I18: 0.3 | J18: =TRUNC(G18*H18*I18,2) -> 1536
B19: 4 | C19: Limpeza canais | E19: =Produtividade!D27 -> 69000 | F19: =Produtividade!E27 -> 8 | G19: 0.01 | H19: =TRUNC(E19*F19,2) -> 552000 | I19: 0.3 | J19: =TRUNC(G19*H19*I19,2) -> 1656
B20: Total | J20: =TRUNC(SUM(J16:J19),2) -> 8412.84
J21: =(J20/12)/Produtividade!J20 -> 199.73504
B22: DIMENSIONAMENTO
B23: Produção da Equipe | C23: =Produtividade!D20 -> 168.15 | D23: m³/h
B24: Comprimento do Rio | C24: =Produtividade!D32 -> 34900 | D24: m
B25: Largura do Rio | C25: =Produtividade!E$32 -> 20 | D25: m
B26: Altura do Rio | C26: =Produtividade!F$32 -> 0.25 | D26: m
B27: Área do Rio | C27: =Produtividade!G$32 -> 698000 | D27: m²
B28: Volume | C28: =Produtividade!H$32 -> 174500 | D28: m³
B29: Frequência de Limpeza | C29: =Produtividade!I$32 -> 1.857 | D29: und
B30: Horas ano | C30: =Produtividade!L$32 -> 2160 | D30: H/ano
B31: Horas mês | C31: =Produtividade!M$32 -> 180 | D31: H/mês
B32: Quant de Escavadeiras | C32: =Produtividade!N31 -> 1 | D32: unid.
B34: MÃO DE OBRA DIRETA
B35: Mão de Obra Direta | C35: Quantidade | D35: Reserva | E35: Total
B36: Operador de Máquinas Pesadas | C36: =C41 -> 1 | D36: 0 | E36: =C36+D36 -> 1
B37: Total de Funcionários | C37: - | D37: - | E37: =E36 -> 1
B39: VEÍCULOS
B40: Mão de Obra Direta | C40: Quantidade | D40: Reserva | E40: Total
B41: Trator de Esteiras | C41: =C32 -> 1 | D41: 0 | E41: =C41+D41 -> 1
B42: Total de Funcionários | C42: - | D42: - | E42: =E41 -> 1
B44: Operador | E44: Quant | G44: Valor Mensal | I44: Subtotal
B45: Salário Base | E45: 1 | F45: x R$ | G45: ='Insumos, Materiais e Equipament'!D7 -> 4628.72 | H45: = R$ | I45: =G45*E45 -> 4628.72
B46: Hora Extra | E46: 0 | F46: x R$ | G46: =G45/220*1.5 -> 31.559455 | H46: = R$ | I46: =E46*G46 -> 0
B47: Insalubridade (% Sal. Mín.) | D47: 0 | E47: 1 | F47: x R$ | G47: =G45*D47 -> 0 | H47: = R$ | I47: =G47*D47 -> 0
B48: Domingo/Feriados | F48: x R$ | G48: =G45/220*2*8 -> 336.63418 | H48: = R$ | I48: -
B49: Adicional Noturno | E49: 0 | F49: x R$ | G49: =G45*14.48% -> 670.23866 | H49: = R$ | I49: =G49*E49 -> 0
B50: Encargos Sociais | D50: ='Encargos Sociais'!C44 -> 0.8435 | H50: = R$ | I50: =D50*G45 -> 3904.3253
B51: Benefício Social | E51: 1 | F51: x R$ | G51: - | H51: = R$ | I51: -
B52: PPR | D52: 0 | E52: 1 | G52: - | H52: = R$ | I52: -
B53: Total Motorista | F53: x R$ | G53: =SUM(I45:I52) -> 8533.0453 | J53: =G53 -> 8533.0453
B55: Operador | E55: Quant | G55: Valor Unit | I55: Subtotal
C56: Bota botina Segurança Ocupacional EPI | E56: 2 | F56: par/ano x R$ | G56: ='Banco de Preços'!$I$10 -> 88.73 | H56: /par ÷ 12 | I56: =E56*G56/12 -> 14.788333
C57: Boné | E57: 2 | F57: un./ano x R$ | G57: ='Banco de Preços'!$I$11 -> 19.56 | H57: /un. ÷ 12 | I57: =E57*G57/12 -> 3.26
C58: Calça de brim com fita reflexiva | E58: 2 | F58: un/ano x R$ | G58: ='Insumos, Materiais e Equipament'!$D$23 -> 70.1 | H58: /un. ÷ 12 | I58: =E58*G58/12 -> 11.683333
C59: Protetor Auricular | E59: 2 | F59: un/ano x R$ | G59: ='Insumos, Materiais e Equipament'!$D$51 -> 49.11 | H59: /un. ÷ 12 | I59: =E59*G59/12 -> 8.185
C60: Camisa de manga longa com fita reflexiva com UV | E60: 2 | F60: un/ano x R$ | G60: ='Banco de Preços'!$I$8 -> 49.5 | H60: /un. ÷ 12 | I60: =E60*G60/12 -> 8.25
C61: Protetor solar | E61: 2 | F61: un./ano x R$ | G61: ='Banco de Preços'!$I$37 -> 26.16 | H61: /un. ÷ 12 | I61: =E61*G61/12 -> 4.36
B62: Custo Uniformes Operador | F62: Motorista | G62: 1 | H62: x R$ | I62: =SUM(I56:I61) -> 50.526667 | J62: =I62*G62 -> 50.526667
B64: Motorista de caminhão basculante | E64: Quant | G64: Valor Mensal | I64: Subtotal
B65: Vale Alimentação/Refeição | E65: 1 | F65: x R$ | G65: ='Insumos, Materiais e Equipament'!$D$16 -> 375 | H65: = R$ | I65: =E65*G65 -> 375
B66: Vale Transporte | E66: =E65 -> 1 | F66: x R$ | G66: =$C$7*'Insumos, Materiais e Equipament'!$D$17*2-0.06*G45 -> -37.7232 | H66: = R$ | I66: 0
B67: Total Motorista | F67: x R$ | G67: =TRUNC(SUM(I65:I66),2) -> 375 | I67: = R$ | J67: =G67 -> 375
B69: A – Equipamento | D69: Quantidade (hora) | E69: Utilização | G69: Custo Operacional | I69: Custo Total Mês
B70: Draga de sucção e recalque com potência da bomba de 483 kW. | D70: 180 | E70: Operativa | F70: Improdutiva | G70: Operativa | H70: Improdutiva | I70: =(D70*E71)*G71+(D70*F71)*H71 -> 158629.32
E71: 0.8 | F71: =1-E71 -> 0.2 | G71: ='Insumos, Materiais e Equipament'!D80 -> 1026.4 | H71: ='Insumos, Materiais e Equipament'!D79 -> 300.77
B72: Quantidade de Máquinas | I72: =C32 -> 1
B73: Custo Mensal do Equipamento | I73: =I70*I72 -> 158629.32
B75: B – Mão de Obra | F75: Quantidade | G75: Custo da Mão de Obra | I75: Custo Total Mês
B76: Operador | F76: =C36 -> 1 | G76: =SUM(J67,J62,J53) -> 8958.572 | I76: =G76*F76 -> 8958.572
B77: Custo Mensal da Mão de Obra | I77: =SUM(I76) -> 8958.572
B79: COMPOSIÇÃO DO CUSTO UNITÁRIO
B81: Composição do Custo Unitário | J81: Subtotal
B82: Custo Direto | J82: =I77+I73 -> 167587.89
B83: Custo com Administração | I83: ='ADM - LOCAL'!J75 -> 0.046434248 | J83: =TRUNC(J82*I83,2) -> 7781.81
B84: Total dos Custos | J84: =J82+J83 -> 175369.7
B85: Quantidade de Serviço | I85: horas | J85: =C31 -> 180
B87: CUSTO UNITÁRIO DO SERVIÇO | I87: R$/hr | J87: =TRUNC(J84/J85,2) -> 974.27
B88: BDI | I88: ='BDI - Desonerado'!D25 -> 0.299 | J88: =TRUNC(J87*I88,2) -> 291.3
B89: PREÇO UNITÁRIO | I89: R$/hr | J89: =J87+J88 -> 1265.57

Sheet 6. Comp 4. Cavalo Mecânico
B3: =UPPER(Base!C10) -> MOBILIZAÇÃO E DESMOBILIZAÇÃO DE EQUIPAMENTOS EM CAVALO MECÂNICO COM SEMIRREBOQUE.
B4: COMPOSIÇÃO DE CUSTOS
B6: DADOS OPERACIONAIS
B7: Dias Efetivos Mensais: | C7: ='ADM - LOCAL'!C10 -> 25 | D7: dias
B8: Horas diárias | C8: 8 | D8: horas
B9: Minutos diários | C9: =C8*60 -> 480 | D9: minutos
B11: Dias Efetivos Mensais¹
B12: ¹ Os 25 dias correspondem a serviços realizados de segunda a sábado (365 dias – 52 domingos – 10 feriados, dividido por 12 meses).
B14: DIMENSIONAMENTO
B15: Horas ano | C15: =C16*12 -> 600 | D15: H/ano
B16: Horas mês | C16: =Produtividade!E55 -> 50 | D16: H/mês
B17: Quant de Escavadeiras | C17: =Produtividade!N31 -> 1 | D17: unid.
B19: MÃO DE OBRA DIRETA
B20: Mão de Obra Direta | C20: Quantidade | D20: Reserva | E20: Total
B21: Operador de Máquinas Pesadas | C21: =C26 -> 1 | D21: 0 | E21: =C21+D21 -> 1
B22: Total de Funcionários | C22: - | D22: - | E22: =E21 -> 1
B24: VEÍCULOS
B25: Mão de Obra Direta | C25: Quantidade | D25: Reserva | E25: Total
B26: Cavalo mecânico | C26: =C17 -> 1 | D26: 0 | E26: =C26+D26 -> 1
B27: Total de Funcionários | C27: - | D27: - | E27: =E26 -> 1
B29: Operador | E29: Quant | G29: Valor Mensal | I29: Subtotal
B30: Salário Base | E30: 1 | F30: x R$ | G30: ='Insumos, Materiais e Equipament'!D7 -> 4628.72 | H30: = R$ | I30: =G30*E30 -> 4628.72
B31: Hora Extra | E31: 0 | F31: x R$ | G31: =G30/220*1.5 -> 31.559455 | H31: = R$ | I31: =E31*G31 -> 0
B32: Insalubridade (% Sal. Mín.) | D32: 0 | E32: 1 | F32: x R$ | G32: =G30*D32 -> 0 | H32: = R$ | I32: =G32*D32 -> 0
B33: Domingo/Feriados | F33: x R$ | G33: =G30/220*2*8 -> 336.63418 | H33: = R$ | I33: -
B34: Adicional Noturno | E34: 0 | F34: x R$ | G34: =G30*14.48% -> 670.23866 | H34: = R$ | I34: =G34*E34 -> 0
B35: Encargos Sociais | D35: ='Encargos Sociais'!C44 -> 0.8435 | H35: = R$ | I35: =D35*G30 -> 3904.3253
B36: Benefício Social | E36: 1 | F36: x R$ | G36: - | H36: = R$ | I36: -
B37: PPR | D37: 0 | E37: 1 | G37: - | H37: = R$ | I37: -
B38: Total Motorista | F38: x R$ | G38: =SUM(I30:I37) -> 8533.0453 | J38: =G38 -> 8533.0453
B40: Operador | E40: Quant | G40: Valor Unit | I40: Subtotal
C41: Bota botina Segurança Ocupacional EPI | E41: 2 | F41: par/ano x R$ | G41: ='Banco de Preços'!$I$10 -> 88.73 | H41: /par ÷ 12 | I41: =E41*G41/12 -> 14.788333
C42: Boné | E42: 2 | F42: un./ano x R$ | G42: ='Banco de Preços'!$I$11 -> 19.56 | H42: /un. ÷ 12 | I42: =E42*G42/12 -> 3.26
C43: Calça de brim com fita refletiva | E43: 2 | F43: un/ano x R$ | G43: ='Insumos, Materiais e Equipament'!$D$23 -> 70.1 | H43: /un. ÷ 12 | I43: =E43*G43/12 -> 11.683333
C44: Protetor Auricular | E44: 2 | F44: un/ano x R$ | G44: ='Insumos, Materiais e Equipament'!$D$51 -> 49.11 | H44: /un. ÷ 12 | I44: =E44*G44/12 -> 8.185
C45: Camisa de manga longa com fita refletiva com UV | E45: 2 | F45: un/ano x R$ | G45: ='Banco de Preços'!$I$8 -> 49.5 | H45: /un. ÷ 12 | I45: =E45*G45/12 -> 8.25
C46: Protetor solar | E46: 2 | F46: un./ano x R$ | G46: ='Banco de Preços'!$I$37 -> 26.16 | H46: /un. ÷ 12 | I46: =E46*G46/12 -> 4.36
B47: Custo Uniformes Operador | F47: Motorista | G47: 1 | H47: x R$ | I47: =SUM(I41:I46) -> 50.526667 | J47: =I47*G47 -> 50.526667
B49: Motorista de caminhão basculante | E49: Quant | G49: Valor Mensal | I49: Subtotal
B50: Vale Alimentação/Refeição | E50: 1 | F50: x R$ | G50: ='Insumos, Materiais e Equipament'!$D$16 -> 375 | H50: = R$ | I50: =E50*G50 -> 375
B51: Vale Transporte | E51: =E50 -> 1 | F51: x R$ | G51: =$C$7*'Insumos, Materiais e Equipament'!$D$17*2-0.06*G30 -> -37.7232 | H51: = R$ | I51: 0
B52: Total Motorista | F52: x R$ | G52: =TRUNC(SUM(I50:I51),2) -> 375 | I52: = R$ | J52: =G52 -> 375
B54: A – Equipamento | D54: Quantidade (hora) | E54: Utilização | G54: Custo Operacional | I54: Custo Total Mês
B55: Cavalo mecânico com semirreboque | D55: 50 | E55: Operativa | F55: Improdutiva | G55: Operativa | H55: Improdutiva | I55: =(D55*E56)*G56+(D55*F56)*H56 -> 10416.8
E56: 0.7 | F56: =1-E56 -> 0.3 | G56: ='Insumos, Materiais e Equipament'!D82 -> 259.75 | H56: ='Insumos, Materiais e Equipament'!D81 -> 88.37
B57: Quantidade de Máquinas | I57: =C17 -> 1
B58: Custo Mensal do Equipamento | I58: =I55*I57 -> 10416.8
B60: B – Mão de Obra | F60: Quantidade | G60: Custo da Mão de Obra | I60: Custo Total Mês
B61: Operador | F61: =C21 -> 1 | G61: =SUM(J52,J47,J38) -> 8958.572 | I61: =G61*F61 -> 8958.572
B62: Custo Mensal da Mão de Obra | I62: =SUM(I61) -> 8958.572
B64: COMPOSIÇÃO DO CUSTO UNITÁRIO
B66: Composição do Custo Unitário | J66: Subtotal
B67: Custo Direto | J67: =I62+I58 -> 19375.372
B68: Custo com Administração | I68: ='ADM - LOCAL'!J75 -> 0.046434248 | J68: =TRUNC(J67*I68,2) -> 899.68
B69: Total dos Custos | J69: =J67+J68 -> 20275.052
B70: Quantidade de Serviço | I70: horas | J70: =C16 -> 50
B72: CUSTO UNITÁRIO DO SERVIÇO | I72: R$/hr | J72: =TRUNC(J69/J70,2) -> 405.5
B73: BDI | I73: ='BDI - Desonerado'!D25 -> 0.299 | J73: =TRUNC(J72*I73,2) -> 121.24
B74: PREÇO UNITÁRIO | I74: R$/hr | J74: =J72+J73 -> 526.74

Sheet 7. Comp 5. Limpeza do Rio
B3: =UPPER(Base!C11) -> EXECUÇÃO DE SERVIÇO DE LIMPEZA E CAPINAÇÃO DE MARGEM DO RIO.
B4: COMPOSIÇÃO DE CUSTOS
B6: DADOS OPERACIONAIS
B7: Dias Efetivos Mensais: | C7: ='ADM - LOCAL'!C10 -> 25 | D7: dias
B8: Horas diárias | C8: 8 | D8: horas
B9: Minutos diários | C9: =C8*60 -> 480 | D9: minutos
B10: Turno dIurno | C10: 1 | D10: -
B12: PRODUTIVIDADE
B13: Produtividade Superficial | C13: 200 | D13: m²/dia
B14: Largura Média de limpeza de margem | C14: 2.5789 | D14: m
B15: Produtividade Linear | C15: 150 | D15: m/dia
B17: Produtividade Superficial, FONTE: TCMGO¹
B18: https://www.tcmgo.tc.br/site/wp-content/uploads/2018/02/Manual-Limpeza-Urbana.pdf
B20: DIMENSIONAMENTO
B21: Comprimento das duas margens do Rio dentro da área de abrangência do contrato | C21: =Produtividade!D26/2*C14 -> 90003.61 | D21: m²
B22: Estimativa de Frequência anual equivalente de limpeza do rio | C22: 2 | D22: und
B23: Comprimento total de limpeza anual | C23: =ROUND(C21*C22,2) -> 180007.22 | D23: m²
B24: Comprimento total de limpeza mensal | C24: =TRUNC(C23/12,0) -> 15000 | D24: m²
B25: Comprimento total de limpeza diária | C25: =C24/12 -> 1250 | D25: m²/dia
B27: MÃO DE OBRA DIRETA
B28: Mão de Obra Direta | C28: Quantidade | D28: Reserva | E28: Total
B29: Agente de limpeza | C29: =ROUNDUP(C23/(C7*12)/C13,0) -> 4 | D29: 0 | E29: =C29+D29 -> 4
B30: Motorista de Ônibus | C30: 1 | D30: 0 | E30: 1
B31: Fiscal de serviços | C31: 1 | D31: 0 | E31: =C31+D31 -> 1
B32: Total de Funcionários | C32: - | D32: - | E32: =E29+E30+E31 -> 6
B34: Mão de Obra¹
B35: NR 15 - ANexo 14 - AGENTES BIOLÓGICOS Relação das atividades que envolvem agentes biológicos, cuja insalubridade é caracterizada pela avaliação qualitativa. Insalubridade de grau máximo (...) - esgotos (galerias e tanques); e - lixo urbano (coleta e industrialização) Empregar para os auxiliares de capina percentual de insalubridade de 40%, de forma a equipará-los ao grau máximo do art. 192 da CLT e da NR-159.
B36: Produtividade Superficial O serviço de roçagem é realizado em razão da limpeza de locais onde o mato ou o capim estão altos. Um dos tipos de roçagem é feito com a ferramenta denominada alfanje (foice de cabo comprido), também conhecida como gadanha, o rendimento é de 200 a 300m2/dia por pessoa. Referência TCMGO, manual para analise de serviços de limpeza urbana e manejo de resíduos sólidos. Pag 49 - Informações importantes (Um dos tipos de roçagem é feito com a ferramenta denominada alfanje (foice de cabo comprido), também conhecida como gadanha, o rendimento é de 200 a 300m2/dia por pessoa) - https://www.tcmgo.tc.br/site/wp-content/uploads/2018/02/Manual-Limpeza-Urbana.pdf
B38: VEÍCULOS
B39: Ônibus | C39: Quantidade | D39: Km/dia por Veíc. | E39: Média de KM
B40: Km por dia | C40: 1 | D40: 15 | E40: =D40*C40 -> 15
B41: Km por mês | C41: 1 | D41: =D40*C7 -> 375 | E41: =D41*C41 -> 375
B42: KM por ano | C42: 1 | D42: =D41*12 -> 4500 | E42: =D42*C42 -> 4500
B43: Total de Km/mês | C43: - | E43: =SUM(E40:E42) -> 4890
B45: Distância Média¹
B46: O (Km) por dia dos véiculos levou em consideração o ponto médio de distância, do marco zero de caruaru as extremidades do município.
B48: I - PESSOAL, REMUNERAÇÃO E ENCARGOS SOCIAIS
B50: Agente de limpeza | E50: Quant | G50: Valor Mensal | I50: Subtotal
B51: Salário Base | E51: 1 | F51: x R$ | G51: ='Insumos, Materiais e Equipament'!$D$11 -> 1621 | H51: = R$ | I51: =E51*G51 -> 1621
B52: Hora Extra | E52: 0 | F52: x R$ | G52: =G51/220*1.5 -> 11.052273 | H52: = R$ | I52: =E52*G52 -> 0
B53: Insalubridade (% Sal. Mín.) | D53: 0.4 | E53: =E51 -> 1 | F53: x R$ | G53: =G51*D53 -> 648.4 | H53: = R$ | I53: =E53*G53 -> 648.4
B54: Domingos/Feriados | F54: x R$ | G54: =G51/220*2*8 -> 117.89091 | H54: = R$ | I54: =E54*G54 -> 0
B55: Adicional Noturno | E55: 0 | F55: x R$ | G55: =G51*14.48% -> 234.7208 | H55: = R$ | I55: =E55*G55 -> 0
B56: Encargos Sociais | D56: ='Encargos Sociais'!$C$44 -> 0.8435 | H56: = R$ | I56: =TRUNC(SUM(I51:I55)*D56,2) -> 1914.23
B57: Benefício Social | E57: 1 | F57: x R$ | G57: =0 -> 0 | H57: = R$ | I57: =E57*G57 -> 0
B58: PPR | D58: 0 | E58: 1 | G58: =G51*D58 -> 0 | H58: = R$ | I58: =E58*G58 -> 0
B59: Total Agente de limpeza | F59: x R$ | G59: =SUM(I51:I58) -> 4183.63 | I59: = R$ | J59: =G59 -> 4183.63
B61: Fiscal de serviços (Técnico em edificações) | E61: Quant | G61: Valor Mensal | I61: Subtotal
B62: Salário Base | E62: 1 | F62: x R$ | G62: ='Insumos, Materiais e Equipament'!$D$10 -> 4969.09 | H62: = R$ | I62: =E62*G62 -> 4969.09
B63: Hora Extra | E63: 0 | F63: x R$ | G63: =G62/220*1.5 -> 33.880159 | H63: = R$ | I63: =E63*G63 -> 0
B64: Insalubridade (% Sal. Mín.) | D64: 0 | E64: 1 | F64: x R$ | G64: =G62*D64 -> 0 | H64: = R$ | I64: =E64*G64 -> 0
B65: Domingos/Feriados | F65: x R$ | G65: =G62/220*2*8 -> 361.38836 | H65: = R$ | I65: =E65*G65 -> 0
B66: Adicional Noturno | E66: 0 | F66: x R$ | G66: =G62*14.48% -> 719.52423 | H66: = R$ | I66: =E66*G66 -> 0
B67: Encargos Sociais | D67: ='Encargos Sociais'!$C$44 -> 0.8435 | H67: = R$ | I67: =TRUNC(SUM(I62:I66)*D67,2) -> 4191.42
B68: Benefício Social | E68: 1 | F68: x R$ | G68: =0 -> 0 | H68: = R$ | I68: =E68*G68 -> 0
B69: PPR | D69: 0 | E69: 1 | G69: =G62*D69 -> 0 | H69: = R$ | I69: =E69*G69 -> 0
B70: Total de Fiscal de Serviços | F70: x R$ | G70: =SUM(I62:I69) -> 9160.51 | I70: = R$ | J70: =G70 -> 9160.51
B72: Motorista de ônibus | E72: Quant | G72: Valor Mensal | I72: Subtotal
B73: Salário Base | E73: 1 | F73: x R$ | G73: ='Insumos, Materiais e Equipament'!D13 -> 3083.3325 | H73: = R$ | I73: =G73 -> 3083.3325
B74: Hora Extra | E74: 0 | F74: x R$ | G74: =G73/220*1.5 -> 21.022721 | H74: = R$ | I74: =E74*G74 -> 0
B75: Insalubridade (% Sal. Mín.) | D75: 0 | E75: 1 | F75: x R$ | G75: =G73*D75 -> 0 | H75: = R$ | I75: =G75*E75 -> 0
B76: Domingo/Feriados | F76: x R$ | G76: =G73/220*2*8 -> 224.24236 | H76: = R$ | I76: -
B77: Adicional Noturno | E77: 0 | F77: x R$ | G77: =G73*14.48% -> 446.46654 | H77: = R$ | I77: =G77*E77 -> 0
B78: Encargos Sociais | D78: ='Encargos Sociais'!C44 -> 0.8435 | H78: = R$ | I78: =D78*I73 -> 2600.7909
B79: Benefício Social | E79: 1 | F79: x R$ | G79: - | H79: = R$ | I79: -
B80: PPR | D80: 0 | E80: 1 | G80: - | H80: = R$ | I80: -
B81: Total Motorista | F81: x R$ | G81: =SUM(I73:I80) -> 5684.1234 | I81: = R$ | J81: =G81 -> 5684.1234
B83: TOTAL PESSOAL, REMUNERAÇÃO E ENCARGOS SOCIAIS
E84: Quant | G84: Valor Unitário | I84: Subtotal
B85: Agente de limpeza | E85: =E29 -> 4 | G85: =J59 -> 4183.63 | I85: =G85*E85 -> 16734.52
B86: Fiscal de limpeza (Técnico em Edificações) | E86: =E31 -> 1 | G86: =J70 -> 9160.51 | I86: =G86*E86 -> 9160.51
B87: Motorista de ônibus | E87: =E30 -> 1 | G87: =J81 -> 5684.1234 | I87: =G87*E87 -> 5684.1234
I88: = R$ | J88: =SUM(I85:I87) -> 31579.153
B90: II - UNIFORMES E EPI'S
B92: Agente de limpeza | E92: Quant | G92: Valor Unit | I92: Subtotal
C93: Calça de brim com fita refletiva | E93: 4 | F93: un./ano x R$ | G93: ='Insumos, Materiais e Equipament'!$D$23 -> 70.1 | H93: /un. ÷ 12 | I93: =E93*G93/12 -> 23.366667
C94: Camisa de manga longa com fita refletiva com UV | E94: 4 | F94: un./ano x R$ | G94: ='Insumos, Materiais e Equipament'!$D$24 -> 49.5 | H94: /un. ÷ 12 | I94: =E94*G94/12 -> 16.5
C95: Bota de borracha cano longo | E95: 4 | F95: par/ano x R$ | G95: ='Insumos, Materiais e Equipament'!$D$25 -> 42.25 | H95: /par ÷ 12 | I95: =E95*G95/12 -> 14.083333
C96: Chapéu com cobertura de pescoço | E96: 4 | F96: un./ano x R$ | G96: ='Insumos, Materiais e Equipament'!$D$28 -> 33.42 | H96: /un. ÷ 12 | I96: =E96*G96/12 -> 11.14
C97: Protetor Facial | E97: 4 | F97: un./ano x R$ | G97: ='Insumos, Materiais e Equipament'!D50 -> 39.27 | H97: /un. ÷ 12 | I97: =E97*G97/12 -> 13.09
C98: Protetor Auricular | E98: 4 | F98: un./ano x R$ | G98: ='Insumos, Materiais e Equipament'!D51 -> 49.11 | H98: /un. ÷ 12 | I98: =E98*G98/12 -> 16.37
C99: Capa de chuva | E99: 4 | F99: un./ano x R$ | G99: ='Insumos, Materiais e Equipament'!$D$29 -> 38.11 | H99: /un. ÷ 12 | I99: =E99*G99/12 -> 12.703333
C100: Luva de proteção PVC (cano longo) | E100: 4 | F100: un./ano x R$ | G100: ='Insumos, Materiais e Equipament'!$D$30 -> 18.83 | H100: /un. ÷ 12 | I100: =E100*G100/12 -> 6.2766667
C101: Protetor solar | E101: 4 | F101: un./ano x R$ | G101: ='Insumos, Materiais e Equipament'!$D$53 -> 26.16 | H101: /un. ÷ 12 | I101: =E101*G101/12 -> 8.72
B102: Custo Uniformes agente de limpeza | F102: agente | H102: x R$ | I102: =SUM(I93:I101) -> 122.25 | J102: =I102 -> 122.25
B105: Fiscal de serviços (Técnico em edificações) | E105: Quant | G105: Valor Unit | I105: Subtotal
C106: Bota botina Segurança Ocupacional EPI | E106: 2 | F106: par/ano x R$ | G106: ='Banco de Preços'!$I$10 -> 88.73 | H106: /par ÷ 12 | I106: =E106*G106/12 -> 14.788333
C107: Boné | E107: 2 | F107: un./ano x R$ | G107: ='Banco de Preços'!$I$11 -> 19.56 | H107: /un. ÷ 12 | I107: =E107*G107/12 -> 3.26
C108: Calça de brim com fita reflexiva | E108: 2 | F108: un/ano x R$ | G108: ='Insumos, Materiais e Equipament'!$D$23 -> 70.1 | H108: /un. ÷ 12 | I108: =E108*G108/12 -> 11.683333
C109: Protetor Auricular | E109: 2 | F109: un./ano x R$ | G109: ='Insumos, Materiais e Equipament'!$D$51 -> 49.11 | H109: /un. ÷ 12 | I109: =E109*G109/12 -> 8.185
C110: Camisa de manga longa com fita reflexiva com UV | E110: 2 | F110: un/ano x R$ | G110: ='Banco de Preços'!$I$8 -> 49.5 | H110: /un. ÷ 12 | I110: =E110*G110/12 -> 8.25
C111: Protetor solar | E111: 2 | F111: un./ano x R$ | G111: ='Banco de Preços'!$I$37 -> 26.16 | H111: /un. ÷ 12 | I111: =E111*G111/12 -> 4.36
B112: Custo Uniforme Fiscal Técnico | F112: fiscal | H112: x R$ | I112: =SUM(I106:I111) -> 50.526667 | J112: =I112 -> 50.526667
B114: Motorista de ônibus | E114: Quant | G114: Valor Unit | I114: Subtotal
C115: Bota botina Segurança Ocupacional EPI | E115: 2 | F115: par/ano x R$ | G115: ='Banco de Preços'!$I$10 -> 88.73 | H115: /par ÷ 12 | I115: =E115*G115/12 -> 14.788333
C116: Boné | E116: 2 | F116: un./ano x R$ | G116: ='Banco de Preços'!$I$11 -> 19.56 | H116: /un. ÷ 12 | I116: =E116*G116/12 -> 3.26
C117: Calça de brim com fita reflexiva | E117: 2 | F117: un/ano x R$ | G117: ='Insumos, Materiais e Equipament'!$D$23 -> 70.1 | H117: /un. ÷ 12 | I117: =E117*G117/12 -> 11.683333
C118: Protetor Auricular | E118: 2 | F118: un./ano x R$ | G118: ='Insumos, Materiais e Equipament'!D51 -> 49.11 | H118: /un. ÷ 12 | I118: =E118*G118/12 -> 8.185
C119: Camisa de manga longa com fita reflexiva com UV | E119: 2 | F119: un/ano x R$ | G119: ='Banco de Preços'!$I$8 -> 49.5 | H119: /un. ÷ 12 | I119: =E119*G119/12 -> 8.25
C120: Protetor solar | E120: 2 | F120: un./ano x R$ | G120: ='Banco de Preços'!$I$37 -> 26.16 | H120: /un. ÷ 12 | I120: =E120*G120/12 -> 4.36
...

Sheet 8. Comp 6. Remoção de Plantas A
B3: =UPPER(Base!C12) -> EXECUÇÃO DE SERVIÇO DE REMOÇÃO DE PLANTAS AQUÁTICAS.
B4: COMPOSIÇÃO DE CUSTOS
B6: DADOS OPERACIONAIS
B7: Dias Efetivos Mensais: | C7: ='ADM - LOCAL'!C10 -> 25 | D7: dias
B8: Horas diárias | C8: 8 | D8: horas
B9: Minutos diários | C9: =C8*60 -> 480 | D9: minutos
B10: Turno dIurno | C10: 1 | D10: -
B12: PRODUTIVIDADE
B13: Produtividade Superficial | C13: 200 | D13: m²/dia
B14: Produção de limpeza | C14: =C13 -> 200 | D14: m²/func.dia
B15: Dias úteis/ano | C15: =C7*12 -> 300 | D15: dias
B16: Total de Colaboradores | C16: =ROUNDUP(C27/C15/C14,0) -> 9 | D16: colaboradores
B18: Produtividade Superficial, FONTE: TCMGO¹
B19: https://www.tcmgo.tc.br/site/wp-content/uploads/2018/02/Manual-Limpeza-Urbana.pdf
B21: DIMENSIONAMENTO
B22: Pontos de Baronesa | C22: 16 | D22: Pontos afluentes/Açudes zona rural
B23: Extenção com Baronesa | C23: 200 | D23: m
B24: Extensão total | C24: =C23*C22 -> 3200 | D24: m
B25: Largura média do rio | C25: 20 | D25: m
B26: Frequência de limpeza anual | C26: 8 | D26: unidade
B27: Área total de limpeza ano | C27: =ROUND(C24*C25*C26,2) -> 512000 | D27: m²
B28: Área total de limpeza mês | C28: =C27/12 -> 42666.667 | D28: m²/mês
B29: Área total de limpeza dia | C29: =C28/C7 -> 1706.6667 | D29: m²/dia
B31: MÃO DE OBRA DIRETA
B32: Mão de Obra Direta | C32: Quantidade | D32: Reserva | E32: Total
B33: Agente de limpeza | C33: =C16 -> 9 | D33: 0 | E33: =C33+D33 -> 9
B34: Fiscal de serviços (Téc. em edificações) | C34: 1 | D34: 0 | E34: =C34+D34 -> 1
B35: Total de Funcionários | C35: =SUM(C33:C34) -> 10 | D35: 0 | E35: =E33+E34 -> 10
B37: Mão de Obra¹
B38: NR 15 - ANexo 14 - AGENTES BIOLÓGICOS Relação das atividades que envolvem agentes biológicos, cuja insalubridade é caracterizada pela avaliação qualitativa. Insalubridade de grau máximo (...) - esgotos (galerias e tanques); e - lixo urbano (coleta e industrialização) Empregar para os auxiliares de capina percentual de insalubridade de 40%, de forma a equipará-los ao grau máximo do art. 192 da CLT e da NR-159.
B39: Produtividade Superficial O serviço de roçagem é realizado em razão da limpeza de locais onde o mato ou o capim estão altos. Um dos tipos de roçagem é feito com a ferramenta denominada alfanje (foice de cabo comprido), também conhecida como gadanha, o rendimento é de 200 a 300m2/dia por pessoa. Referência TCMGO, manual para analise de serviços de limpeza urbana e manejo de resíduos sólidos. Pag 49 - Informações importantes (Um dos tipos de roçagem é feito com a ferramenta denominada alfanje (foice de cabo comprido), também conhecida como gadanha, o rendimento é de 200 a 300m2/dia por pessoa) - https://www.tcmgo.tc.br/site/wp-content/uploads/2018/02/Manual-Limpeza-Urbana.pdf
B41: I - PESSOAL, REMUNERAÇÃO E ENCARGOS SOCIAIS
B43: Agente de limpeza | E43: Quant | G43: Valor Mensal | I43: Subtotal
B44: Salário Base | E44: 1 | F44: x R$ | G44: ='Insumos, Materiais e Equipament'!D11 -> 1621 | H44: = R$ | I44: =E44*G44 -> 1621
B45: Hora Extra | E45: 0 | F45: x R$ | G45: =G44/220*1.5 -> 11.052273 | H45: = R$ | I45: =E45*G45 -> 0
B46: Insalubridade (% Sal. Mín.) | D46: 0.4 | E46: =E44 -> 1 | F46: x R$ | G46: =G44*D46 -> 648.4 | H46: = R$ | I46: =E46*G46 -> 648.4
B47: Domingos/Feriados | E47: 0 | F47: x R$ | G47: =G44/220*2*8 -> 117.89091 | H47: = R$ | I47: =E47*G47 -> 0
B48: Adicional Noturno | E48: 0 | F48: x R$ | G48: =G44*14.48% -> 234.7208 | H48: = R$ | I48: =E48*G48 -> 0
B49: Encargos Sociais | D49: ='Encargos Sociais'!C44 -> 0.8435 | H49: = R$ | I49: =TRUNC(SUM(I44:I48)*D49,2) -> 1914.23
B50: Benefício Social | E50: 1 | F50: x R$ | G50: =0 -> 0 | H50: = R$ | I50: =E50*G50 -> 0
B51: PPR | D51: 0 | E51: 1 | G51: =G44*D51 -> 0 | H51: = R$ | I51: =E51*G51 -> 0
B52: Total Agente de limpeza | F52: x R$ | G52: =SUM(I44:I51) -> 4183.63 | I52: = R$ | J52: =G52 -> 4183.63
B54: Fiscal de serviços (Técnico em edificações) | E54: Quant | G54: Valor Mensal | I54: Subtotal
B55: Salário Base | E55: 1 | F55: x R$ | G55: ='Insumos, Materiais e Equipament'!$D$10 -> 4969.09 | H55: = R$ | I55: =E55*G55 -> 4969.09
B56: Hora Extra | E56: 0 | F56: x R$ | G56: =G55/220*1.5 -> 33.880159 | H56: = R$ | I56: =E56*G56 -> 0
B57: Insalubridade (% Sal. Mín.) | D57: 0 | E57: 1 | F57: x R$ | G57: =G55*D57 -> 0 | H57: = R$ | I57: =E57*G57 -> 0
B58: Domingos/Feriados | F58: x R$ | G58: =G55/220*2*8 -> 361.38836 | H58: = R$ | I58: =E58*G58 -> 0
B59: Adicional Noturno | E59: 0 | F59: x R$ | G59: =G55*14.48% -> 719.52423 | H59: = R$ | I59: =E59*G59 -> 0
B60: Encargos Sociais | D60: ='Encargos Sociais'!$C$44 -> 0.8435 | H60: = R$ | I60: =TRUNC(SUM(I55:I59)*D60,2) -> 4191.42
B61: Benefício Social | E61: 1 | F61: x R$ | G61: =0 -> 0 | H61: = R$ | I61: =E61*G61 -> 0
B62: PPR | D62: 0 | E62: 1 | G62: =G55*D62 -> 0 | H62: = R$ | I62: =E62*G62 -> 0
B63: Total fiscal de Serviços | F63: x R$ | G63: =SUM(I55:I62) -> 9160.51 | I63: = R$ | J63: =G63 -> 9160.51
B65: TOTAL PESSOAL, REMUNERAÇÃO E ENCARGOS SOCIAIS
E66: Quant | G66: Valor Unitário | I66: Subtotal
B67: Agente de limpeza | E67: =E33 -> 9 | G67: =J52 -> 4183.63 | I67: =G67*E67 -> 37652.67
B68: Fiscal de Limpeza | E68: =E34 -> 1 | G68: =J63 -> 9160.51 | I68: =G68*E68 -> 9160.51
I69: = R$ | J69: =SUM(I67:I68) -> 46813.18
B71: II - UNIFORMES E EPI'S
B73: Agente de limpeza | E73: Quant | G73: Valor Unit | I73: Subtotal
C74: Calça de brim com fita refletiva | E74: 4 | F74: un./ano x R$ | G74: ='Insumos, Materiais e Equipament'!D23 -> 70.1 | H74: /un. ÷ 12 | I74: =E74*G74/12 -> 23.366667
C75: Camisa de manga longa com fita refletiva com UV | E75: 4 | F75: un./ano x R$ | G75: ='Insumos, Materiais e Equipament'!D24 -> 49.5 | H75: /un. ÷ 12 | I75: =E75*G75/12 -> 16.5
C76: Bota de borracha cano longo | E76: 4 | F76: par/ano x R$ | G76: ='Insumos, Materiais e Equipament'!D25 -> 42.25 | H76: /par ÷ 12 | I76: =E76*G76/12 -> 14.083333
C77: Chapéu com cobertura de pescoço | E77: 4 | F77: un./ano x R$ | G77: ='Insumos, Materiais e Equipament'!D28 -> 33.42 | H77: /un. ÷ 12 | I77: =E77*G77/12 -> 11.14
C78: Protetor Facial | E78: 4 | F78: un./ano x R$ | G78: ='Insumos, Materiais e Equipament'!D50 -> 39.27 | H78: /un. ÷ 12 | I78: =E78*G78/12 -> 13.09
C79: Protetor Auricular | E79: 4 | F79: un./ano x R$ | G79: ='Insumos, Materiais e Equipament'!D51 -> 49.11 | H79: /un. ÷ 12 | I79: =E79*G79/12 -> 16.37
C80: Capa de chuva | E80: 4 | F80: un./ano x R$ | G80: ='Insumos, Materiais e Equipament'!D29 -> 38.11 | H80: /un. ÷ 12 | I80: =E80*G80/12 -> 12.703333
C81: Luva de proteção PVC (cano longo) | E81: 4 | F81: un./ano x R$ | G81: ='Insumos, Materiais e Equipament'!D30 -> 18.83 | H81: /un. ÷ 12 | I81: =E81*G81/12 -> 6.2766667
C82: Protetor solar | E82: 4 | F82: un./ano x R$ | G82: ='Insumos, Materiais e Equipament'!D53 -> 26.16 | H82: /un. ÷ 12 | I82: =E82*G82/12 -> 8.72
B83: Custo Uniformes agente de limpeza | F83: agente | H83: x R$ | I83: =SUM(I74:I82) -> 122.25 | J83: =I83 -> 122.25
B85: Fiscal de serviços (Técnico em edificações) | E85: Quant | G85: Valor Unit | I85: Subtotal
C86: Bota botina Segurança Ocupacional EPI | E86: 2 | F86: par/ano x R$ | G86: ='Banco de Preços'!$I$10 -> 88.73 | H86: /par ÷ 12 | I86: =E86*G86/12 -> 14.788333
C87: Boné | E87: 2 | F87: un./ano x R$ | G87: ='Banco de Preços'!$I$11 -> 19.56 | H87: /un. ÷ 12 | I87: =E87*G87/12 -> 3.26
C88: Calça de brim com fita reflexiva | E88: 2 | F88: un/ano x R$ | G88: ='Insumos, Materiais e Equipament'!$D$23 -> 70.1 | H88: /un. ÷ 12 | I88: =E88*G88/12 -> 11.683333
C89: Protetor Auricular | E89: 2 | F89: un./ano x R$ | G89: ='Insumos, Materiais e Equipament'!$D$51 -> 49.11 | H89: /un. ÷ 12 | I89: =E89*G89/12 -> 8.185
C90: Camisa de manga longa com fita reflexiva com UV | E90: 2 | F90: un/ano x R$ | G90: ='Banco de Preços'!$I$8 -> 49.5 | H90: /un. ÷ 12 | I90: =E90*G90/12 -> 8.25
C91: Protetor solar | E91: 2 | F91: un./ano x R$ | G91: ='Banco de Preços'!$I$37 -> 26.16 | H91: /un. ÷ 12 | I91: =E91*G91/12 -> 4.36
B92: Custo Uniforme Técnico de Edificações | F92: fIscal | H92: x R$ | I92: =SUM(I86:I91) -> 50.526667 | J92: =I92 -> 50.526667
B94: TOTAL UNIFORMES E EPI'S
E95: Quant | G95: Valor Unitário | I95: Subtotal
B96: Agente de limpeza | E96: =E33 -> 9 | G96: =J83 -> 122.25 | I96: =G96*E96 -> 1100.25
B97: Fiscal de limpeza | E97: =E34 -> 1 | G97: =J92 -> 50.526667 | I97: =G97*E97 -> 50.526667
I98: = R$ | J98: =SUM(I96:I97) -> 1150.7767
B100: III - INSUMOS, VALE TRANSPORTE E AUXILIO ALIMENTAÇÃO
B102: Agente de limpeza | E102: Quant | G102: Valor Mensal | I102: Subtotal
B103: Vale Alimentação/Refeição | E103: 1 | F103: x R$ | G103: ='Insumos, Materiais e Equipament'!D16 -> 375 | H103: = R$ | I103: =E103*G103 -> 375
B104: Vale Transporte | E104: =E103 -> 1 | F104: x R$ | G104: =$C$7*'Insumos, Materiais e Equipament'!$D$17*2-0.06*G44 -> 142.74 | H104: = R$ | I104: =E104*G104 -> 142.74
B105: Total agente de limpeza | F105: x R$ | G105: =SUM(I103:I104) -> 517.74 | I105: = R$ | J105: =G105 -> 517.74
B107: Fiscal de limpeza | E107: Quant | G107: Valor Mensal | I107: Subtotal
B108: Vale Alimentação/Refeição | E108: 1 | F108: x R$ | G108: ='Insumos, Materiais e Equipament'!$D$16 -> 375 | H108: = R$ | I108: =E108*G108 -> 375
B109: Vale Transporte | E109: =E108 -> 1 | F109: x R$ | G109: =$C$7*'Insumos, Materiais e Equipament'!$D$17*2-0.06*G55 -> -58.1454 | H109: = R$ | I109: =E109*G109 -> -58.1454
B110: Total agente de limpeza | F110: x R$ | G110: =SUM(I108:I109) -> 316.8546 | I110: = R$ | J110: =G110 -> 316.8546
B112: TOTAL INSUMOS, VALE TRANSPORTE E AUXILIO ALIMENTAÇÃO
E113: Quant | G113: Valor Unitário | I113: Subtotal
B114: Agente de limpeza | E114: =E33 -> 9 | G114: =J105 -> 517.74 | I114: =G114*E114 -> 4659.66
B115: Fiscal de limpeza | E115: 1 | G115: =J110 -> 316.8546 | I115: =G115*E115 -> 316.8546
I116: = R$ | J116: =SUM(I114:I115) -> 4976.5146
B118: IV - MATERIAIS, FERRAMENTAS E UTENSÍLIOS
B120: Ferramentas e Materias | E120: Quant. | G120: Valor Unit. | I120: Subtotal
C121: Estrovenga | E121: 1 | F121: un./mês x R$ | G121: ='Insumos, Materiais e Equipament'!D46 -> 28.88 | H121: /un. | I121: =G121*E121 -> 28.88
C122: Foice | E122: 1 | F122: un./mês x R$ | G122: ='Insumos, Materiais e Equipament'!D44 -> 56.43 | H122: /un. | I122: =G122*E122 -> 56.43
...

Sheet 9. Comp 7.  Hidráulica Anfíbia
B3: =UPPER(Base!C13) -> EXECUÇÃO DE SERVIÇO DE ESCAVAÇÃO MECÂNICA EM CANAL (NÃO EDIFICADO) COM O USO DE ESCAVADEIRA HIDRÁULICA ANFÍBIA.
B4: COMPOSIÇÃO DE CUSTOS
B6: DADOS OPERACIONAIS
B7: Dias Efetivos Mensais: | C7: ='ADM - LOCAL'!C10 -> 25 | D7: dias
B8: Horas diárias | C8: 8 | D8: horas
B9: Minutos diários | C9: =C8*60 -> 480 | D9: minutos
B11: Dias Efetivos Mensais¹
B12: ¹ Os 25 dias correspondem a serviços realizados de segunda a sábado (365 dias – 52 domingos – 10 feriados, dividido por 12 meses).
B14: PRODUTIVIDADE
B15: Item | C15: Origem | E15: Comprimento (m) | F15: Largura (m) | G15: Altura (m) | H15: Área (m²) | I15: Taxa de Resíduo | J15: Volume de Resíduos Anual (m³)
B16: 1 | C16: Minicarregadeira | E16: =Produtividade!D28 -> 22952 | F16: =Produtividade!E28 -> 4.5 | G16: 0.01 | H16: =TRUNC(E16*F16,2) -> 103284 | I16: 1 | J16: =TRUNC(G16*H16*I16,2) -> 1032.84
B17: 2 | C17: Limpeza de rios | E17: =Produtividade!D26 -> 69800 | F17: =Produtividade!E26 -> 20 | G17: 0.01 | H17: =TRUNC(E17*F17,2) -> 1396000 | I17: 0.3 | J17: =TRUNC(G17*H17*I17,2) -> 4188
B18: 3 | C18: Limpeza baronesa | E18: =TRUNC('8. Comp 6. Remoção de Plantas A'!C24*'8. Comp 6. Remoção de Plantas A'!C26,2) -> 25600 | F18: ='8. Comp 6. Remoção de Plantas A'!C25 -> 20 | G18: 0.01 | H18: =TRUNC(E18*F18,2) -> 512000 | I18: 0.3 | J18: =TRUNC(G18*H18*I18,2) -> 1536
B19: 4 | C19: Limpeza canais | E19: =Produtividade!D27 -> 69000 | F19: =Produtividade!E27 -> 8 | G19: 0.01 | H19: =TRUNC(E19*F19,2) -> 552000 | I19: 0.3 | J19: =TRUNC(G19*H19*I19,2) -> 1656
B20: Total | J20: =TRUNC(SUM(J16:J19),2) -> 8412.84
J21: =(J20/12)/Produtividade!J20 -> 199.73504
B22: DIMENSIONAMENTO
B23: Produção da Equipe | C23: =Produtividade!D20 -> 168.15 | D23: m³/h
B24: Comprimento do Corrégo | C24: =Produtividade!D$39 -> 2625.45 | D24: m
B25: Largura do Corrégo | C25: =Produtividade!E39 -> 8 | D25: m
B26: Altura do Corrégo | C26: =Produtividade!F39 -> 0.1 | D26: m
B27: Área do Corrégo | C27: =Produtividade!G39 -> 21003.6 | D27: m²
B28: Volume | C28: =Produtividade!H39 -> 2100.36 | D28: m³
B29: Quant de Escavadeiras | C29: =Produtividade!M40 -> 1 | D29: unid.
B31: MÃO DE OBRA DIRETA
B32: Mão de Obra Direta | C32: Quantidade | D32: Reserva | E32: Total
B33: Operador de Máquinas Pesadas | C33: 1 | D33: 0 | E33: =C33+D33 -> 1
B34: Total de Funcionários | C34: - | D34: - | E34: =E33 -> 1
B36: VEÍCULOS
B37: Mão de Obra Direta | C37: Quantidade | D37: Reserva | E37: Total
B38: Escavadeira Hidráulica anfíbia | C38: 1 | D38: 0 | E38: =C38+D38 -> 1
B39: Total de Funcionários | C39: - | D39: - | E39: =E38 -> 1
B41: Operador | E41: Quant | G41: Valor Mensal | I41: Subtotal
B42: Salário Base | E42: 1 | F42: x R$ | G42: ='Insumos, Materiais e Equipament'!D7 -> 4628.72 | H42: = R$ | I42: =G42*E42 -> 4628.72
B43: Hora Extra | E43: 0 | F43: x R$ | G43: =G42/220*1.5 -> 31.559455 | H43: = R$ | I43: =E43*G43 -> 0
B44: Insalubridade (% Sal. Mín.) | D44: 0 | E44: 1 | F44: x R$ | G44: =G42*D44 -> 0 | H44: = R$ | I44: =G44*D44 -> 0
B45: Domingo/Feriados | F45: x R$ | G45: =G42/220*2*8 -> 336.63418 | H45: = R$ | I45: -
B46: Adicional Noturno | E46: 0 | F46: x R$ | G46: =G42*14.48% -> 670.23866 | H46: = R$ | I46: =G46*E46 -> 0
B47: Encargos Sociais | D47: ='Encargos Sociais'!C44 -> 0.8435 | H47: = R$ | I47: =D47*G42 -> 3904.3253
B48: Benefício Social | E48: 1 | F48: x R$ | G48: - | H48: = R$ | I48: -
B49: PPR | D49: 0 | E49: 1 | G49: - | H49: = R$ | I49: -
B50: Total Motorista | E50: =C33 -> 1 | F50: x R$ | G50: =SUM(I42:I49) -> 8533.0453 | J50: =G50*E50 -> 8533.0453
B52: Operador | E52: Quant | G52: Valor Unit | I52: Subtotal
C53: Bota botina Segurança Ocupacional EPI | E53: 2 | F53: par/ano x R$ | G53: ='Banco de Preços'!$I$10 -> 88.73 | H53: /par ÷ 12 | I53: =E53*G53/12 -> 14.788333
C54: Boné | E54: 2 | F54: un./ano x R$ | G54: ='Banco de Preços'!$I$11 -> 19.56 | H54: /un. ÷ 12 | I54: =E54*G54/12 -> 3.26
C55: Calça de brim com fita refletiva | E55: 2 | F55: un/ano x R$ | G55: ='Insumos, Materiais e Equipament'!$D$23 -> 70.1 | H55: /un. ÷ 12 | I55: =E55*G55/12 -> 11.683333
C56: Protetor Auricular | E56: 2 | F56: un/ano x R$ | G56: ='Insumos, Materiais e Equipament'!$D$51 -> 49.11 | H56: /un. ÷ 12 | I56: =E56*G56/12 -> 8.185
C57: Camisa de manga longa com fita refletiva com UV | E57: 2 | F57: un/ano x R$ | G57: ='Banco de Preços'!$I$8 -> 49.5 | H57: /un. ÷ 12 | I57: =E57*G57/12 -> 8.25
C58: Protetor solar | E58: 2 | F58: un./ano x R$ | G58: ='Banco de Preços'!$I$37 -> 26.16 | H58: /un. ÷ 12 | I58: =E58*G58/12 -> 4.36
B59: Custo Uniformes Operador | F59: Motorista | G59: =C33 -> 1 | H59: x R$ | I59: =SUM(I53:I58) -> 50.526667 | J59: =I59*G59 -> 50.526667
B61: Motorista | E61: Quant | G61: Valor Mensal | I61: Subtotal
B62: Vale Alimentação/Refeição | E62: 1 | F62: x R$ | G62: ='Insumos, Materiais e Equipament'!$D$16 -> 375 | H62: = R$ | I62: =E62*G62 -> 375
B63: Vale Transporte | E63: =E62 -> 1 | F63: x R$ | G63: =$C$7*'Insumos, Materiais e Equipament'!$D$17*2-0.06*G42 -> -37.7232 | H63: = R$ | I63: 0
B64: Total Motorista | E64: =C33 -> 1 | F64: x R$ | G64: =TRUNC(SUM(I62:I63),2) -> 375 | I64: = R$ | J64: =G64*E64 -> 375
B66: A – Equipamento | D66: Quantidade (hora) | E66: Utilização | G66: Custo Operacional | I66: Custo Total Mês
B67: Escavadeira Hidráulica Anfíbia | D67: =C7*C8 -> 200 | E67: Operativa | F67: Improdutiva | G67: Operativa | H67: Improdutiva | I67: =(D67*E68)*G68+(D67*F68)*H68 -> 99771.74
E68: 0.9 | F68: =1-E68 -> 0.1 | G68: =I111 -> 538.638 | H68: =I112 -> 140.845
B69: Quantidade de Máquinas | I69: =C29 -> 1
B70: Custo Mensal do Equipamento | I70: =I67*I69 -> 99771.74
B72: B – Mão de Obra | F72: Quantidade | G72: Custo da Mão de Obra | I72: Custo Total Mês
B73: Operador | F73: =C33 -> 1 | G73: =SUM(J64,J59,J50) -> 8958.572 | I73: =G73*F73 -> 8958.572
B74: Custo Mensal da Mão de Obra | I74: =I73 -> 8958.572
B75: Custo Direto | I75: =ROUND(I70+I74,2) -> 108730.31
B77: Composição de custos unitários
B78: =B38 -> Escavadeira Hidráulica anfíbia
C79: Equipamento | D79: Implemento
B80: Valor de Aquisição (VA) | C80: ='Insumos, Materiais e Equipament'!D64 -> 2882970
B81: Valor Residual (VR) | C81: =C80*E81 -> 864891 | E81: 0.3
B82: Vida Útil (VU) | C82: 5 | E82: anos
B83: Vida Útil (horas) | C83: =190*5*12 -> 11400 | E83: horas
B84: Horas de Trabalho Anual (HT) | C84: =D67*12 -> 2400 | E84: horas
B85: Juros (JU) | C85: =Base!L21 -> 0.15 | E85: selic
B86: Fator de Manutenção (FM) | C86: 0.7 | E86: Sicro 2 - E9576
B87: Potência (kw) | C87: 103 | E87: Sicro 2 - E9576
B88: Fator de Consumo (FC) | C88: =11.4/C87 -> 0.11067961 | E88: Sicro 2 - E9576
B89: Preço do Combustível (CO) | C89: ='Insumos, Materiais e Equipament'!D35 -> 5.39 | E89: cotação
B90: Reserva Técnica (RT) | C90: 0.05 | E90: -
B92: DETALHAMENTO DOS CÁLCULOS
B94: Equipamento | C94: Implemento | D94: SubTotal | F94: Equipamento | G94: Implemento | H94: SubTotal
B95: Depreciação e Custo de Aquisição | F95: Manutenção
B96: =(C80-C81)/(C82*C84) -> 168.17325 | C96: =(D80-D81)/(C82*C84) -> 0 | D96: =C96+B96 -> 168.17325 | F96: =(C80*C86)/(C82*C84) -> 168.17325 | G96: =(D80*C86)/(C82*C84) -> 0 | H96: =G96+F96 -> 168.17325
B97: =(VA-VR)/(VU*HT) | F97: =(VA*FM)/(VU*HT)
B99: Investimento Médio (IM) | F99: Operação
B100: =(((C82)+1)*C80)/(2*C82) -> 1729782 | C100: =(((D82)+1)*D80)/(2*C82) -> 0 | F100: =C87*C88*C89 -> 61.446 | G100: =D87*D88*C89 -> 0 | H100: =G100+F100 -> 61.446
B101: =(((VU)+1)*VA)/(2*VU) | F101: =kw*FC*CO
B103: Juros (JR) | F103: Reserva Técnica
B104: =(B100*C85)/C84 -> 108.11137 | C104: =(C100*C85)/C84 -> 0 | D104: =C104+B104 -> 108.11137 | F104: =(B104+B108+B96)*C90 -> 14.715159 | G104: =(C104+C108+C96)*C90 -> 0 | H104: =G104+F104 -> 14.715159
B105: =(IM*JU)/HT | F105: =(DEP+JR+IS)*RT
B107: Impostos e Seguros (IS)
B108: =((C82+1)*C80*0.025)/(2*(C82*C84)) -> 18.018563 | C108: =((C82+1)*D80*0.025)/(2*(C82*C84)) -> 0 | D108: =C108+B108 -> 18.018563
B109: =((VU+1)*VA*0,025)/(2*(HT*B13))
B111: Custo Horário Produtivo | I111: =ROUND(B96+C96+B104+C104+B108+C108+F96+G96+F100+G100+F104+G104,3) -> 538.638
B112: Custo Horário Improdutivo | I112: =ROUND(B104+C104+B108+C108+F104+G104,3) -> 140.845
B114: COMPOSIÇÃO DO CUSTO UNITÁRIO
B116: Composição do Custo Unitário | J116: Subtotal
B117: Custo Direto | J117: =I75 -> 108730.31
B118: Custo com Administração | I118: ='ADM - LOCAL'!J75 -> 0.046434248 | J118: =TRUNC(J117*I118,2) -> 5048.81
B119: Total dos Custos | J119: =J117+J118 -> 113779.12
B120: Quantidade de Serviço | I120: m³ | J120: =C28 -> 2100.36
B122: CUSTO UNITÁRIO DO SERVIÇO | I122: R$/m³ | J122: =TRUNC(J119/J120,2) -> 54.17
...

Sheet 10. Comp 8. Escavadeira Hidrául
B3: =UPPER(Base!C14) -> EXECUÇÃO DE SERVIÇO DE ESCAVAÇÃO MECÂNICA EM CANAL (NÃO EDIFICADO) COM O USO DE ESCAVADEIRA HIDRÁULICA DE BRAÇO LONGO.
B4: COMPOSIÇÃO DE CUSTOS
B6: DADOS OPERACIONAIS
B7: Dias Efetivos Mensais: | C7: ='ADM - LOCAL'!C10 -> 25 | D7: dias
B8: Horas diárias | C8: 8 | D8: horas
B9: Minutos diários | C9: =C8*60 -> 480 | D9: minutos
B11: Dias Efetivos Mensais¹
B12: ¹ Os 25 dias correspondem a serviços realizados de segunda a sábado (365 dias – 52 domingos – 10 feriados, dividido por 12 meses).
B14: PRODUTIVIDADE
B15: Item | C15: Origem | E15: Comprimento (m) | F15: Largura (m) | G15: Altura (m) | H15: Área (m²) | I15: Taxa de Resíduo | J15: Volume de Resíduos Anual (m³)
B16: 1 | C16: Minicarregadeira | E16: =Produtividade!D28 -> 22952 | F16: =Produtividade!E28 -> 4.5 | G16: 0.01 | H16: =TRUNC(E16*F16,2) -> 103284 | I16: 1 | J16: =TRUNC(G16*H16*I16,2) -> 1032.84
B17: 2 | C17: Limpeza de rios | E17: =Produtividade!D26 -> 69800 | F17: =Produtividade!E26 -> 20 | G17: 0.01 | H17: =TRUNC(E17*F17,2) -> 1396000 | I17: 0.3 | J17: =TRUNC(G17*H17*I17,2) -> 4188
B18: 3 | C18: Limpeza baronesa | E18: =TRUNC('8. Comp 6. Remoção de Plantas A'!C24*'8. Comp 6. Remoção de Plantas A'!C26,2) -> 25600 | F18: ='8. Comp 6. Remoção de Plantas A'!C25 -> 20 | G18: 0.01 | H18: =TRUNC(E18*F18,2) -> 512000 | I18: 0.3 | J18: =TRUNC(G18*H18*I18,2) -> 1536
B19: 4 | C19: Limpeza canais | E19: =Produtividade!D27 -> 69000 | F19: =Produtividade!E27 -> 8 | G19: 0.01 | H19: =TRUNC(E19*F19,2) -> 552000 | I19: 0.3 | J19: =TRUNC(G19*H19*I19,2) -> 1656
B20: Total | J20: =TRUNC(SUM(J16:J19),2) -> 8412.84
J21: =(J20/12)/Produtividade!J20 -> 199.73504
B22: DIMENSIONAMENTO
B23: Produção da Equipe | C23: =Produtividade!D20 -> 168.15 | D23: m³/h
B24: Comprimento do Rio | C24: =Produtividade!D$40 -> 6003 | D24: m
B25: Largura do Rio | C25: =Produtividade!E$40 -> 8 | D25: m
B26: Altura do Rio | C26: =Produtividade!F$40 -> 0.1 | D26: m
B27: Área do Rio | C27: =Produtividade!G$40 -> 48024 | D27: m²
B28: Volume | C28: =Produtividade!H$40 -> 4802.4 | D28: m³
B29: Quant de Escavadeiras | C29: =Produtividade!M40 -> 1 | D29: unid.
B31: MÃO DE OBRA DIRETA
B32: Mão de Obra Direta | C32: Quantidade | D32: Reserva | E32: Total
B33: Operador de Máquinas Pesadas | C33: =C38 -> 1 | D33: 0 | E33: =C33+D33 -> 1
B34: Total de Funcionários | C34: - | D34: - | E34: =E33 -> 1
B36: VEÍCULOS
B37: Mão de Obra Direta | C37: Quantidade | D37: Reserva | E37: Total
B38: Escavadeira Hidráulica de Braço Longo | C38: =C29 -> 1 | D38: 0 | E38: =C38+D38 -> 1
B39: Total de Funcionários | C39: - | D39: - | E39: =E38 -> 1
B41: Operador | E41: Quant | G41: Valor Mensal | I41: Subtotal
B42: Salário Base | E42: 1 | F42: x R$ | G42: ='Insumos, Materiais e Equipament'!D7 -> 4628.72 | H42: = R$ | I42: =G42*E42 -> 4628.72
B43: Hora Extra | E43: 0 | F43: x R$ | G43: =G42/220*1.5 -> 31.559455 | H43: = R$ | I43: =E43*G43 -> 0
B44: Insalubridade (% Sal. Mín.) | D44: 0 | E44: 1 | F44: x R$ | G44: =G42*D44 -> 0 | H44: = R$ | I44: =G44*D44 -> 0
B45: Domingo/Feriados | F45: x R$ | G45: =G42/220*2*8 -> 336.63418 | H45: = R$ | I45: -
B46: Adicional Noturno | E46: 0 | F46: x R$ | G46: =G42*14.48% -> 670.23866 | H46: = R$ | I46: =G46*E46 -> 0
B47: Encargos Sociais | D47: ='Encargos Sociais'!C44 -> 0.8435 | H47: = R$ | I47: =D47*G42 -> 3904.3253
B48: Benefício Social | E48: 1 | F48: x R$ | G48: - | H48: = R$ | I48: -
B49: PPR | D49: 0 | E49: 1 | G49: - | H49: = R$ | I49: -
B50: Total Motorista | F50: x R$ | G50: =SUM(I42:I49) -> 8533.0453 | J50: =G50 -> 8533.0453
B52: Operador | E52: Quant | G52: Valor Unit | I52: Subtotal
C53: Bota botina Segurança Ocupacional EPI | E53: 2 | F53: par/ano x R$ | G53: ='Banco de Preços'!$I$10 -> 88.73 | H53: /par ÷ 12 | I53: =E53*G53/12 -> 14.788333
C54: Boné | E54: 2 | F54: un./ano x R$ | G54: ='Banco de Preços'!$I$11 -> 19.56 | H54: /un. ÷ 12 | I54: =E54*G54/12 -> 3.26
C55: Calça de brim com fita refletiva | E55: 2 | F55: un/ano x R$ | G55: ='Insumos, Materiais e Equipament'!$D$23 -> 70.1 | H55: /un. ÷ 12 | I55: =E55*G55/12 -> 11.683333
C56: Protetor Auricular | E56: 2 | F56: un/ano x R$ | G56: ='Insumos, Materiais e Equipament'!$D$51 -> 49.11 | H56: /un. ÷ 12 | I56: =E56*G56/12 -> 8.185
C57: Camisa de manga longa com fita refletiva com UV | E57: 2 | F57: un/ano x R$ | G57: ='Banco de Preços'!$I$8 -> 49.5 | H57: /un. ÷ 12 | I57: =E57*G57/12 -> 8.25
C58: Protetor solar | E58: 2 | F58: un./ano x R$ | G58: ='Banco de Preços'!$I$37 -> 26.16 | H58: /un. ÷ 12 | I58: =E58*G58/12 -> 4.36
B59: Custo Uniformes Operador | F59: Motorista | G59: 1 | H59: x R$ | I59: =SUM(I53:I58) -> 50.526667 | J59: =I59*G59 -> 50.526667
B61: Motorista | E61: Quant | G61: Valor Mensal | I61: Subtotal
B62: Vale Alimentação/Refeição | E62: 1 | F62: x R$ | G62: ='Insumos, Materiais e Equipament'!$D$16 -> 375 | H62: = R$ | I62: =E62*G62 -> 375
B63: Vale Transporte | E63: =E62 -> 1 | F63: x R$ | G63: =$C$7*'Insumos, Materiais e Equipament'!$D$17*2-0.06*G42 -> -37.7232 | H63: = R$ | I63: 0
B64: Total Motorista | F64: x R$ | G64: =TRUNC(SUM(I62:I63),2) -> 375 | I64: = R$ | J64: =G64 -> 375
B66: A – Equipamento | D66: Quantidade (hora) | E66: Utilização | G66: Custo Operacional | I66: Custo Total Mês
B67: Escavadeira Hidráulica de Braço Longo | D67: 200 | E67: Operativa | F67: Improdutiva | G67: Operativa | H67: Improdutiva | I67: =(D67*E68)*G68+(D67*F68)*H68 -> 51433.4
E68: 0.9 | F68: =1-E68 -> 0.1 | G68: ='Insumos, Materiais e Equipament'!D84 -> 274.07 | H68: ='Insumos, Materiais e Equipament'!D83 -> 105.04
B69: Quantidade de Máquinas | I69: =C29 -> 1
B70: Custo Mensal do Equipamento | I70: =I67*I69 -> 51433.4
B72: B – Mão de Obra | F72: Quantidade | G72: Custo da Mão de Obra | I72: Custo Total Mês
B73: Operador | F73: =C33 -> 1 | G73: =SUM(J64,J59,J50) -> 8958.572 | I73: =G73*F73 -> 8958.572
B74: Custo Mensal da Mão de Obra | I74: =SUM(I73) -> 8958.572
B75: Custo Direto | I75: =ROUND(I70+I74,2) -> 60391.97
B77: Composição de custos unitários
B78: =B38 -> Escavadeira Hidráulica de Braço Longo
C79: Equipamento | D79: Implemento
B80: Valor de Aquisição (VA) | C80: 1800000
B81: Valor Residual (VR) | C81: =C80*E81 -> 540000 | E81: 0.3
B82: Vida Útil (VU) | C82: 5 | E82: anos
B83: Vida Útil (horas) | C83: =190*5*12 -> 11400 | E83: horas
B84: Horas de Trabalho Anual (HT) | C84: =D67*12 -> 2400 | E84: horas
B85: Juros (JU) | C85: =Base!L21 -> 0.15 | E85: selic
B86: Fator de Manutenção (FM) | C86: 0.7 | E86: Sicro 2 - E9576
B87: Potência (kw) | C87: 103 | E87: Sicro 2 - E9576
B88: Fator de Consumo (FC) | C88: =11.4/C87 -> 0.11067961 | E88: Sicro 2 - E9576
B89: Preço do Combustível (CO) | C89: ='Insumos, Materiais e Equipament'!D35 -> 5.39 | E89: cotação
B90: Reserva Técnica (RT) | C90: 0.05 | E90: -
B92: DETALHAMENTO DOS CÁLCULOS
B94: Equipamento | C94: Implemento | D94: SubTotal | F94: Equipamento | G94: Implemento | H94: SubTotal
B95: Depreciação e Custo de Aquisição | F95: Manutenção
B96: =(C80-C81)/(C82*C84) -> 105 | C96: =(D80-D81)/(C82*C84) -> 0 | D96: =C96+B96 -> 105 | F96: =(C80*C86)/(C82*C84) -> 105 | G96: =(D80*C86)/(C82*C84) -> 0 | H96: =G96+F96 -> 105
B97: =(VA-VR)/(VU*HT) | F97: =(VA*FM)/(VU*HT)
B99: Investimento Médio (IM) | F99: Operação
B100: =(((C82)+1)*C80)/(2*C82) -> 1080000 | C100: =(((D82)+1)*D80)/(2*C82) -> 0 | F100: =C87*C88*C89 -> 61.446 | G100: =D87*D88*C89 -> 0 | H100: =G100+F100 -> 61.446
B101: =(((VU)+1)*VA)/(2*VU) | F101: =kw*FC*CO
B103: Juros (JR) | F103: Reserva Técnica
B104: =(B100*C85)/C84 -> 67.5 | C104: =(C100*C85)/C84 -> 0 | D104: =C104+B104 -> 67.5 | F104: =(B104+B108+B96)*C90 -> 9.1875 | G104: =(C104+C108+C96)*C90 -> 0 | H104: =G104+F104 -> 9.1875
B105: =(IM*JU)/HT | F105: =(DEP+JR+IS)*RT
B107: Impostos e Seguros (IS)
B108: =((C82+1)*C80*0.025)/(2*(C82*C84)) -> 11.25 | C108: =((C82+1)*D80*0.025)/(2*(C82*C84)) -> 0 | D108: =C108+B108 -> 11.25
B109: =((VU+1)*VA*0,025)/(2*(HT*B13))
B111: Custo Horário Produtivo | I111: =ROUND(B96+C96+B104+C104+B108+C108+F96+G96+F100+G100+F104+G104,3) -> 359.384
B112: Custo Horário Improdutivo | I112: =ROUND(B104+C104+B108+C108+F104+G104,3) -> 87.938
B114: COMPOSIÇÃO DO CUSTO UNITÁRIO
B116: Composição do Custo Unitário | J116: Subtotal
B117: Custo Direto | J117: =I75 -> 60391.97
B118: Custo com Administração | I118: ='ADM - LOCAL'!J75 -> 0.046434248 | J118: =TRUNC(J117*I118,2) -> 2804.25
B119: Total dos Custos | J119: =J117+J118 -> 63196.22
B120: Quantidade de Serviço | I120: m³ | J120: =C28 -> 4802.4
B122: CUSTO UNITÁRIO DO SERVIÇO | I122: R$/m³ | J122: =TRUNC(J119/J120,2) -> 13.15
...

Sheet 11. Comp 9.  Demolição e tratam
B3: =UPPER(Base!C15) -> DEMOLIÇÃO E TRATAMENTO DE RESÍDUOS DE ENTULHO COM ESPALHAMENTO EM VIAS DE VICINAIS (EXCLUSIVE TRANSPORTE).
B4: COMPOSIÇÃO DE CUSTOS
B6: DADOS OPERACIONAIS
B7: Dias Efetivos Mensais: | C7: ='ADM - LOCAL'!C10 -> 25 | D7: dias
B8: Horas diárias | C8: 8 | D8: horas
B9: Minutos diários | C9: =C8*60 -> 480 | D9: minutos
B11: Dias Efetivos Mensais¹
B12: ¹ Os 25 dias correspondem a serviços realizados de segunda a sábado (365 dias – 52 domingos – 10 feriados, dividido por 12 meses).
B14: DIMENSIONAMENTO | F14: MÃO DE OBRA
B15: Comprimento do Rio | C15: =Produtividade!D26 -> 69800 | D15: m | F15: =B20 -> Volume Mensal demolido/tratado² | G15: =C20 -> 999.99981 | H15: =D20 -> m³
B16: Largura do Rio | C16: =Produtividade!E$26 -> 20 | D16: m | F16: Produtividade | G16: =10*30 -> 300 | H16: m³/mês
B17: Altura do Rio | C17: =Produtividade!F$26 -> 0.1 | D17: m | F17: Quantidade funcionários | G17: =ROUNDUP(G15/G16,0) -> 4 | H17: und
B18: Área do Rio | C18: =Produtividade!G$26 -> 1396000 | D18: m²
B19: Volume mensal total | C19: =Produtividade!K26 -> 37261.567 | D19: m³
B20: Volume Mensal demolido/tratado² | C20: =C19*2.6837299% -> 999.99981 | D20: m³
B21: Frequência de Limpeza | C21: =Produtividade!I26 -> 3.203 | D21: und
B22: Quant de Escavadeira | C22: =Produtividade!N26 -> 2 | D22: R$
B23: Quant de Pá carregadeira | C23: =Produtividade!N33 -> 2 | D23: unid.
B25: Volume Mensal demolido/tratado²
B26: ² Corresponde a aproximadamente 3% do volume total considerando as duas margens do rio
B28: A – Equipamento | D28: Quantidade (hora) | E28: Utilização | G28: Custo Operacional | I28: Custo Total Mês
B29: ESCAVADEIRA HIDRÁULICA SOBRE ESTEIRAS, CAÇAMBA 1,20 M3, PESO OPERACIONAL 21 T, POTÊNCIA BRUTA 155 HP - CHP DIURNO. AF_06/2014 | D29: 100 | E29: Operativa | F29: Improdutiva | G29: Operativa | H29: Improdutiva | I29: =(D29*E30)*G30+(D29*F30)*H30 -> 20609.8
E30: 0.7 | F30: =1-E30 -> 0.3 | G30: ='Insumos, Materiais e Equipament'!D86 -> 253.78 | H30: ='Insumos, Materiais e Equipament'!D85 -> 94.84
B31: Quantidade de Máquinas | I31: =C22 -> 2
B32: Custo Mensal do Equipamento | I32: =I29*I31 -> 41219.6
B34: A – Equipamento | D34: Quantidade (hora) | E34: Utilização | G34: Custo Operacional | I34: Custo Total Mês
B35: PÁ CARREGADEIRA SOBRE RODAS, POTÊNCIA LÍQUIDA 128 HP, CAPACIDADE DA CAÇAMBA 1,7 A 2,8 M3, PESO OPERACIONAL 11632 KG - CHP DIURNO. AF_06/2014 | D35: 100 | E35: Operativa | F35: Improdutiva | G35: Operativa | H35: Improdutiva | I35: =(D35*E36)*G36+(D35*F36)*H36 -> 13758.1
E36: 0.7 | F36: =1-E36 -> 0.3 | G36: ='Insumos, Materiais e Equipament'!D88 -> 165.55 | H36: ='Insumos, Materiais e Equipament'!D87 -> 72.32
B37: Quantidade de Máquinas | I37: =C23 -> 2
B38: Custo Mensal do Equipamento | I38: =I35*I37 -> 27516.2
B40: A – Equipamento | D40: Quantidade (hora) | E40: Utilização | G40: Custo Operacional | I40: Custo Total Mês
B41: GRUPO GERADOR DIESEL, COM CARENAGEM, POTÊNCIA STANDART ENTRE 400 E 460 KVA, VELOCIDADE DE 1800 RPM, FREQUÊNCIA DE 60 HZ - CHP DIURNO. AF_05/2023 | D41: 50 | E41: Operativa | F41: Improdutiva | G41: Operativa | H41: Improdutiva | I41: =(D41*E42)*G42+(D41*F42)*H42 -> 16060.8
E42: 0.7 | F42: =1-E42 -> 0.3 | G42: ='Insumos, Materiais e Equipament'!D89 -> 458.88 | H42: 0
B43: Quantidade de Máquinas | I43: 1
B44: Custo Mensal do Equipamento | I44: =I41*I43 -> 16060.8
B46: A – Equipamento | D46: Quantidade (hora) | E46: Utilização | G46: Custo Operacional | I46: Custo Total Mês
B47: CARGA, MANOBRA E DESCARGA DE ENTULHO EM CAMINHÃO BASCULANTE 14 M³ - CARGA COM ESCAVADEIRA HIDRÁULICA (CAÇAMBA DE 0,80 M³ / 111 HP) E DESCARGA LIVRE (UNIDADE: M3). AF_07/2020 | D47: 100 | E47: Operativa | F47: Improdutiva | G47: Operativa | H47: Improdutiva | I47: =(D47*E48)*G48+(D47*F48)*H48 -> 910
E48: 1 | F48: =1-E48 -> 0 | G48: ='Insumos, Materiais e Equipament'!D90 -> 9.1 | H48: 0
B49: Quantidade de Máquinas | I49: 1
B50: Custo Mensal do Equipamento | I50: =I47*I49 -> 910
B52: A – Equipamento | D52: Quantidade (hora) | E52: Utilização | G52: Custo Operacional | I52: Custo Total Mês
B53: ESPALHAMENTO DE MATERIAL COM TRATOR DE ESTEIRAS. AF_09/2024 | D53: 100 | E53: Operativa | F53: Improdutiva | G53: Operativa | H53: Improdutiva | I53: =(D53*E54)*G54+(D53*F54)*H54 -> 137
E54: 1 | F54: =1-E54 -> 0 | G54: ='Insumos, Materiais e Equipament'!D91 -> 1.37 | H54: 0
B55: Quantidade de Máquinas | I55: 1
B56: Custo Mensal do Equipamento | I56: =I53*I55 -> 137
B58: B – Mão de Obra | F58: Quantidade | G58: Custo da Mão de Obra | I58: Custo Total Mês
B59: SERVENTE COM ENCARGOS COMPLEMENTARES | F59: =G17 -> 4 | G59: ='Insumos, Materiais e Equipament'!D92 -> 22.98 | I59: =F59*G59 -> 91.92
B60: Custo Mensal da Mão de Obra | I60: =SUM(I59) -> 91.92
B61: Custo Direto | I61: =ROUND(I32+I38+I44+I50+ I56+I60,2) -> 85935.52
B64: COMPOSIÇÃO DO CUSTO UNITÁRIO
B66: Composição do Custo Unitário | J66: Subtotal
B67: Custo Direto | J67: =I61 -> 85935.52
B68: Custo com Administração | I68: ='ADM - LOCAL'!J75 -> 0.046434248 | J68: =TRUNC(J67*I68,2) -> 3990.35
B69: Total dos Custos | J69: =J67+J68 -> 89925.87
B70: Quantidade de Serviço | I70: m³ | J70: =C20 -> 999.99981
B72: CUSTO UNITÁRIO DO SERVIÇO | I72: R$/m³ | J72: =TRUNC(J69/J70,2) -> 89.92
B73: BDI | I73: ='BDI - Desonerado'!D25 -> 0.299 | J73: =TRUNC(J72*I73,2) -> 26.88
B74: PREÇO UNITÁRIO | I74: R$/m³ | J74: =J72+J73 -> 116.8

Sheet 12 e 13. Transporte de Resíduos
B3: TRANSPORTE DE RESÍDUOS E ASSOREAMENTO EM CAMINHÃO BASCULANTE
B4: COMPOSIÇÃO DE CUSTOS
B6: DADOS OPERACIONAIS
B7: Dias Efetivos Mensais: | C7: ='ADM - LOCAL'!C10 -> 25 | D7: dias
B8: Horas diárias | C8: 8 | D8: horas
B9: Minutos diários | C9: =C8*60 -> 480 | D9: minutos
B11: Dias Efetivos Mensais¹
B12: ¹ Os 25 dias correspondem a serviços realizados de segunda a sábado (365 dias – 52 domingos – 10 feriados, dividido por 12 meses).
B14: PRODUTIVIDADE
B15: Item | C15: Origem | E15: Comprimento (m) | F15: Largura (m) | G15: Altura (m) | H15: Volume (m³) | I15: Taxa de Resíduo | J15: Volume de Resíduos Anual (m³) | K15: Densidade aparente (ton/m³) | L15: Massa Anual (Ton) | M15: Massa Mensal (Ton)
B16: 1 | C16: Escavadeiras | E16: =Produtividade!D28 -> 22952 | F16: =Produtividade!E28 -> 4.5 | G16: 0.1 | H16: =TRUNC(E16*F16*G16,2) -> 10328.4 | I16: 0.15 | J16: =TRUNC(H16*I16,2) -> 1549.26 | K16: 1.32 | L16: =TRUNC(J16*K16,2) -> 2045.02 | M16: =L16/12 -> 170.41833
B17: 2 | C17: Limpeza de rios | E17: =Produtividade!D26 -> 69800 | F17: 8 | G17: 0.1 | H17: =TRUNC(E17*F17*G17,2) -> 55840 | I17: 0.15 | J17: =TRUNC(H17*I17,2) -> 8376 | K17: 1.32 | L17: =TRUNC(J17*K17,2) -> 11056.32 | M17: =L17/12 -> 921.36
B18: 3 | C18: Limpeza baronesa | E18: =TRUNC('8. Comp 6. Remoção de Plantas A'!C24*'8. Comp 6. Remoção de Plantas A'!C26,2) -> 25600 | F18: ='8. Comp 6. Remoção de Plantas A'!C25 -> 20 | G18: 0.1 | H18: =TRUNC(E18*F18*G18,2) -> 51200 | I18: 0.15 | J18: =TRUNC(H18*I18,2) -> 7680 | K18: 1.32 | L18: =TRUNC(J18*K18,2) -> 10137.6 | M18: =L18/12 -> 844.8
B19: 4 | C19: Limpeza canais | E19: =Produtividade!D27 -> 69000 | F19: =Produtividade!E27 -> 8 | G19: 0.1 | H19: =TRUNC(E19*F19*G19,2) -> 55200 | I19: 0.15 | J19: =TRUNC(H19*I19,2) -> 8280 | K19: 1.32 | L19: =TRUNC(J19*K19,2) -> 10929.6 | M19: =L19/12 -> 910.8
B20: 5 | C20: Dragagem de Rio (*) | E20: =Produtividade!D26*30% -> 20940 | F20: =20*30% -> 6 | G20: 0.2 | H20: =TRUNC(E20*F20*G20,2) -> 25128 | I20: 0.15 | J20: =TRUNC(H20*I20,2) -> 3769.2 | K20: 0.8 | L20: =TRUNC(J20*K20,2) -> 3015.36 | M20: =L20/12 -> 251.28
B21: TOTAL | J21: =TRUNC(SUM(J16:J20),2) -> 29654.46 | K21: - | L21: =TRUNC(SUM(L16:L20),2) -> 37183.9 | M21: =TRUNC(SUM(M16:M20),2) -> 3098.65
B23: Considera-se dragagem de rio como sendo em 40% de sua extensão total, onde este percentual reflete sobre o difícil acesso
B25: DIMENSIONAMENTO
B26: Densidade de Matéria Orgânica | C26: 1.32 | D26: Ton/m³
B27: Caminhões Basculantes 10M³ | C27: =ROUND(M21/(C28*C7*C30),0) -> 2 | D27: unidades
B28: Capacidade do Basculhante 10M³ | C28: =C29*1.5 -> 15 | D28: ton
B29: Capacidade volume | C29: 10 | D29: m³
B30: Quantidade de Viagens | C30: 4 | D30: viagens
B31: Produtividade x Turno: | C31: 80 | D31: m³/turno
B32: Média KM | C32: 50 | D32: KM
B33: KM/dia por Veículo | C33: =TRUNC(C32*C30,2) -> 200 | D33: KM
B34: Total de M³/mês | C34: =C33*C29 -> 2000 | D34: m³
B35: Total médio de até 30 KM/mês | C35: =C34*70% -> 1400 | D35: m³
B36: Total médio acima de 30 KM/mês | C36: =C34*30% -> 600 | D36: m³
B38: DENSIDADE DE MATÉRIA DE ASSOREAMENTO, REFERÊNCIA
B39: https://www.gov.br/ana/pt-br/assuntos/monitoramento-e-eventos-criticos/monitoramento-hidrologico/orientacoes-manuais/entidades/guia-avaliacao-assoreamento-reservatorios-aneel-2000.pdf
B41: DENSIDADE DE MATÉRIA ORGÂNICA, REFERÊNCIA
B42: https://www.revistasuninter.com/revistameioambiente/index.php/meioAmbiente/article/view/933/415view/933/415
B44: QUANTIDADE DE VIAGENS
B45: ²Quantidade de Viagens = tempo diário (8horas diárias) / tempo de ciclo (produtividade)
B47: MÉDIA DE KM
B48: ³50 KM = Média de ida e volta do caminhão aos pontos mais afastados e descarregando no aterro.
B51: DIMENSIONAMENTO ATÉ 30 KM
B52: Quantidade de Serviço | C52: =C35 -> 1400 | D52: m³
B53: Quantidade de Serviço (30 km) | C53: =C52*30 -> 42000 | D53: m³ x Km
B54: SINAPI - 95875 - 01/2026 | C54: ='Insumos, Materiais e Equipament'!D60 -> 2.5 | D54: R$
B57: DIMENSIONAMENTO ACIMA DE 30 KM
B58: Quantidade de Serviço | C58: =C36 -> 600 | D58: m³
B59: Quantidade de Serviço (20 km) | C59: =C58*20 -> 12000 | D59: m³ x Km
B60: SINAPI - 93590 - 01/2026 | C60: ='Insumos, Materiais e Equipament'!D61 -> 0.99 | D60: R$
B64: COMPOSIÇÃO DO CUSTO UNITÁRIO - ATÉ 30 KM
B66: Composição do Custo Unitário | J66: Subtotal
B67: Custo Direto | J67: =C53*C54 -> 105000
B68: Custo com Administração | I68: ='ADM - LOCAL'!J75 -> 0.046434248 | J68: =TRUNC(J67*I68,2) -> 4875.59
B69: Total dos Custos | J69: =J67+J68 -> 109875.59
B70: Quantidade de Serviço | I70: m³ | J70: =C53 -> 42000
B72: CUSTO UNITÁRIO DO SERVIÇO | I72: R$/(m³xKm) | J72: =TRUNC(J69/J70,2) -> 2.61
B73: BDI | I73: ='BDI - Desonerado'!D25 -> 0.299 | J73: =TRUNC(J72*I73,2) -> 0.78
B74: PREÇO UNITÁRIO | I74: R$/(m³xKm) | J74: =J72+J73 -> 3.39
B77: COMPOSIÇÃO DO CUSTO UNITÁRIO - ACIMA DE 30 KM
B79: Composição do Custo Unitário | J79: Subtotal
B80: Custo Direto | J80: =C59*C60 -> 11880
B81: Custo com Administração | I81: ='ADM - LOCAL'!J75 -> 0.046434248 | J81: =TRUNC(J80*I81,2) -> 551.63
B82: Total dos Custos | J82: =J80+J81 -> 12431.63
B83: Quantidade de Serviço | I83: m³ | J83: =C59 -> 12000
B85: CUSTO UNITÁRIO DO SERVIÇO | I85: R$/(m³xKm) | J85: =TRUNC(J82/J83,2) -> 1.03
B86: BDI | I86: ='BDI - Desonerado'!D25 -> 0.299 | J86: =TRUNC(J85*I86,2) -> 0.3
B87: PREÇO UNITÁRIO | I87: R$/(m³xKm) | J87: =J85+J86 -> 1.33

Sheet ADM - LOCAL
B3: ADMINISTRAÇÃO LOCAL
B4: COMPOSIÇÃO DE CUSTOS
B6: DADOS OPERACIONAIS
B7: Dias no ano: | C7: 365 | D7: dias
B8: Domingos no ano: | C8: 52 | D8: domingos
B9: Feriados no ano: | C9: 13 | D9: dias
B10: Média dias normais: | C10: =(C7-C8-C9)/12 -> 25 | D10: dias/ mês
B11: Quantidade: | C11: 1 | D11: eq./mês
B13: I - PESSOAL, REMUNERAÇÃO E ENCARGOS SOCIAIS
B16: Função | C16: Referência | D16: Quantidade | E16: Custo Unitário | F16: Encargos Sociais | G16: Benefícios | H16: Uniformes | I16: Subtotal | J16: Total
B17: Vigia | C17: Sicro - P9827 | D17: 4 | E17: ='Insumos, Materiais e Equipament'!D12 -> 4596.75 | F17: ='Encargos Sociais'!$C$44*E17 -> 3877.3586 | G17: ='Insumos, Materiais e Equipament'!D$16 -> 375 | H17: ='Insumos, Materiais e Equipament'!D$24 -> 49.5 | I17: =SUM(E17:H17) -> 8898.6086 | J17: =D17*I17 -> 35594.435
B18: ='Insumos, Materiais e Equipament'!C9 -> Encarregado de operações | C18: SINAPI - 93572 | D18: 1 | E18: ='Insumos, Materiais e Equipament'!D9 -> 7730.38 | F18: ='Encargos Sociais'!$C$44*E18 -> 6520.5755 | G18: ='Insumos, Materiais e Equipament'!D$16 -> 375 | H18: ='Insumos, Materiais e Equipament'!D$24 -> 49.5 | I18: =SUM(E18:H18) -> 14675.456 | J18: =D18*I18 -> 14675.456
B20: TOTAL PESSOAL, REMUNERAÇÃO E ENCARGOS SOCIAIS | I20: = R$ | J20: =SUM(J17:J18) -> 50269.89
B22: II - MATERIAIS E CONSUMO
B24: Materias e Consumo | E24: Quant. | G24: Valor Unit. | I24: Subtotal
B25: Concessionária de Água | E25: 1 | F25: un./mês x R$ | G25: ='Insumos, Materiais e Equipament'!D70 -> 150 | H25: /un. | I25: =G25*E25 -> 150
B26: Concessionária de Energia | E26: =E25 -> 1 | F26: un./mês x R$ | G26: ='Insumos, Materiais e Equipament'!D71 -> 200 | H26: /un. | I26: =G26*E26 -> 200
B27: Locação da Garagem | E27: 1 | F27: un./mês x R$ | G27: ='Insumos, Materiais e Equipament'!D72 -> 4000 | H27: /un. | I27: =G27*E27 -> 4000
B28: Aquisição - Tenda 6x6 m - Canteiro itinerante (apoio) | E28: 1 | F28: un./mês x R$ | G28: ='Insumos, Materiais e Equipament'!D73 -> 6216.4286 | H28: /un. | I28: =G28*E28 -> 6216.4286
B29: Locação - Banheiro Químico STD - Canteiro itinerante (apoio) | E29: 1 | F29: un./mês x R$ | G29: ='Insumos, Materiais e Equipament'!D96 -> 107 | H29: /un. | I29: =G29*E29 -> 107
B30: Aquisição - Mesa com 4 cadeiras - Canteiro itinerante (apoio) | E30: 1 | F30: un./mês x R$ | G30: ='Insumos, Materiais e Equipament'!D74 -> 389.52 | H30: /un. | I30: =G30*E30 -> 389.52
B31: Material de Escritório (1% do custo da MDO) | E31: 1 | F31: un./mês x R$ | G31: =J20*0.01 -> 502.6989 | H31: /un. | I31: =G31*E31 -> 502.6989
B32: Custo Total Materias e Consumo | J32: =SUM(I25:I31) -> 11565.647
B34: Fornecimento Equip. Informatica (1) - Composição Auxiliar
B35: Televisão | E35: 1 | F35: un./mês x R$ | G35: ='Insumos, Materiais e Equipament'!D69/12 -> 225.16583 | H35: /un. | I35: =G35*E35 -> 225.16583
B36: Microcomputador / notebook | E36: =E35 -> 1 | F36: un./mês x R$ | G36: ='Insumos, Materiais e Equipament'!D68/12 -> 252.4725 | H36: /un. | I36: =G36*E36 -> 252.4725
B37: Impressora | E37: 1 | F37: un./mês x R$ | G37: ='Insumos, Materiais e Equipament'!D67/12 -> 161.38917 | H37: /un. | I37: =G37*E37 -> 161.38917
G38: Sub-total | I38: =SUM(I35:I37) -> 639.0275 | J38: =I38 -> 639.0275
B40: Amortização | E40: =1/60 -> 0.016666667 | F40: un./mês x R$ | G40: =I38 -> 639.0275 | H40: /un. | I40: =G40*E40 -> 10.650458
B41: Custo de Capital | E41: =G48 -> 0.0075 | F41: un./mês x R$ | G41: =I40 -> 10.650458 | H41: /un. | I41: =G41*E41 -> 0.079878437
B42: Custo Total | J42: =SUM(I40:I41) -> 10.730337
E44: C= [(2+(n-1).(k+1))/(24.n)].j
E45: k = residual = | G45: 0
E46: n = vida útil (anos) = | G46: 5
E47: j = juros % a.a = | G47: =Base!L21 -> 0.15
E48: C = coef. de remuneração | G48: =((2+(G46-1)*(G45+1))/(24*G46))*G47 -> 0.0075
B50: TOTAL MATERIAIS E CONSUMO | I50: = R$ | J50: =SUM(J42,J32,J38) -> 12215.405
B52: III - VEÍCULOS
B54: Veículos | D54: Quant. h | F54: Valor Unit.
B55: Veículos Administrativos | D55: 200 | E55: hrs x R$ | F55: ='Insumos, Materiais e Equipament'!D94 -> 236.97 | H55: 1 | I55: = R$ | J55: =F55*25 -> 5924.25
B57: TOTAL DOS VEÍCULOS | I57: = R$ | J57: =J55 -> 5924.25
B59: III - RESUMO DOS CUSTOS DIRETOS
B61: Resumo dos Custos Diretos | J61: Subtotal
B62: Pessoal, Remuneração e Encargos | J62: =J20 -> 50269.89
B63: Materiais e Consumo | J63: =J50 -> 12215.405
B64: Veículos | J64: =J57 -> 5924.25
K65: ITEM 1 | L65: ='1. Escavadeira'!J32 -> 435569.4
B66: TOTAL DOS CUSTOS DIRETOS | I66: = R$ | J66: =SUM(J62:J64) -> 68409.545 | K66: ITEM 2 | L66: ='2. Retro '!J40 -> 190675.42
K67: ITEM 3 | L67: ='3. Comp 1. Minicarregadeira'!J121 -> 29737.61
B68: IV - RATEIO SOBRE O CUSTO | K68: ITEM 4 | L68: ='4. Comp 2. Trator de Esteiras'!J83 -> 50625.772
K69: ITEM 5 | L69: ='5. Comp 3. Draga'!J82 -> 167587.89
B70: Rateio sobre o custo | J70: Subtotal | K70: ITEM 6 | L70: ='6. Comp 4. Cavalo Mecânico'!J67 -> 19375.372
B71: Custo Direto | J71: =J66 -> 68409.545 | K71: ITEM 7 | L71: ='7. Comp 5. Limpeza do Rio'!J245 -> 84983.5
B72: Total dos Custos Operacionais | J72: =L80 -> 1473256.2 | K72: ITEM 8 | L72: ='8. Comp 6. Remoção de Plantas A'!J142 -> 54353.921
K73: ITEM 9 | L73: ='9. Comp 7. Hidráulica Anfíbia'!J117 -> 108730.31
B74: PARTICIPAÇÃO CUSTO ADMINISTRAÇÃO LOCAL | I74: % | J74: =J71/J72 -> 0.046434248 | K74: ITEM 10 | L74: ='10. Comp 8. Escavadeira Hidrául'!J117 -> 60391.97
J75: =J74 -> 0.046434248 | K75: ITEM 11 | L75: ='11. Comp 9. Demolição e tratam'!J67 -> 85935.52
K76: ITEM 12 | L76: ='12 e 13. Transporte de Resíduos'!J67 -> 105000
K77: ITEM 13 | L77: ='12 e 13. Transporte de Resíduos'!J80 -> 11880
K78: ADM | L78: =J71 -> 68409.545
L80: =SUM(L65:L78) -> 1473256.2

Sheet Produtividade
B3: COMPOSIÇÃO DE PRODUTIVIDADE DAS MÁQUINAS/VEÍCULOS
B4: VARIÁVEIS | D4: MÁQUINAS
D5: ESCAVADEIRA HIDRÁULICA SOBRE ESTEIRAS, CAÇAMBA 1,20 M3, PESO OPERACIONAL 21 T, POTÊNCIA BRUTA 155 HP - CHP DIURNO. AF_06/2014 | F5: RETROESCAVADEIRA SOBRE RODAS COM CARREGADEIRA CAÇAMBA 0,79 M³ - 72HP | H5: MINICARREGADEIRA SOBRE RODAS, CAPACIDADE 646 Kg - 47 HP | J5: CAMINHÃO BASCULANTE 6 M3, PESO BRUTO TOTAL 16.000 KG, CARGA ÚTIL MÁXIMA 13.071 KG, DISTÂNCIA ENTRE EIXOS 4,80 M, POTÊNCIA 230 CV INCLUSIVE CAÇAMBA METÁLICA - CHP DIURNO. AF_06/2014 | L5: Unidade
B6: A | C6: Capacidade | D6: 1.2 | F6: 0.79 | H6: 0.6 | J6: 6 | L6: m³
B7: B | C7: Fator de carga | D7: 1 | F7: 0.9 | H7: 0.9 | J7: 1 | L7: -
B8: C | C8: Fator de conversão | D8: 0.8 | F8: 0.8 | H8: 0.72 | J8: 0.8 | L8: -
B9: D | C9: Fator de Eficiência | D9: 0.83 | F9: 0.83 | H9: 0.83 | J9: 0.83 | L9: -
B10: E | C10: Tempo fixo | D10: - | F10: - | H10: - | J10: 8 | L10: min
B11: F | C11: Tempo de ida | D11: - | F11: - | H11: - | J11: 26.5 | L11: min
B12: G | C12: Tempo de retorno | D12: 0.27 | F12: 0.5 | H12: 0.5 | J12: 26.5 | L12: min | M12: OBS* Tempo de ciclo com base na distância de bairros mais afastados em relação ao aterro sanitário
B13: H | C13: Tempo do ciclo | D13: =SUM(D10:D12) -> 0.27 | F13: =SUM(F10:F12) -> 0.5 | H13: =SUM(H10:H12) -> 0.5 | J13: =SUM(J10:J12) -> 61 | L13: min
B15: Produção Horária (m³/h) | D15: P = 60 . A . B . C . (D/H)
D16: =TRUNC(60*D6*D7*D8*(D9/D13),1) -> 177 | F16: =TRUNC(60*F6*F7*F8*(F9/F13),1) -> 56.6 | H16: =TRUNC(60*H6*H7*H8*(H9/H13),1) -> 38.7 | J16: =TRUNC(60*J6*J7*J8*(J9/J13),1) -> 3.9 | L16: m³/h
B17: Quant. de Equipamento | D17: 1 | F17: 1 | H17: 1 | J17: 1 | L17: m³/h
B18: Utilização Operativa | D18: 0.95 | F18: 0.95 | H18: 0.95 | J18: 0.9 | L18: m³/h
B19: Utilização Improdutiva | D19: 0.05 | F19: 0.05 | H19: 0.05 | J19: 0.1 | L19: m³/h
B20: Produção da equipe | D20: =D16*D17*D18 -> 168.15 | F20: =F16*F17*F18 -> 53.77 | H20: =H16*H17*H18 -> 36.765 | J20: =J16*J17*J18 -> 3.51 | L20: m³/h
B22: Fonte | C22: https://www.gov.br/dnit/pt-br/assuntos/planejamento-e-pesquisa/custos-e-pagamentos/custos-e-pagamentos-dnit/sistemas-de-custos/sicro_antiga/manuais-de-custos-de-infraestrutura-de-transportes/volume-12-producoes-de-equipes-mecanicas.rar/view
B24: Equipamento | C24: Localidade | D24: LEITO | I24: Limpeza | L24: Carga horária produtiva | N24: Frota
D25: Comprimento (m) | E25: Largura (m) | F25: Altura (m) | G25: Área (m²) | H25: Volume (m³) | I25: Frequência | J25: Volume Anual de Limpeza | K25: Volume Mensal de Limpeza | L25: H/ano | M25: H/mês | N25: Quant.
B26: Escavadeira Hidráulica | C26: Rio | D26: =34900*2 -> 69800 | E26: 20 | F26: 0.1 | G26: =D26*E26 -> 1396000 | H26: =D26*E26*F26 -> 139600 | I26: 3.203 | J26: =I26*H26 -> 447138.8 | K26: =J26/12 -> 37261.567 | L26: =ROUND(J26/$D$20,0) -> 2659 | M26: =L26/12 -> 221.58333 | N26: =ROUNDUP(M26/200,0) -> 2
B27: Retroescavadeira | C27: Córregos | D27: =34500*2 -> 69000 | E27: 8 | F27: 0.1 | G27: =D27*E27 -> 552000 | H27: =D27*E27*F27 -> 55200 | I27: 3.260699 | J27: =I27*H27 -> 179990.58 | K27: =J27/12 -> 14999.215 | L27: =ROUND(J27/F20,0) -> 3347 | M27: =ROUND(L27/12,0) -> 279 | N27: =ROUNDUP(M27/200,0) -> 2
B28: Minicarregadeira | C28: Canais edificados | D28: 22952 | E28: 4.5 | F28: 0.1 | G28: =D28*E28 -> 103284 | H28: =D28*E28*F28 -> 10328.4 | I28: 4.5 | J28: =I28*H28 -> 46477.8 | K28: =J28/12 -> 3873.15 | L28: =ROUND(J28/H20,0) -> 1264 | M28: =L28/12 -> 105.33333 | N28: =ROUNDUP(M28/200,0) -> 1
B29: Escavadeira Hidráulica Anfíbia | C29: Rio | D29: =34900 -> 34900 | E29: 20 | F29: 0.1 | G29: =D29*E29 -> 698000 | H29: =D29*E29*F29 -> 69800 | I29: 4.5 | J29: =I29*H29 -> 314100 | K29: =J29/12 -> 26175 | L29: =ROUND(J29/D20,0) -> 1868 | M29: =L29/12 -> 155.66667 | N29: =ROUNDUP(M29/200,0) -> 1
B30: Escavadeira Hidráulica de braço longo | C30: Rio | D30: =34900 -> 34900 | E30: 20 | F30: 0.1 | G30: =D30*E30 -> 698000 | H30: =D30*E30*F30 -> 69800 | I30: 4.5 | J30: =I30*H30 -> 314100 | K30: =J30/12 -> 26175 | L30: =ROUND(J30/D20,0) -> 1868 | M30: =L30/12 -> 155.66667 | N30: =ROUNDUP(M30/200,0) -> 1
B31: Trator de Esteiras | C31: Rio | D31: =34900*40% -> 13960 | E31: 20 | F31: 0.1 | G31: =D31*E31 -> 279200 | H31: =D31*E31*F31 -> 27920 | I31: 4.5 | J31: =I31*H31 -> 125640 | K31: =J31/12 -> 10470 | L31: =ROUND(J31/F20,0) -> 2337 | M31: =L31/12 -> 194.75 | N31: =ROUNDUP(M31/200,0) -> 1
B32: Draga | C32: Rio | D32: =34900 -> 34900 | E32: 20 | F32: 0.25 | G32: =D32*E32 -> 698000 | H32: =D32*E32*F32 -> 174500 | I32: 1.857 | J32: =I32*H32 -> 324046.5 | K32: =J32/12 -> 27003.875 | L32: =ROUND(J32/150,0) -> 2160 | M32: =L32/12 -> 180 | N32: =ROUNDUP(M32/200,0) -> 1
B33: Pá Carregadeira | C33: Rio | D33: =34900*2 -> 69800 | E33: 20 | F33: 0.1 | G33: =D33*E33 -> 1396000 | H33: =D33*E33*F33 -> 139600 | I33: 3.203 | J33: =I33*H33 -> 447138.8 | K33: =J33/12 -> 37261.567 | L33: =ROUND(J33/150,0) -> 2981 | M33: =L33/12 -> 248.41667 | N33: =ROUNDUP(M33/200,0) -> 2
B35: Equipamento | C35: Localidade | D35: LEITO | I35: Limpeza | M35: Frota
D36: Comprimento (m) | E36: Largura (m) | F36: Altura (m) | G36: Área (m²) | H36: Volume (m³) | I36: Frequência | J36: Volume x Frequência | K36: Limite de Horas/mês | L36: Limite de m³ por máquina | M36: Quant.
B37: Escavadeira Hidráulica Anfíbia | C37: Rio | D37: =34900*40% -> 13960 | E37: 20 | F37: 0.1 | G37: =D37*E37 -> 279200 | H37: =D37*E37*F37 -> 27920 | I37: 1 | J37: =H37*I37 -> 27920 | K37: 200 | L37: =K37*D$20 -> 33630 | M37: =ROUNDUP(H37*I37/L37,0) -> 1
B38: Escavadeira Hidráulica de braço longo | C38: Rio | D38: =34900*40% -> 13960 | E38: 20 | F38: 0.1 | G38: =D38*E38 -> 279200 | H38: =D38*E38*F38 -> 27920 | I38: 1 | J38: =H38*I38 -> 27920 | K38: 200 | L38: =K38*D20 -> 33630 | M38: =ROUNDUP(H38*I38/L38,0) -> 1
B39: Escavadeira Hidráulica Anfíbia | C39: Córregos | D39: =34500*7.61% -> 2625.45 | E39: 8 | F39: 0.1 | G39: =D39*E39 -> 21003.6 | H39: =D39*E39*F39 -> 2100.36 | I39: 3 | J39: =H39*I39 -> 6301.08 | K39: 200 | L39: =K39*D$20 -> 33630 | M39: =ROUNDUP(H39*I39/L39,0) -> 1
B40: Escavadeira Hidráulica de braço longo | C40: Córregos | D40: =34500*17.4% -> 6003 | E40: 8 | F40: 0.1 | G40: =D40*E40 -> 48024 | H40: =D40*E40*F40 -> 4802.4 | I40: 3 | J40: =H40*I40 -> 14407.2 | K40: 200 | L40: =K40*D$20 -> 33630 | M40: =ROUNDUP(H40*I40/L40,0) -> 1
B42: OBS* | C42: Foi considerada uma área de difícil acesso de 40%.
B44: CHP por Máquina / Mês | C44: CÓDIGO SINAPI
B45: =M26/N26 -> 110.79167 | C45: SINAPI 88907 | E45: 253.78
B46: =M27/N27 -> 139.5 | C46: SINAPI 5875 | E46: 132.96
B47: =M28/N28 -> 105.33333 | C47: SINAPI 90692 | E47: 136.41
B49: DETERMINAÇÃO DAS ALTURAS ¹
B50: ¹ Relatório de Impacto Ambiental para implantação da Barragem do Rio Ipojuca - Engenho do Maranhão - A APAC - Agência Pernambucana de Águas e Clima (http://www.cprh.pe.gov.br/downloads/Rima_das_barragens_do_rio_Ipojuca_Tudo.pdf) realizou Relatório Impacto Ambiental para implantação de Barragem no Rio Ipojuca. O relatório Estimativa do Assoreamento do Reservatório da Barragem do Rio Ipojuca – Engenho Maranhão chegou-se, com um volume máximo normal de acumulação de 50,5 milhões de m³ (cota 77) e um volume morto de 2.3 milhões de m³ (cota 63), a um volume assoreado da ordem de 2.5 milhões de m³ em 50 anos, ou seja, de 4.6% do volume máximo normal de acumulação, ou de 102% do volume morto, para o trecho em análise. Que acarretará uma camada de material sedimentado de espessura de 10 cm a 35cm de acordo com (https://www.apac.pe.gov.br/images/media/1569523666_PHA_Ipojuca_TOMO_I_VOL_2_Diagnostico_10.09.11.pdf)
B52: Uso do cavalo mecânico com Semirreboque ¹
B53: Considerou-se o uso de 2h diárias para o uso do Cavalo mecânico, sendo assim:
B54: Horas diárias | C54: Média dos dias normais | E54: Quantidade de horas mês
B55: 2 | C55: ='ADM - LOCAL'!C10 -> 25 | E55: =C55*B55 -> 50
B57: Item | C57: Descrição | D57: Unidade | E57: Comprimento | F57: Largura | G57: Espessura | H57: Taxa | I57: Quantidade
B59: 38021 | C59: Dragagem de canal executado com escavadeira hidráulica ANFÍBIA, para remoção de sedimentos e materiais acumulados em locais de difícil acesso.
C60: Alto do Moura | E60: 7873 | F60: 4 | G60: 0.5 | H60: 0.15 | I60: 2361.9
C61: Anel Viário | E61: 1867 | F61: 4 | G61: 0.5 | H61: 0.15 | I61: 560.1
C62: Cedro | E62: 358 | F62: 4 | G62: 0.5 | H62: 0.15 | I62: 107.4
C63: Centro | E63: 947 | F63: 4 | G63: 0.5 | H63: 0.15 | I63: 284.1
C64: Cidade Jardim | E64: 3570 | F64: 4 | G64: 0.5 | H64: 0.15 | I64: 1071
C65: Cipó | E65: 855 | F65: 4 | G65: 0.5 | H65: 0.15 | I65: 256.5
C66: Indianópolis | E66: 1247 | F66: 4 | G66: 0.5 | H66: 0.15 | I66: 374.1
C67: José Liberato | E67: 1896 | F67: 4 | G67: 0.5 | H67: 0.15 | I67: 568.8
C68: Kennedy | E68: 13004 | F68: 4 | G68: 0.5 | H68: 0.15 | I68: 3901.2
C69: Mocós | E69: 16095 | F69: 4 | G69: 0.5 | H69: 0.15 | I69: 4828.5
C70: Petrópolis | E70: 3123 | F70: 4 | G70: 0.5 | H70: 0.15 | I70: 936.9
C71: Riachão | E71: 4854 | F71: 4 | G71: 0.5 | H71: 0.15 | I71: 1456.2
... C75: Vassoural | E75: 5193 | F75: 4 | G75: 0.5 | H75: 0.15 | I75: 1557.9
B78: Total do item: | I78: 20857.8

Sheet BDI - Desonerado
B3: COMPOSIÇÃO DE BDI
B4: DESONERADO
B6: COD | C6: DESCRIÇÃO | D6: % | F6: Não ultrapassar a faixa de limites abaixo, caso tenha duvida sobre o tipo da obra, realizar consulta no ACORDÃO 2622/2013-TCU ou pedir orientações pra alguem da GIDUR.
C7: Despesas Indiretas
B8: AC | C8: Administração central | D8: 0.0343 | F8: Para o tipo de obra “Construção de Edifícios”: | K8: Para o tipo de obra “Construção de Redes de Abastecimento de Água, Coleta de Esgoto e Construções Correlatas”:
B9: DF | C9: Despesas financeiras | D9: 0.0094 | F9: PARCELA DO BDI | G9: 1 Quartil | H9: Médio | I9: 3 Quartil | K9: PARCELA DO BDI | L9: 1 Quartil | M9: Médio | N9: 3 Quartil
B10: R | C10: Riscos | D10: 0.01 | F10: Administração Central | G10: 0.03 | H10: 0.04 | I10: 0.055 | K10: Administração Central | L10: 0.0343 | M10: 0.0493 | N10: 0.0671
D11: =SUM(D8:D10) -> 0.0537 | F11: Seguro e Garantia | G11: 0.008 | H11: 0.008 | I11: 0.01 | K11: Seguro e Garantia | L11: 0.0028 | M11: 0.0049 | N11: 0.0075
F12: Risco | G12: 0.0097 | H12: 0.0127 | I12: 0.0127 | K12: Risco | L12: 0.01 | M12: 0.0139 | N12: 0.0174
C13: Benefício | F13: Despesas Financeiras | G13: 0.0059 | H13: 0.0123 | I13: 0.0139 | K13: Despesas Financeiras | L13: 0.0094 | M13: 0.0099 | N13: 0.0117
B14: S + G | C14: Garantia/seguros | D14: 0.0028 | F14: Lucro | G14: 0.0616 | H14: 0.074 | I14: 0.0896 | K14: Lucro | L14: 0.0674 | M14: 0.0804 | N14: 0.094
B15: L | C15: Lucro | D15: 0.0674 | F15: PIS, COFINS e ISSQN | G15: Conforme legislação específica | K15: PIS, COFINS e ISSQN | L15: Conforme legislação específica
D16: =SUM(D14:D15) -> 0.0702 | F16: Para o tipo de obra “Construção de Rodovias e Ferrovias”: | K16: Para “Fornecimento de Materiais e Equipamentos”:
B18: I | C18: Impostos | F18: PARCELA DO BDI | G18: 1 Quartil | H18: Médio | I18: 3 Quartil | K18: PARCELA DO BDI | L18: 1 Quartil | M18: Médio | N18: 3 Quartil
C19: PIS | D19: 0.0065 | F19: Administração Central | G19: 0.038 | H19: 0.0401 | I19: 0.0467 | K19: Administração Central | L19: 0.015 | M19: 0.0345 | N19: 0.0449
C20: COFINS | D20: 0.03 | F20: Seguro e Garantia | G20: 0.0032 | H20: 0.004 | I20: 0.0074 | K20: Seguro e Garantia | L20: 0.003 | M20: 0.0048 | N20: 0.0082
C21: ISS (conforme legislação de cada município) | D21: 0.05 | F21: Risco | G21: 0.005 | H21: 0.0056 | I21: 0.0097 | K21: Risco | L21: 0.0056 | M21: 0.0085 | N21: 0.0089 | O21: Decreto 114 de 27/12/2024
C22: CPRB | D22: 0.045
D23: =SUM(D19:D22) -> 0.1315 | F23: Despesas Financeiras | G23: 0.0102 | H23: 0.0111 | I23: 0.0121 | K23: Despesas Financeiras | L23: 0.0085 | M23: 0.0085 | N23: 0.0111
F24: Lucro | G24: 0.0664 | H24: 0.073 | I24: 0.0869 | K24: Lucro | L24: 0.035 | M24: 0.0511 | N24: 0.0622
C25: BDI = | D25: =+ROUND(((((1+D8+D14+D10)*(1+D9)*(1+D15))/(1-D23))-1)*1,4) -> 0.299 | F25: PIS, COFINS e ISSQN | G25: Conforme legislação específica | K25: PIS, COFINS e ISSQN | L25: Conforme legislação específica
F27: O valor final do BDI não pode ultrapassar os limites abaixo, quando não tiver desoneração do INSS na folha de pagamento, pois foram calculados sem desoneração:

Sheet Banco de Preços
B3: COTAÇÃO DE INSUMOS E EQUIPAMENTOS
B4: BANCO DE PREÇOS
B6: ITEM | C6: DESCRIÇÃO | D6: UND | E6: QTD | F6: BANCO DE PREÇO | I6: MÉDIA
B7: 1 | C7: Calça de brim com fita refletiva | D7: unid. | E7: 1 | F7: R$ 80,00 | G7: R$ 70,30 | H7: R$ 60,00 | I7: 70.1
B8: 2 | C8: Camisa de manga longa com fita refletiva com UV | D8: unid. | E8: 1 | F8: R$ 50,00 | G8: R$ 49,50 | H8: R$ 48,99 | I8: 49.5
B9: 3 | C9: Bota de borracha cano longo | D9: par | E9: 1 | F9: R$ 38,95 | G9: R$ 42,90 | H9: R$ 44,90 | I9: 42.25
B10: 4 | C10: Bota botina Segurança Ocupacional EPI cano curto | D10: par | E10: 1 | F10: R$ 89,80 | G10: R$ 126,44 | H10: R$ 49,95 | I10: 88.73
B11: 5 | C11: Boné | D11: unid. | E11: 1 | F11: R$ 21,00 | G11: R$ 23,00 | H11: R$ 14,68 | I11: 19.56
B12: 6 | C12: Chapéu com cobertura de pescoço | D12: unid. | E12: 1 | F12: R$ 30,00 | G12: R$ 52,60 | H12: R$ 17,67 | I12: 33.42
B13: 7 | C13: Capa de chuva | D13: unid. | E13: 1 | F13: R$ 44,90 | G13: R$ 39,69 | H13: R$ 29,75 | I13: 38.11
B14: 8 | C14: Luva de proteção PVC (cano longo) | D14: par | E14: 1 | F14: R$ 10,00 | G14: R$ 15,00 | H14: R$ 31,50 | I14: 18.83
B15: 9 | C15: Pá quadrada | D15: unid. | E15: 1 | F15: R$ 31,68 | G15: R$ 32,20 | H15: R$ 34,00 | I15: 32.63
B16: 10 | C16: Camara Pneu (275 x 80) | D16: unid. | E16: 1 | F16: R$ 150,00 | G16: R$ 163,10 | H16: R$ 159,98 | I16: 157.69
B17: 11 | C17: Protetor (parabarro) | D17: un | E17: 1 | F17: R$ 140,00 | G17: R$ 190,00 | H17: R$ 200,00 | I17: 176.67
B18: 12 | C18: Pneu (275 x 80) recapado | D18: unid. | E18: 1 | F18: R$ 990,00 | G18: R$ 747,00 | H18: R$ 1.000,00 | I18: 912.33
... B36: 30 | C36: Pneu (275 x 80) | D36: unid. | E36: 1 | F36: R$ 1.662,00 | G36: R$ 1.650,00 | H36: R$ 1.450,00 | I36: 1587.33
B37: 31 | C37: Protetor Solar Fator 15 | D37: unid. | E37: 1 | F37: R$ 27,50 | G37: R$ 29,00 | H37: R$ 21,99 | I37: 26.16 | M37: MÉDIA
B38: 32 | C38: Tenda 6x6 | D38: unid. | E38: 1 | F38: 6000 | G38: 5540 | H38: 5795 | I38: 6800 | J38: 6940 | K38: 6350 | L38: 6090 | M38: =AVERAGE(F38:L38) -> 6216.4286
B39: 33 | C39: Conjunto 1 Mesa 4 Cadeiras | D39: unid. | E39: 1 | F39: 385 | G39: 375 | H39: 380 | I39: 375.99 | J39: 444.9 | K39: 377 | L39: 388.75 | M39: =AVERAGE(F39:L39) -> 389.52
B41: ITEM | C41: EQUIPAMENTOS/ SERVIÇOS CONTRATADOS | D41: UNIDADE | E41: QTD | F41: BANCO DE PREÇOS | I41: VALOR UNIT
B42: 5 | C42: Ônibus Urbano | D42: unid. | E42: 1 | F42: R$ 848.900,00 | G42: R$ 520.600,00 | H42: R$ 558.000,00 | I42: 642500
B43: 6 | C43: Chassi Caminhão PBT 13.000 kg (VW 13.180 - Delivery) | D43: unid. | E43: 1 | F43: - | G43: - | H43: - | I43: =458600 -> 458600
B44: 7 | C44: Chassi VW 17.220 | D44: unid. | E44: 1 | F44: - | G44: - | H44: - | I44: 458600
B45: 8 | C45: Serviço de rastreamento | D45: unid. | E45: 1 | F45: R$ 1.999,99 | G45: R$ 2.185,00 | H45: R$ 2.015,99 | I45: 2066.99
B46: 9 | C46: Impressora | D46: unid. | E46: 1 | F46: R$ 1.050,00 | G46: R$ 2.440,00 | H46: R$ 2.320,00 | I46: 1936.67
B47: 10 | C47: Microcomputador / notebook | D47: unid. | E47: 1 | F47: R$ 2.850,00 | G47: R$ 3.349,00 | H47: R$ 2.890,00 | I47: 3029.67
B48: 11 | C48: Televisão 55 POLEGADAS | D48: unid. | E48: 1 | F48: R$ 2.655,48 | G48: R$ 2.650,00 | H48: R$ 2.800,50 | I48: 2701.99
B49: 12 | C49: Escavadeira Hidráulica Anfíbia | D49: und. | E49: 1 | F49: 1783000 | G49: 1200000 | H49: - | I49: =(F49+G49)/2 -> 1491500
B50: ITEM | C50: SERVIÇOS CONTRATADOS | D50: UNIDADE | E50: QTD | F50: BANCO DE PREÇOS | I50: VALOR
B51: 1 | C51: Veículo para Fiscalização | D51: diária | E51: 1 | F51: R$ 250,00 | G51: R$ 229,90 | H51: R$ 231,00 | I51: 236.97
B52: 2 | C52: Lavagem de caminhão | D52: unid. | E52: 1 | F52: R$ 300,00 | G52: R$ 160,00 | H52: R$ 400,00 | I52: 286.67
B53: 3 | C53: Retroescavadeira | D53: hrs | E53: 1 | F53: R$ 225,00 | G53: R$ 228,33 | H53: R$ 182,00 | I53: 211.78
B54: 4 | C54: Caminhão Basculante 6 m3 | D54: hrs | E54: 1 | F54: R$ 120,00 | G54: R$ 225,00 | H54: R$ 192,00 | I54: 179
B55: 5 | C55: Concessionária de Água | D55: - | E55: 1 | F55: - | G55: - | H55: - | I55: 150
B56: 6 | C56: Concessionária de Energia | D56: - | E56: 1 | F56: - | G56: - | H56: - | I56: 200
B57: 7 | C57: Locação da Garagem | D57: - | E57: 1 | F57: - | G57: - | H57: - | I57: 4000
B59: 1. FONTES CONSULTADAS:
B60: 1 | C60: BANCO DE PREÇOS (SITE GOVERNAMENTAL)
B61: 2
B62: 3
B63: 4
B64: 5

Sheet Insumos, Materiais e Equipament
B3: INSUMOS, MATERIAIS E EQUIPAMENTOS
B4: BANCO DE PREÇOS
B6: ITEM | C6: MÃO DE OBRA | D6: VALOR/2025 | E6: UNIDADE | F6: REFERÊNCIA
B7: 1 | C7: Operador de Máquina | D7: 4628.72 | E7: mês | F7: SINAPI 101431 - 01/2026 | G7: Vale Refeição/Funcionário
B8: =B7+1 -> 2 | C8: Motorista de caminhão Basculante | D8: =2891.1*$I$15 -> 3083.3325 | E8: mês | F8: Acordo Coletiva Motoristas+percentual SM | G8: Dias/trab./ano | H8: 365
B9: =B8+1 -> 3 | C9: Encarregado de operações | D9: 7730.38 | E9: mês | F9: SINAPI 93572 01/2026 | G9: Meses/ano | H9: 12
B10: =B9+1 -> 4 | C10: Fiscal de serviços (Técnico em edificações) | D10: 4969.09 | E10: mês | F10: SINAPI 100534 - 01/2026 | G10: Dias/trab./mês | H10: 25
B11: =B10+1 -> 5 | C11: Agente de Limpeza | D11: 1621 | E11: mês | F11: Salário Mínimo 2026 | G11: Custo de refeição | H11: 15 | I11: CCT PE 2025
B12: =B11+1 -> 6 | C12: Vigia | D12: 4596.75 | E12: mês | F12: Sicro - P9827 10/2025
B13: =B12+1 -> 7 | C13: Motorista veiculos leves | D13: =2891.1*$I$15 -> 3083.3325 | E13: mês | F13: Acordo Coletiva Motoristas+percentual SM | G13: Refeições / dia | H13: 1
B14: ITEM | C14: CUSTOS | D14: VALOR/2025 | E14: UNIDADE | F14: REFERÊNCIA | G14: Valor por mês | H14: =TRUNC(H10*H11,2) -> 375 | I14: http://www.seac-pe.com.br/pdfs/2025/CCT%202025%20-%20STEALMOAIC.pdf
B15: 1 | C15: Salário Encarregado | D15: 1621 | E15: mês | F15: https://www.gov.br/esocial/pt-br/noticias/novo-salario-minimo-2026-veja-como-registrar-o-reajuste-no-esocial-domestico | G15: Percentual SM | H15: salário mínimo 2026 / salário mínimo 2025 | I15: =1620/1519 -> 1.0664911
B16: 3 | C16: Vale Refeição | D16: =15*25 -> 375 | E16: mês | F16: http://www.seac-pe.com.br/pdfs/2025/CCT%202025%20-%20STEALMOAIC.pdf
B17: 5 | C17: Passagem de Ônibus | D17: 4.8 | E17: unid | F17: https://g1.globo.com/pe/caruaru-regiao/noticia/2023/09/06/passagem-de-onibus-sobe-para-r-480-em-caruaru.ghtml
B19: FONTE | C19: https://agenciagov.ebc.com.br/noticias/202412/salario-minimo-e-de-r-1-518-a-partir-desta-quarta-1deg
C20: http://www.seac-pe.com.br/pdfs/2025/CCT%202025%20-%20STEALMOAIC.pdf
B22: ITEM | C22: MATERIAIS | D22: VALOR UNIT | E22: UNIDADE | F22: REFERÊNCIA
B23: 1 | C23: Calça de brim com fita refletiva | D23: ='Banco de Preços'!I7 -> 70.1 | E23: unid. | F23: Banco de Preços
B24: 2 | C24: Camisa de manga longa com fita refletiva com UV | D24: ='Banco de Preços'!I8 -> 49.5 | E24: unid. | F24: Banco de Preços
B25: 3 | C25: Bota de borracha cano longo | D25: ='Banco de Preços'!I9 -> 42.25 | E25: par | F25: Banco de Preços
B26: 4 | C26: Bota botina Segurança Ocupacional EPI | D26: ='Banco de Preços'!I10 -> 88.73 | E26: par | F26: Banco de Preços
B27: 5 | C27: Boné | D27: ='Banco de Preços'!I11 -> 19.56 | E27: unid. | F27: Banco de Preços
B28: 6 | C28: Chapéu com cobertura de pescoço | D28: ='Banco de Preços'!I12 -> 33.42 | E28: unid. | F28: Banco de Preços
B29: 7 | C29: Capa de chuva | D29: ='Banco de Preços'!I13 -> 38.11 | E29: unid. | F29: Banco de Preços
B30: 8 | C30: Luva de proteção PVC (cano longo) | D30: ='Banco de Preços'!I14 -> 18.83 | E30: par | F30: Banco de Preços
B31: 9 | C31: Pá quadrada | D31: ='Banco de Preços'!I15 -> 32.63 | E31: unid. | F31: Banco de Preços
B32: 10 | C32: Camara Pneu (275 x 80) | D32: ='Banco de Preços'!I16 -> 157.69 | E32: unid. | F32: Banco de Preços
B33: 11 | C33: Protetor (parabarro) | D33: ='Banco de Preços'!I17 -> 176.67 | E33: un | F33: Banco de Preços
B34: 12 | C34: Pneu (275 x 80) recapado | D34: ='Banco de Preços'!I18 -> 912.33 | E34: unid. | F34: Banco de Preços
... B53: 31 | C53: Protetor solar fator 15 | D53: ='Banco de Preços'!I37 -> 26.16 | E53: unid. | F53: Banco de Preços
B54: ITEM | C54: EQUIPAMENTOS/ SERVIÇOS CONTRATADOS | D54: VALOR UNIT | E54: UNIDADE | F54: REFERÊNCIA
B55: 1 | C55: Escavadeira Hidráulica sobre esteiras com caçamba de 1,20 m³ | D55: 952387.43 | E55: unid. | F55: SINAPI 14525 12/2025
B56: 2 | C56: Escavadeira Hidráulica de braço longo (longo alcance) sobre esteiras | D56: 1095447.8 | E56: unid. | F56: SINAPI 45112 12/2025
B57: 3 | C57: Retroescavadeira sobre rodas com carregadeira, tração 4x4 | D57: 466463.38 | E57: unid. | F57: SINAPI 36531 12/2025
B58: 4 | C58: Minicarregadeira sobre rodas | D58: 360000 | E58: unid. | F58: SINAPI 37514 12/2025
B59: 5 | C59: Caminhão basculante 6m³ | D59: 60984.7 | E59: unid. | F59: SINAPI 37733 12/2025
B60: 6 | C60: Transporte com caminhão basculante de 10m³, até 30KM | D60: 2.5 | E60: m³/km | F60: SINAPI 95875 - 01/2026
B61: 7 | C61: Transporte com caminhão basculante de 10m³, adicional acima de 30km | D61: 0.99 | E61: m³/km | F61: SINAPI 93590 - 01/2026
B62: 8 | C62: Ônibus Urbano | D62: ='Banco de Preços'!I42 -> 642500 | E62: unid. | F62: Banco de Preços
B63: 9 | C63: Chassi Caminhão PBT 13.000 kg (VW 13.180 - Delivery) | D63: 455835 | E63: unid. | F63: Tabela FIPE - 01/2026 https://veiculos.fipe.org.br
B64: 10 | C64: Escavadeira Hidráulica Anfíbia | D64: 2882970 | E64: unid. | F64: 14878 - EMOP (RJ) 11/2025
B65: 11 | C65: Caminhão toco ( Cabine e Chassis ) | D65: 555945.95 | E65: unid. | F65: SINAPI 44058 12/2025
B66: 12 | C66: Serviço de rastreamento | D66: ='Banco de Preços'!I45 -> 2066.99 | E66: unid. | F66: Banco de Preços
B67: 13 | C67: Impressora | D67: ='Banco de Preços'!I46 -> 1936.67 | E67: unid. | F67: Banco de Preços
B68: 14 | C68: Microcomputador / notebook | D68: ='Banco de Preços'!I47 -> 3029.67 | E68: unid. | F68: Banco de Preços
B69: 15 | C69: Televisão | D69: ='Banco de Preços'!I48 -> 2701.99 | E69: unid. | F69: Banco de Preços
B70: 16 | C70: Concessionária de Água | D70: ='Banco de Preços'!I55 -> 150 | E70: mês | F70: Banco de Preços
B71: 17 | C71: Concessionária de Energia | D71: ='Banco de Preços'!I56 -> 200 | E71: mês | F71: Banco de Preços
B72: 18 | C72: Locação da Garagem | D72: ='Banco de Preços'!I57 -> 4000 | E72: mês | F72: Banco de Preços
B73: 19 | C73: Aquisição de tenda 6x6 | D73: ='Banco de Preços'!M38 -> 6216.4286 | E73: unid. | F73: Banco de Preços
B74: 20 | C74: Aquisição de 1 mesa e 4 cadeiras | D74: ='Banco de Preços'!M39 -> 389.52 | E74: unid. | F74: Banco de Preços
B75: 21 | C75: Escavação de Valas com profundidade Maior que 1,5M até 3M | D75: 11.69 | E75: m³ | F75: SINAPI 102287
B76: 22 | C76: Escavação de Valas com profundidade até 1,5M | D76: 12.71 | E76: m³ | F76: SINAPI 90100
B77: 23 | C77: Trator de esteiras CHI | D77: 88.37 | E77: hora | F77: SINAPI - 5853
B78: 24 | C78: Trator de esteiras CHP | D78: 259.75 | E78: hora | F78: SINAPI - 5851
B79: 25 | C79: Draga de sucção e recalque com potência da bomba de 483 kW CHI | D79: 300.77 | E79: hora | F79: SICRO - E9636
B80: 26 | C80: Draga de sucção e recalque com potência da bomba de 483 kW CHP | D80: 1026.4 | E80: hora | F80: SICRO - E9636
B81: 27 | C81: Cavalo mecânico com semirreboque capacidade de 32t CHI | D81: 88.37 | E81: hora | F81: SICRO E9666
B82: 28 | C82: Cavalo mecânico com semirreboque capacidade de 32t CHP | D82: 259.75 | E82: hora | F82: SICRO E9666
B83: 29 | C83: Escavadeira hidráulica de braço longo CHI | D83: 105.04 | E83: hora | F83: SINAPI 104717
B84: 30 | C84: Escavadeira hidráulica de braço longo CHP | D84: 274.07 | E84: hora | F84: SINAPI 104716
B85: 31 | C85: Escavadeira hidráulica sobre esteiras CHI | D85: 94.84 | E85: hora | F85: SINAPI - 88908
B86: 32 | C86: Escavadeira hidráulica sobre esteiras CHP | D86: 253.78 | E86: hora | F86: SINAPI - 88907
... B92: 38 | C92: Servente com encargos complementares | D92: 22.98 | E92: hora | F92: SINAPI 88316
B93: ITEM | C93: SERVIÇOS CONTRATADOS | D93: VALOR | E93: UNIDADE | F93: REFERÊNCIA
B94: 1 | C94: Veículo para Fiscalização | D94: ='Banco de Preços'!I51 -> 236.97 | E94: diária | F94: Banco de Preços
B95: =B94+1 -> 2 | C95: Lavagem de caminhão | D95: ='Banco de Preços'!I52 -> 286.67 | E95: unid. | F95: Banco de Preços
B96: 3 | C96: Locação de cabine sanitária STD | D96: 107 | E96: unid. | F96: Contrato da SESP

Sheet Encargos Sociais
B3: COMPOSIÇÃO DE ENCARGOS SOCIAIS MÁXIMOS - DESONERADO
C4: HORISTA | D4: MENSALISTA | E4: 12 x 36
B5: INSS | C5: 0 | D5: 0 | E5: 0.2 | F5: Artigo 22 Inciso I Lei 8.212/91
B6: SESI | C6: 0.015 | D6: 0.015 | E6: 0.08 | F6: Decreto 61.836/67
B7: SENAI | C7: 0.01 | D7: 0.01 | E7: 0.015 | F7: Decreto 61.843/67
B8: INCRA | C8: 0.002 | D8: 0.002 | E8: 0.01 | F8: Lei 7787 de 30/06/89 e DL 1146/70
B9: SEBRAE | C9: 0.006 | D9: 0.006 | E9: 0.006 | F9: Decreto 99.570/90
B10: Salário Educação | C10: 0.025 | D10: 0.025 | E10: 0.002 | F10: Artigo 3º Inciso I Decreto 87.043/82
B11: Seguro Acidente do Trabalho | C11: 0.03 | D11: 0.03 | E11: 0.025 | F11: Decreto 6.042/2007 LEI 10.666/2003
B12: F.G.T.S. | C12: 0.08 | D12: 0.08 | E12: 0.03 | F12: Artigo 15 Lei 8036/90 e Art. 7º Inciso III CF/88
B13: SECONCI | C13: 0 | D13: 0
B14: TOTAL DO GRUPO “A” | C14: =ROUND(SUM(C5:C13),4) -> 0.168 | D14: =ROUND(SUM(D5:D13),4) -> 0.168 | E14: 0.368
E16: 12 x 36
B17: Repouso Semanal Remunerado | C17: 0.1801 | D17: 0 | E17: 0.0806
B18: Feriados | C18: 0.0432 | D18: 0 | E18: 0.0268
B19: Auxílio - Enfermidade | C19: 0.0085 | D19: 0.0064 | E19: 0.001 | F19: Artigo 18 Lei 8.212/91 e artigo 476 CLT
B20: 13º Salário | C20: 0.1103 | D20: 0.0833 | E20: 0.0002 | F20: Lei 4090/62 Inciso VIII Art. 7 CF 88
B21: Licença Paternidade | C21: 0.0006 | D21: 0.0004 | E21: 0.0001 | F21: Lei 13.527/2016
B22: Faltas Justificadas | C22: 0.0074 | D22: 0.0056 | F22: Artigo 473 e 822 da CLT
B23: Dias de Chuva | C23: 0.0198 | D23: 0
B24: Auxílio Acidente de Trabalho | C24: 0.001 | D24: 0.0008 | E24: 0.0058 | F24: Lei 6.367/76 e Artigo 476 da CLT
B25: Férias Gozadas | C25: 0.109 | D25: 0.0824 | F25: Artigo 142º DL 5.542/42 e Art 7 CF Inc XVII
B26: Salário Maternidade | C26: 0.0004 | D26: 0.0003 | E26: 0.0054
B27: TOTAL DO GRUPO “B” | C27: =ROUND(SUM(C17:C26),4) -> 0.4803 | D27: =ROUND(SUM(D17:D26),4) -> 0.1792 | E27: 0.1199
E29: 12 x 36
B30: Aviso Prévio Indenizado | C30: 0.048 | D30: 0.0363 | F30: Artigo 487 CLT e Inciso XXI do Artigo 7º CF/88
B31: Aviso Prévio Trabalhado | C31: 0.0011 | D31: 0.0009 | F31: CLT Artigo 488 § Único e Artigo 7 Inciso XXI da CF/88
B32: Férias Indenizadas | C32: 0.0291 | D32: 0.022 | E32: 0.0269 | F32: Artigo 146 e § Único
B33: Depósito Rescisão sem Justa Causa | C33: 0.0283 | D33: 0.0214 | E33: 0.0932
B34: Indenização Adicional | C34: 0.004 | D34: 0.0031 | E34: 0.0014 | F34: Artigo 9º 7.238/84
B35: TOTAL DO GRUPO “C” | C35: =ROUND(SUM(C30:C34),4) -> 0.1105 | D35: =ROUND(SUM(D30:D34),4) -> 0.0837 | E35: 0.1215
E37: 12 x 36
B38: Reincidência de Grupo A sobre Grupo B | C38: 0.0807 | D38: 0.0301
B39: Reincidência de Grupo A sobre Aviso Prévio Trabalhado e Reincidência do FGTS sobre Aviso Prévio Indenizado | C39: 0.004 | D39: 0.0031
B40: TOTAL DO GRUPO “D” | C40: =ROUND(SUM(C38:C39),4) -> 0.0847 | D40: =ROUND(SUM(D38:D39),4) -> 0.0332
E42: 12 x 36
B43: TOTAL DO GRUPO (A+B+C+D) | D43: =D14+D27+D35+D40 -> 0.4641 | E43: 0.0936 | F43: Artigos 22º e 28º Lei 8.212/91
B44: TOTAL DOS ENCARGOS | C44: =SUM(C40+C35+C27+C14) -> 0.8435 | E44: 0.8126
B46: Fonte: Informação Dias de Chuva - INMET

Sheet Cronograma
B3: CRONOGRAMA FÍSICO-FINANCEIRO
B4: ITEM | C4: SERVIÇOS | D4: UNID. | E4: FIS/FIN. | F4: MÊS 1 | G4: MÊS 2 | H4: MÊS 3 | I4: MÊS 4 | J4: MÊS 5 | K4: MÊS 6 | L4: MÊS 7 | M4: MÊS 8 | N4: MÊS 9 | O4: MÊS 10 | P4: MÊS 11 | Q4: MÊS 12 | R4: ACUMULATIVO
B5: =Base!B5 -> 1 | C5: =Base!C5 -> Execução de serviço com escavadeira hidráulica sob esteira convencional para retirada de resíduos sólidos e regularização de taludes em margens de rio. | D5: =Base!D5 -> m³ | E5: FÍSICO | F5: =Base!G5 -> 37260 | G5: =F5 -> 37260 | H5: =G5 -> 37260 | I5: =H5 -> 37260 | J5: =I5 -> 37260 | K5: =J5 -> 37260 | L5: =K5 -> 37260 | M5: =L5 -> 37260 | N5: =M5 -> 37260 | ... P5: =O5 -> 37260 | Q5: =H5 -> 37260 | R5: =T5/T6 -> 1 | T5: =Base!G5*12 -> 447120
E6: R$ | F6: =Base!K5 -> 591688.8 | G6: =F6 -> 591688.8 | H6: =G6 -> 591688.8 | I6: =H6 -> 591688.8 | J6: =I6 -> 591688.8 | K6: =J6 -> 591688.8 | L6: =K6 -> 591688.8 | M6: =L6 -> 591688.8 | N6: =M6 -> 591688.8 | ... P6: =O6 -> 591688.8 | Q6: =H6 -> 591688.8 | R6: =SUM(F6:Q6) -> 7100265.6 | T6: =SUM(F5:Q5) -> 447120
B7: =Base!B6 -> 2 | C7: =Base!C6 -> Execução de serviço com retroescavadeira para retirada de resíduos sólidos e regularização de taludes em margens de córregos ou canais. | D7: =Base!D6 -> m³ | E7: FÍSICO | F7: =Base!G6 -> 15002 | G7: =F7 -> 15002 | H7: =G7 -> 15002 | I7: =H7 -> 15002 | J7: =I7 -> 15002 | K7: =J7 -> 15002 | L7: =K7 -> 15002 | M7: =L7 -> 15002 | N7: =M7 -> 15002 | ... P7: =O7 -> 15002 | Q7: =H7 -> 15002 | R7: =T7/T8 -> 1 | T7: =Base!G6*12 -> 180024
E8: R$ | F8: =Base!K6 -> 259084.54 | G8: =F8 -> 259084.54 | H8: =G8 -> 259084.54 | I8: =H8 -> 259084.54 | J8: =I8 -> 259084.54 | K8: =J8 -> 259084.54 | L8: =K8 -> 259084.54 | M8: =L8 -> 259084.54 | N8: =M8 -> 259084.54 | ... P8: =O8 -> 259084.54 | Q8: =H8 -> 259084.54 | R8: =SUM(F8:Q8) -> 3109014.5 | T8: =SUM(F7:Q7) -> 180024
B9: =Base!B7 -> 3 | C9: =Base!C7 -> Execução de serviço com minicarregadeira sobre rodas para retirada de resíduos sólidos em córregos e canais edificados. | D9: =Base!D7 -> m³ | E9: FÍSICO | F9: =+Base!$G$7 -> 7353 | G9: =+Base!$G$7 -> 7353 | H9: =+Base!$G$7 -> 7353 | I9: =H9 -> 7353 | J9: =I9 -> 7353 | K9: =J9 -> 7353 | L9: =K9 -> 7353 | M9: =L9 -> 7353 | N9: =M9 -> 7353 | O9: =N9 -> 7353 | P9: =O9 -> 7353 | Q9: =H9 -> 7353 | R9: =T9/T10 -> 1 | T9: =Base!G7*12 -> 88236
E10: R$ | F10: =Base!K7 -> 40367.97 | G10: =+Base!$I$7*G9 -> 40367.97 | H10: =+Base!$I$7*H9 -> 40367.97 | I10: =H10 -> 40367.97 | J10: =I10 -> 40367.97 | K10: =J10 -> 40367.97 | L10: =K10 -> 40367.97 | M10: =L10 -> 40367.97 | N10: =M10 -> 40367.97 | O10: =N10 -> 40367.97 | P10: =O10 -> 40367.97 | Q10: =H10 -> 40367.97 | R10: =SUM(F10:Q10) -> 484415.64 | T10: =SUM(F9:Q9) -> 88236
B11: =Base!B8 -> 4 | C11: =Base!C8 -> Execução de serviço de escavação com o uso de trator de esteiras. | D11: =Base!D8 -> Hora | E11: FÍSICO | F11: =Base!G8 -> 200 | G11: =F11 -> 200 | H11: =G11 -> 200 | I11: =H11 -> 200 | J11: =I11 -> 200 | K11: =J11 -> 200 | L11: =K11 -> 200 | M11: =L11 -> 200 | N11: =M11 -> 200 | ... Q11: =P11 -> 200 | R11: =T11/T12 -> 1 | T11: =Base!G8*12 -> 2400
E12: R$ | F12: =Base!K8 -> 68814 | G12: =F12 -> 68814 | H12: =G12 -> 68814 | I12: =H12 -> 68814 | J12: =I12 -> 68814 | K12: =J12 -> 68814 | L12: =K12 -> 68814 | M12: =L12 -> 68814 | N12: =M12 -> 68814 | ... Q12: =P12 -> 68814 | R12: =SUM(F12:Q12) -> 825768 | T12: =SUM(F11:Q11) -> 2400
B13: =Base!B9 -> 5 | C13: =Base!C9 -> Execução de dragagem de rio com uso de draga. | D13: =Base!D9 -> Hora | E13: FÍSICO | F13: =Base!G9 -> 180 | G13: =F13 -> 180 | H13: =G13 -> 180 | I13: =H13 -> 180 | J13: =I13 -> 180 | K13: =J13 -> 180 | L13: =K13 -> 180 | M13: =L13 -> 180 | N13: =M13 -> 180 | ... P13: =O13 -> 180 | Q13: =H13 -> 180 | R13: =T13/T14 -> 1 | T13: =Base!G9*12 -> 2160
E14: R$ | F14: =Base!K9 -> 227802.6 | G14: =F14 -> 227802.6 | H14: =G14 -> 227802.6 | I14: =H14 -> 227802.6 | J14: =I14 -> 227802.6 | K14: =J14 -> 227802.6 | L14: =K14 -> 227802.6 | M14: =L14 -> 227802.6 | N14: =M14 -> 227802.6 | ... P14: =O14 -> 227802.6 | Q14: =H14 -> 227802.6 | R14: =SUM(F14:Q14) -> 2733631.2 | T14: =SUM(F13:Q13) -> 2160
B15: =Base!B10 -> 6 | C15: =Base!C10 -> Mobilização e desmobilização de equipamentos em cavalo mecânico com semirreboque. | D15: =Base!D10 -> Hora | E15: FÍSICO | F15: =Base!G10 -> 50 | G15: =F15 -> 50 | H15: =G15 -> 50 | I15: =H15 -> 50 | J15: =I15 -> 50 | K15: =J15 -> 50 | L15: =K15 -> 50 | M15: =L15 -> 50 | N15: =M15 -> 50 | ... P15: =O15 -> 50 | Q15: =O15 -> 50 | R15: =T15/T16 -> 1 | T15: =Base!G10*12 -> 600
E16: R$ | F16: =Base!K10 -> 26337 | G16: =F16 -> 26337 | H16: =G16 -> 26337 | I16: =H16 -> 26337 | J16: =I16 -> 26337 | K16: =J16 -> 26337 | L16: =K16 -> 26337 | M16: =L16 -> 26337 | N16: =M16 -> 26337 | ... P16: =O16 -> 26337 | Q16: =O16 -> 26337 | R16: =SUM(F16:Q16) -> 316044 | T16: =SUM(F15:Q15) -> 600
B17: =Base!B11 -> 7 | C17: =Base!C11 -> Execução de serviço de limpeza e capinação de margem do rio. | D17: =Base!D11 -> m² | E17: FÍSICO | F17: =+Base!G11 -> 15000 | G17: =F17 -> 15000 | H17: =G17 -> 15000 | I17: =H17 -> 15000 | J17: =I17 -> 15000 | K17: =J17 -> 15000 | L17: =K17 -> 15000 | M17: =L17 -> 15000 | N17: =M17 -> 15000 | ... P17: =O17 -> 15000 | Q17: =O17 -> 15000 | R17: =T17/T18 -> 1 | T17: =Base!G11*12 -> 180000
E18: R$ | F18: =+Base!K11 -> 115350 | G18: =F18 -> 115350 | H18: =G18 -> 115350 | I18: =H18 -> 115350 | J18: =I18 -> 115350 | K18: =J18 -> 115350 | L18: =K18 -> 115350 | M18: =L18 -> 115350 | N18: =M18 -> 115350 | ... P18: =O18 -> 115350 | Q18: =O18 -> 115350 | R18: =SUM(F18:Q18) -> 1384200 | T18: =SUM(F17:Q17) -> 180000
B19: =Base!B12 -> 8 | C19: =Base!C12 -> Execução de serviço de remoção de plantas aquáticas. | D19: =Base!D12 -> m² | E19: FÍSICO | F19: =+Base!G12 -> 42666.667 | G19: =F19 -> 42666.667 | H19: =G19 -> 42666.667 | I19: =H19 -> 42666.667 | J19: =I19 -> 42666.667 | K19: =J19 -> 42666.667 | L19: =K19 -> 42666.667 | M19: =L19 -> 42666.667 | N19: =M19 -> 42666.667 | ... P19: =O19 -> 42666.667 | Q19: =O19 -> 42666.667 | R19: =T19/T20 -> 1 | T19: =Base!G12*12 -> 512000
E20: R$ | F20: =+Base!K12 -> 73386.66 | G20: =F20 -> 73386.66 | H20: =G20 -> 73386.66 | I20: =H20 -> 73386.66 | J20: =I20 -> 73386.66 | K20: =J20 -> 73386.66 | L20: =K20 -> 73386.66 | M20: =L20 -> 73386.66 | N20: =M20 -> 73386.66 | ... P20: =O20 -> 73386.66 | Q20: =O20 -> 73386.66 | R20: =SUM(F20:Q20) -> 880639.92 | T20: =SUM(F19:Q19) -> 512000
B21: =Base!B13 -> 9 | C21: =Base!C13 -> Execução de serviço de escavação mecânica em canal (não edificado) com o uso de escavadeira hidráulica anfíbia. | D21: =Base!D13 -> m³ | E21: FÍSICO | F21: =+Base!G13 -> 2100.36 | G21: =F21 -> 2100.36 | H21: =G21 -> 2100.36 | I21: =H21 -> 2100.36 | J21: =I21 -> 2100.36 | K21: =J21 -> 2100.36 | L21: =K21 -> 2100.36 | M21: =L21 -> 2100.36 | N21: =M21 -> 2100.36 | ... P21: =O21 -> 2100.36 | Q21: =O21 -> 2100.36 | R21: =T21/T22 -> 1 | T21: =Base!G13*12 -> 25204.32
E22: R$ | F22: =+Base!K13 -> 147781.32 | G22: =F22 -> 147781.32 | H22: =G22 -> 147781.32 | I22: =H22 -> 147781.32 | J22: =I22 -> 147781.32 | K22: =J22 -> 147781.32 | L22: =K22 -> 147781.32 | M22: =L22 -> 147781.32 | N22: =M22 -> 147781.32 | ... P22: =O22 -> 147781.32 | Q22: =O22 -> 147781.32 | R22: =SUM(F22:Q22) -> 1773375.8 | T22: =SUM(F21:Q21) -> 25204.32
B23: =Base!B14 -> 10 | C23: =Base!C14 -> Execução de serviço de escavação mecânica em canal (não edificado) com o uso de escavadeira hidráulica de braço longo. | D23: =Base!D14 -> m³ | E23: FÍSICO | F23: =+Base!G14 -> 4802.4 | G23: =F23 -> 4802.4 | H23: =G23 -> 4802.4 | I23: =H23 -> 4802.4 | J23: =I23 -> 4802.4 | K23: =J23 -> 4802.4 | L23: =K23 -> 4802.4 | M23: =L23 -> 4802.4 | N23: =M23 -> 4802.4 | ... P23: =O23 -> 4802.4 | Q23: =O23 -> 4802.4 | R23: =T23/T24 -> 1 | T23: =Base!G14*12 -> 57628.8
E24: R$ | F24: =+Base!K14 -> 82024.99 | G24: =F24 -> 82024.99 | H24: =G24 -> 82024.99 | I24: =H24 -> 82024.99 | J24: =I24 -> 82024.99 | K24: =J24 -> 82024.99 | L24: =K24 -> 82024.99 | M24: =L24 -> 82024.99 | N24: =M24 -> 82024.99 | ... P24: =O24 -> 82024.99 | Q24: =O24 -> 82024.99 | R24: =SUM(F24:Q24) -> 984299.88 | T24: =SUM(F23:Q23) -> 57628.8
B25: =Base!B15 -> 11 | C25: =Base!C15 -> Demolição e tratamento de resíduos de entulho com espalhamento em vias de vicinais (exclusive transporte). | D25: =Base!D15 -> m³ | E25: FÍSICO | F25: =+Base!G15 -> 999.99981 | G25: =F25 -> 999.99981 | H25: =G25 -> 999.99981 | I25: =H25 -> 999.99981 | J25: =I25 -> 999.99981 | K25: =J25 -> 999.99981 | L25: =K25 -> 999.99981 | M25: =L25 -> 999.99981 | N25: =M25 -> 999.99981 | ... P25: =O25 -> 999.99981 | Q25: =O25 -> 999.99981 | R25: =T25/T26 -> 1 | T25: =Base!G15*12 -> 11999.998
E26: R$ | F26: =+Base!K15 -> 116799.97 | G26: =F26 -> 116799.97 | H26: =G26 -> 116799.97 | I26: =H26 -> 116799.97 | J26: =I26 -> 116799.97 | K26: =J26 -> 116799.97 | L26: =K26 -> 116799.97 | M26: =L26 -> 116799.97 | N26: =M26 -> 116799.97 | ... P26: =O26 -> 116799.97 | Q26: =O26 -> 116799.97 | R26: =SUM(F26:Q26) -> 1401599.6 | T26: =SUM(F25:Q25) -> 11999.998
B27: =Base!B16 -> 12 | C27: =Base!C16 -> Transporte de resíduos e assoreamento em caminhão basculante (Até 30 km). | D27: =Base!D16 -> m³ x Km | E27: FÍSICO | F27: =+Base!G16 -> 42000 | G27: =F27 -> 42000 | H27: =G27 -> 42000 | I27: =H27 -> 42000 | J27: =I27 -> 42000 | K27: =J27 -> 42000 | L27: =K27 -> 42000 | M27: =L27 -> 42000 | N27: =M27 -> 42000 | ... P27: =O27 -> 42000 | Q27: =O27 -> 42000 | R27: =T27/T28 -> 1 | T27: =Base!G16*12 -> 504000
E28: R$ | F28: =+Base!K16 -> 142380 | G28: =F28 -> 142380 | H28: =G28 -> 142380 | I28: =H28 -> 142380 | J28: =I28 -> 142380 | K28: =J28 -> 142380 | L28: =K28 -> 142380 | M28: =L28 -> 142380 | N28: =M28 -> 142380 | ... P28: =O28 -> 142380 | Q28: =O28 -> 142380 | R28: =SUM(F28:Q28) -> 1708560 | T28: =SUM(F27:Q27) -> 504000
B29: =Base!B17 -> 13 | C29: =Base!C17 -> Transporte de resíduos e assoreamento em caminhão basculante (Acima de 30 km). | D29: =Base!D17 -> m³ x Km | E29: FÍSICO | F29: =+Base!G17 -> 12000 | G29: =F29 -> 12000 | H29: =G29 -> 12000 | I29: =H29 -> 12000 | J29: =I29 -> 12000 | K29: =J29 -> 12000 | L29: =K29 -> 12000 | M29: =L29 -> 12000 | N29: =M29 -> 12000 | ... P29: =O29 -> 12000 | Q29: =O29 -> 12000 | R29: =T29/T30 -> 1 | T29: =Base!G17*12 -> 144000
E30: R$ | F30: =+Base!K17 -> 15960 | G30: =F30 -> 15960 | H30: =G30 -> 15960 | I30: =H30 -> 15960 | J30: =I30 -> 15960 | K30: =J30 -> 15960 | L30: =K30 -> 15960 | M30: =L30 -> 15960 | N30: =M30 -> 15960 | ... P30: =O30 -> 15960 | Q30: =O30 -> 15960 | R30: =SUM(F30:Q30) -> 191520 | T30: =SUM(F29:Q29) -> 144000
B31: FLUXO MENSAL DOS SERVIÇOS | E31: R$ | F31: =F6+F8+F10+F12+F14+F16+F18+F20+F22+F24+F26+F28+F30 -> 1907777.9 | G31: =G6+G8+G10+G12+G14+G16+G18+G20+G22+G24+G26+G28+G30 -> 1907777.9 | H31: =H6+H8+H10+H12+H14+H16+H18+H20+H22+H24+H26+H28+H30 -> 1907777.9 | I31: =I6+I8+I10+I12+I14+I16+I18+I20+I22+I24+I26+I28+I30 -> 1907777.9 | J31: =J6+J8+J10+J12+J14+J16+J18+J20+J22+J24+J26+J28+J30 -> 1907777.9 | K31: =K6+K8+K10+K12+K14+K16+K18+K20+K22+K24+K26+K28+K30 -> 1907777.9 | L31: =L6+L8+L10+L12+L14+L16+L18+L20+L22+L24+L26+L28+L30 -> 1907777.9 | M31: =M6+M8+M10+M12+M14+M16+M18+M20+M22+M24+M26+M28+M30 -> 1907777.9 | ... Q31: =Q6+Q8+Q10+Q12+Q14+Q16+Q18+Q20+Q22+Q24+Q26+Q28+Q30 -> 1907777.9 | R31: =T31/T32 -> 1 | T31: =SUM(F31:Q31) -> 22893334
B32: TOTAL ACUMULADO MENSAL | D32: TOTAL | E32: R$ | F32: =F31 -> 1907777.9 | G32: =G31+F32 -> 3815555.7 | H32: =H31+G32 -> 5723333.6 | I32: =I31+H32 -> 7631111.4 | J32: =J31+I32 -> 9538889.2 | K32: =K31+J32 -> 11446667 | L32: =L31+K32 -> 13354445 | M32: =M31+L32 -> 15262223 | N32: =N31+M32 -> 17170001 | ... P32: =P31+O32 -> 20985556 | Q32: =TRUNC(Q31+P32,2) -> 22893334 | R32: =Q32 -> 22893334 | T32: =Base!K18*12 -> 22893334

Sheet PL. ORÇAMENTÁRIA DES
O1: SINAPI MAIO/ 2025 - PE
C2: CONSERVAÇÃO, LIMPEZA, CAPINAÇÃO, DESASSOREAMENTO E REMOÇÃO DE RESÍDUOS SÓLIDOS DEPOSITADOS NO LEITO DO RIO IPOJUCA E NOS CANAIS QUE NELE DESÁGUAM AO LONGO DE SEU PERCURSO | M2: ONE | N2: 1.235 | O2: CUSTO sem BDI | Q2: CUSTO sem BDI | S2: REFERENCIA
C3: ITEM | D3: SERVIÇOS | E3: UNIDADE | F3: REFERÊNCIA | G3: QUANT. MENSAL | H3: QUANT. ANUAL | I3: PREÇO UNIT. | J3: PREÇO UNIT. C/BDI | K3: VALOR MENSAL | L3: VALOR ANUAL | M3: DES | N3: 1.299 | O3: Desonerado | P3: Não Desonerado | Q3: Desonerado | R3: Não Desonerado | S3: CHP | T3: CHI
C4: 1. | D4: Execução de serviço com escavadeira hidráulica para retirada de resíduos sólidos urbanos, regularização de taludes em margens de rio. | E4: H | F4: SINAPI - 88907 | G4: =Produtividade!M26 -> 221.58333 | H4: =G4*12 -> 2659 | I4: =TRUNC(P4,2) -> 249.48 | J4: =TRUNC(I4*$N$3,2) -> 324.07 | K4: =TRUNC(J4*G4,2) -> 71808.51 | L4: =TRUNC(K4*12,2) -> 861702.12 | M4: =L4/$L$12 -> #REF! | O4: 247.08 | P4: 249.48 | Q4: 92.52 | R4: 94.92 | S4: SINAPI CHP 88907 | T4: SINAPI CHI 88908
C5: 2. | D5: Execução de serviço com retroescavadeira para retirada de resíduos sólidos urbanos, regularização de taludes em margens de córregos ou canais. | E5: H | F5: SINAPI - 5875 | G5: =Produtividade!M27 -> 279 | H5: =G5*12 -> 3348 | I5: =TRUNC(P5,2) -> 133.05 | J5: =TRUNC(I5*$N$3,2) -> 172.83 | K5: =TRUNC(J5*G5,2) -> 48219.57 | L5: =TRUNC(K5*12,2) -> 578634.84 | M5: =L5/$L$12 -> #REF! | O5: 130.65 | P5: 133.05 | Q5: 57.9 | R5: 60.3 | S5: SINAPI CHP 5875 | T5: SINAPI CHI 5877
C6: 3. | D6: Execução de serviço com minicarregadeira sobre rodas para retirada de resíduos sólidos urbanos em córregos e canais edificados. | E6: H | F6: SINAPI - 90692 | G6: =Produtividade!M28 -> 105.33333 | H6: =G6*12 -> 1264 | I6: =TRUNC(P6,2) -> 131.06 | J6: =TRUNC(I6*$N$3,2) -> 170.24 | K6: =TRUNC(J6*G6,2) -> 17931.94 | L6: =TRUNC(K6*12,2) -> 215183.28 | M6: =L6/$L$12 -> #REF! | O6: 128.86 | P6: 131.06 | Q6: 56.25 | R6: 58.45 | S6: SINAPI CHP 90692 | T6: SINAPI CHI 90693
C7: 4. | D7: Transporte - carga/descarga de resíduos em caminhão basculante | E7: TON | F7: Composição - 1. TRANSPORTE | G7: =#REF! -> #REF! | H7: =G7*12 -> #REF! | I7: =#REF! -> #REF! | J7: =TRUNC(I7*$N$3,2) -> #REF! | K7: =TRUNC(J7*G7,2) -> #REF! | L7: =TRUNC(K7*12,2) -> #REF! | M7: =L7/$L$12 -> #REF! | O7: 202.54 | P7: 204.87 | Q7: 60.85 | R7: 63.18 | S7: SINAPI CHP 5811 | T7: SINAPI CHI 5961
C8: 5. | D8: Execução de serviço de Limpeza e Capinação de Margem do Rio | E8: m | F8: Composição - 2. LIMP.RIO | G8: =#REF! -> #REF! | H8: =G8*12 -> #REF! | I8: =TRUNC('7. Comp 5. Limpeza do Rio'!J252,2) -> 7.69 | J8: =TRUNC(I8*$N$3,2) -> 9.98 | K8: =TRUNC(J8*G8,2) -> #REF! | L8: =TRUNC(K8*12,2) -> #REF! | M8: =L8/$L$12 -> #REF! | O8: Custo Horário Produtivo | Q8: Custo Horário Improdutivo
C9: 6. | D9: Execução de serviço de Remoção de plantas aquáticas | E9: m² | F9: Composição - 3. PLANT.AQUA | G9: =#REF! -> #REF! | H9: =G9*12 -> #REF! | I9: =TRUNC('8. Comp 6. Remoção de Plantas A'!J149,2) -> 1.72 | J9: =TRUNC(I9*$N$3,2) -> 2.23 | K9: =TRUNC(J9*G9,2) -> #REF! | L9: =TRUNC(K9*12,2) -> #REF! | M9: =L9/$L$12 -> #REF!
C10: 7. | D10: Execução de Limpeza e Capinação de Margens de Canais | E10: m | F10: Composição - 4. LIMP.CANAL | G10: ='[16]Comp 10'!C27 -> #REF! | H10: =G10*12 -> #REF! | I10: =TRUNC('[16]Comp 10'!J147,2) -> #REF! | J10: =TRUNC(I10*$N$3,2) -> #REF! | K10: =TRUNC(J10*G10,2) -> #REF! | L10: =TRUNC(K10*12,2) -> #REF! | M10: =L10/$L$12 -> #REF!
C11: VALOR TOTAL | K11: =SUM(K4:K10) -> #REF! | L11: =SUM(L4:L10) -> #REF! | M11: =L11/$L$12 -> #REF!
C12: VALOR TOTAL DO CONTRATO (12 meses) | L12: =L11*1 -> #REF!
I15: Selic (março/25) | K15: 0.1425
I16: ADM | K16: =+'ADM - LOCAL'!J75 -> 0.046434248
